Workbook

Sheet Cover
A1: Bank reconciliation, Q1 FY27 (1 Jul - 30 Sep 2026)
A2: Sample build: realistic data, built to show how I'd handle this work. Not client data.
A4: Entity | B4: Sample allied health group (4 clinics, Melbourne). Placeholder names throughout.
A5: Ledger | B5: Odoo 17 Accounting: bank journal items, open invoices and bills, trial balance (exports at 30 Sep 2026)
A6: Bank | B6: Statement imports for 4 accounts (3 AUD, 1 USD), remittance advices, Stripe payout report
A7: Method | B7: match.py applies 14 rules in priority order; every line ends in one match group with a reason code
A8: Prepared by | B8: Manaz Afzal
A9: Reviewed by
A10: Review date
A12: Month ends (parameters used by every formula)
A13: Jul 2026 | B13: 46204 | C13: 46234
A14: Aug 2026 | B14: 46235 | C14: 46265
A15: Sep 2026 | B15: 46266 | C15: 46295
A17: Sheets
A18: Dashboard | B18: Sign-off view: 4 accounts x 3 months, adjusted difference, match rate, open exceptions
A19: Rec Statements | B19: 12 standard bank reconciliation statements: bank + deposits in transit - unpresented = adjusted bank = adjusted Odoo
A20: Exceptions | B20: Exceptions register: reason code, owner, proposed action and journal, status
A21: Proposed Journals | B21: Double-entry journals for every exception that needs one, amounts linked to the register
A22: Match Groups | B22: One row per match group: bank total, Odoo total, difference, month-end position
A23: Bank Lines | B23: Every statement line as imported into Odoo, with its group and rule
A24: Odoo Items | B24: Every bank journal item in Odoo, with its group
A25: Open Items | B25: Open invoices and bills at 30 Sep, residual before and after proposed allocations
A26: Allocations | B26: Receipts and debits not yet entered in Odoo, allocated to open items
A27: Stripe Payouts | B27: Each payout: gross, refunds, disputes, fees, GST on fees, net, bank amount
A28: Stripe Report | B28: Stripe payout report, line level
A29: Remittances | B29: Plan manager remittance advices, line level
... A36: Test Log | B36: Engine regression test and scenario tests

Sheet Dashboard
A1: Reconciliation dashboard and sign-off, Q1 FY27
A2: Sample build: realistic data, built to show how I'd handle this work. Not client data.
A4: Account | B4: Currency | C4: Month | D4: Balance per statement | E4: Deposits in transit | F4: Unpresented payments | G4: Adjusted bank | H4: Balance per Odoo | I4: Items not in Odoo (net) | J4: Differences on matched items | K4: Odoo errors (double entries) | L4: Adjusted Odoo | M4: Unexplained difference | N4: Statement lines | O4: Lines matched by rule | P4: Match rate | Q4: Exceptions (month) | R4: Escalated (month) | S4: Status
A5: OPS | B5: AUD | C5: Jul 2026 | D5: ='Rec Statements'!D6 -> 359787.03 | E5: ='Rec Statements'!C7 -> 6340 | F5: ='Rec Statements'!C8 -> -1342 | G5: ='Rec Statements'!D9 -> 364785.03 | H5: ='Rec Statements'!D11 -> 328436.34 | I5: =SUM('Rec Statements'!C13:C24) -> 38043.68 | J5: =SUM('Rec Statements'!C26:C31) -> -1694.99 | K5: ='Rec Statements'!C32 -> 0 | L5: ='Rec Statements'!D33 -> 364785.03 | M5: ='Rec Statements'!D35 -> 0 | N5: =COUNTIFS('Bank Lines'!$B$5:$B$1640,"OPS",'Bank Lines'!$C$5:$C$1640,">="&Cover!$B$13,'Bank Lines'!$C$5:$C$1640,"<="&Cover!$C$13,'Bank Lines'!$J$5:$J$1640,1) -> 314 | O5: =COUNTIFS('Bank Lines'!$B$5:$B$1640,"OPS",'Bank Lines'!$C$5:$C$1640,">="&Cover!$B$13,'Bank Lines'!$C$5:$C$1640,"<="&Cover!$C$13,'Bank Lines'!$J$5:$J$1640,1,'Bank Lines'!$H$5:$H$1640,"<>R99") -> 314 | P5: =IF(N5=0,0,O5/N5) -> 1 | Q5: =COUNTIFS(Exceptions!$B$5:$B$208,"OPS",Exceptions!$N$5:$N$208,"2026-07") -> 51 | R5: =COUNTIFS(Exceptions!$B$5:$B$208,"OPS",Exceptions!$N$5:$N$208,"2026-07",Exceptions!$F$5:$F$208,"Escalated") -> 0 | S5: =IF(ABS(M5)>=0.005,"CHECK: difference",IF(R5>0,"Reconciled, escalations open",IF(Q5>0,"Reconciled, journals proposed","Reconciled"))) -> Reconciled, journals proposed
A6: OPS | B6: AUD | C6: Aug 2026 | D6: ='Rec Statements'!D40 -> 481407.98 | E6: ='Rec Statements'!C41 -> 10495.37 | F6: ='Rec Statements'!C42 -> -15268 | G6: ='Rec Statements'!D43 -> 476635.35 | H6: ='Rec Statements'!D45 -> 355360.07 | I6: =SUM('Rec Statements'!C47:C58) -> 124999.16 | J6: =SUM('Rec Statements'!C60:C65) -> -3402.9 | K6: ='Rec Statements'!C66 -> -320.98 | L6: ='Rec Statements'!D67 -> 476635.35 | M6: ='Rec Statements'!D69 -> 0 | N6: =COUNTIFS('Bank Lines'!$B$5:$B$1640,"OPS",'Bank Lines'!$C$5:$C$1640,">="&Cover!$B$14,'Bank Lines'!$C$5:$C$1640,"<="&Cover!$C$14,'Bank Lines'!$J$5:$J$1640,1) -> 260 | O6: =COUNTIFS('Bank Lines'!$B$5:$B$1640,"OPS",'Bank Lines'!$C$5:$C$1640,">="&Cover!$B$14,'Bank Lines'!$C$5:$C$1640,"<="&Cover!$C$14,'Bank Lines'!$J$5:$J$1640,1,'Bank Lines'!$H$5:$H$1640,"<>R99") -> 259 | P6: =IF(N6=0,0,O6/N6) -> 0.99615385 | Q6: =COUNTIFS(Exceptions!$B$5:$B$208,"OPS",Exceptions!$N$5:$N$208,"2026-08") -> 66 | R6: =COUNTIFS(Exceptions!$B$5:$B$208,"OPS",Exceptions!$N$5:$N$208,"2026-08",Exceptions!$F$5:$F$208,"Escalated") -> 1 | S6: =IF(ABS(M6)>=0.005,"CHECK: difference",IF(R6>0,"Reconciled, escalations open",IF(Q6>0,"Reconciled, journals proposed","Reconciled"))) -> Reconciled, escalations open
A7: OPS | B7: AUD | C7: Sep 2026 | D7: ='Rec Statements'!D74 -> 549048.87 | E7: ='Rec Statements'!C75 -> 8420 | F7: ='Rec Statements'!C76 -> -286 | G7: ='Rec Statements'!D77 -> 557182.87 | H7: ='Rec Statements'!D79 -> 465755.94 | I7: =SUM('Rec Statements'!C81:C92) -> 96837.34 | J7: =SUM('Rec Statements'!C94:C99) -> -4934.24 | K7: ='Rec Statements'!C100 -> -476.17 | L7: ='Rec Statements'!D101 -> 557182.87 | M7: ='Rec Statements'!D103 -> 0 | N7: =COUNTIFS('Bank Lines'!$B$5:$B$1640,"OPS",'Bank Lines'!$C$5:$C$1640,">="&Cover!$B$15,'Bank Lines'!$C$5:$C$1640,"<="&Cover!$C$15,'Bank Lines'!$J$5:$J$1640,1) -> 271 | O7: =COUNTIFS('Bank Lines'!$B$5:$B$1640,"OPS",'Bank Lines'!$C$5:$C$1640,">="&Cover!$B$15,'Bank Lines'!$C$5:$C$1640,"<="&Cover!$C$15,'Bank Lines'!$J$5:$J$1640,1,'Bank Lines'!$H$5:$H$1640,"<>R99") -> 269 | P7: =IF(N7=0,0,O7/N7) -> 0.99261993 | Q7: =COUNTIFS(Exceptions!$B$5:$B$208,"OPS",Exceptions!$N$5:$N$208,"2026-09") -> 59 | R7: =COUNTIFS(Exceptions!$B$5:$B$208,"OPS",Exceptions!$N$5:$N$208,"2026-09",Exceptions!$F$5:$F$208,"Escalated") -> 2 | S7: =IF(ABS(M7)>=0.005,"CHECK: difference",IF(R7>0,"Reconciled, escalations open",IF(Q7>0,"Reconciled, journals proposed","Reconciled"))) -> Reconciled, escalations open
A8: PAY | B8: AUD | C8: Jul 2026 | D8: ='Rec Statements'!D108 -> 45418.23 | E8: ='Rec Statements'!C109 -> 0 | F8: ='Rec Statements'!C110 -> 0 | G8: ='Rec Statements'!D111 -> 45418.23 | H8: ='Rec Statements'!D113 -> 45428.23 | I8: =SUM('Rec Statements'!C115:C126) -> -10 | J8: =SUM('Rec Statements'!C128:C133) -> 0 | K8: ='Rec Statements'!C134 -> 0 | L8: ='Rec Statements'!D135 -> 45418.23 | M8: ='Rec Statements'!D137 -> 0 | N8: =COUNTIFS('Bank Lines'!$B$5:$B$1640,"PAY",'Bank Lines'!$C$5:$C$1640,">="&Cover!$B$13,'Bank Lines'!$C$5:$C$1640,"<="&Cover!$C$13,'Bank Lines'!$J$5:$J$1640,1) -> 175 | O8: =COUNTIFS('Bank Lines'!$B$5:$B$1640,"PAY",'Bank Lines'!$C$5:$C$1640,">="&Cover!$B$13,'Bank Lines'!$C$5:$C$1640,"<="&Cover!$C$13,'Bank Lines'!$J$5:$J$1640,1,'Bank Lines'!$H$5:$H$1640,"<>R99") -> 175 | P8: =IF(N8=0,0,O8/N8) -> 1 | Q8: =COUNTIFS(Exceptions!$B$5:$B$208,"PAY",Exceptions!$N$5:$N$208,"2026-07") -> 1 | R8: =COUNTIFS(Exceptions!$B$5:$B$208,"PAY",Exceptions!$N$5:$N$208,"2026-07",Exceptions!$F$5:$F$208,"Escalated") -> 0 | S8: =IF(ABS(M8)>=0.005,"CHECK: difference",IF(R8>0,"Reconciled, escalations open",IF(Q8>0,"Reconciled, journals proposed","Reconciled"))) -> Reconciled, journals proposed
A9: PAY | B9: AUD | C9: Aug 2026 | D9: ='Rec Statements'!D142 -> 24980 | E9: ='Rec Statements'!C143 -> 0 | F9: ='Rec Statements'!C144 -> 0 | G9: ='Rec Statements'!D145 -> 24980 | H9: ='Rec Statements'!D147 -> 25000 | I9: =SUM('Rec Statements'!C149:C160) -> -20 | J9: =SUM('Rec Statements'!C162:C167) -> 0 | K9: ='Rec Statements'!C168 -> 0 | L9: ='Rec Statements'!D169 -> 24980 | M9: ='Rec Statements'!D171 -> 0 | N9: =COUNTIFS('Bank Lines'!$B$5:$B$1640,"PAY",'Bank Lines'!$C$5:$C$1640,">="&Cover!$B$14,'Bank Lines'!$C$5:$C$1640,"<="&Cover!$C$14,'Bank Lines'!$J$5:$J$1640,1) -> 121 | O9: =COUNTIFS('Bank Lines'!$B$5:$B$1640,"PAY",'Bank Lines'!$C$5:$C$1640,">="&Cover!$B$14,'Bank Lines'!$C$5:$C$1640,"<="&Cover!$C$14,'Bank Lines'!$J$5:$J$1640,1,'Bank Lines'!$H$5:$H$1640,"<>R99") -> 121 | P9: =IF(N9=0,0,O9/N9) -> 1 | Q9: =COUNTIFS(Exceptions!$B$5:$B$208,"PAY",Exceptions!$N$5:$N$208,"2026-08") -> 2 | R9: =COUNTIFS(Exceptions!$B$5:$B$208,"PAY",Exceptions!$N$5:$N$208,"2026-08",Exceptions!$F$5:$F$208,"Escalated") -> 0 | S9: =IF(ABS(M9)>=0.005,"CHECK: difference",IF(R9>0,"Reconciled, escalations open",IF(Q9>0,"Reconciled, journals proposed","Reconciled"))) -> Reconciled, journals proposed
A10: PAY | B10: AUD | C10: Sep 2026 | D10: ='Rec Statements'!D176 -> 45511.3 | E10: ='Rec Statements'!C177 -> 0 | F10: ='Rec Statements'!C178 -> -20541.3 | G10: ='Rec Statements'!D179 -> 24970 | H10: ='Rec Statements'!D181 -> 25000 | I10: =SUM('Rec Statements'!C183:C194) -> -30 | J10: =SUM('Rec Statements'!C196:C201) -> 0 | K10: ='Rec Statements'!C202 -> 0 | L10: ='Rec Statements'!D203 -> 24970 | M10: ='Rec Statements'!D205 -> 0 | N10: =COUNTIFS('Bank Lines'!$B$5:$B$1640,"PAY",'Bank Lines'!$C$5:$C$1640,">="&Cover!$B$15,'Bank Lines'!$C$5:$C$1640,"<="&Cover!$C$15,'Bank Lines'!$J$5:$J$1640,1) -> 117 | O10: =COUNTIFS('Bank Lines'!$B$5:$B$1640,"PAY",'Bank Lines'!$C$5:$C$1640,">="&Cover!$B$15,'Bank Lines'!$C$5:$C$1640,"<="&Cover!$C$15,'Bank Lines'!$J$5:$J$1640,1,'Bank Lines'!$H$5:$H$1640,"<>R99") -> 117 | P10: =IF(N10=0,0,O10/N10) -> 1 | Q10: =COUNTIFS(Exceptions!$B$5:$B$208,"PAY",Exceptions!$N$5:$N$208,"2026-09") -> 1 | R10: =COUNTIFS(Exceptions!$B$5:$B$208,"PAY",Exceptions!$N$5:$N$208,"2026-09",Exceptions!$F$5:$F$208,"Escalated") -> 0 | S10: =IF(ABS(M10)>=0.005,"CHECK: difference",IF(R10>0,"Reconciled, escalations open",IF(Q10>0,"Reconciled, journals proposed","Reconciled"))) -> Reconciled, journals proposed
A11: MER | B11: AUD | C11: Jul 2026 | D11: ='Rec Statements'!D210 -> 122987.04 | E11: ='Rec Statements'!C211 -> 5910.32 | F11: ='Rec Statements'!C212 -> 0 | G11: ='Rec Statements'!D213 -> 128897.36 | H11: ='Rec Statements'!D215 -> 131100.4 | I11: =SUM('Rec Statements'!C217:C228) -> -2203.04 | J11: =SUM('Rec Statements'!C230:C235) -> 0 | K11: ='Rec Statements'!C236 -> 0 | L11: ='Rec Statements'!D237 -> 128897.36 | M11: ='Rec Statements'!D239 -> 0 | N11: =COUNTIFS('Bank Lines'!$B$5:$B$1640,"MER",'Bank Lines'!$C$5:$C$1640,">="&Cover!$B$13,'Bank Lines'!$C$5:$C$1640,"<="&Cover!$C$13,'Bank Lines'!$J$5:$J$1640,1) -> 113 | O11: =COUNTIFS('Bank Lines'!$B$5:$B$1640,"MER",'Bank Lines'!$C$5:$C$1640,">="&Cover!$B$13,'Bank Lines'!$C$5:$C$1640,"<="&Cover!$C$13,'Bank Lines'!$J$5:$J$1640,1,'Bank Lines'!$H$5:$H$1640,"<>R99") -> 113 | P11: =IF(N11=0,0,O11/N11) -> 1 | Q11: =COUNTIFS(Exceptions!$B$5:$B$208,"MER",Exceptions!$N$5:$N$208,"2026-07") -> 1 | R11: =COUNTIFS(Exceptions!$B$5:$B$208,"MER",Exceptions!$N$5:$N$208,"2026-07",Exceptions!$F$5:$F$208,"Escalated") -> 0 | S11: =IF(ABS(M11)>=0.005,"CHECK: difference",IF(R11>0,"Reconciled, escalations open",IF(Q11>0,"Reconciled, journals proposed","Reconciled"))) -> Reconciled, journals proposed
A12: MER | B12: AUD | C12: Aug 2026 | D12: ='Rec Statements'!D244 -> 189278.63 | E12: ='Rec Statements'!C245 -> 8019.44 | F12: ='Rec Statements'!C246 -> 0 | G12: ='Rec Statements'!D247 -> 197298.07 | H12: ='Rec Statements'!D249 -> 202048 | I12: =SUM('Rec Statements'!C251:C262) -> -4629.93 | J12: =SUM('Rec Statements'!C264:C269) -> -120 | K12: ='Rec Statements'!C270 -> 0 | L12: ='Rec Statements'!D271 -> 197298.07 | M12: ='Rec Statements'!D273 -> 0 | N12: =COUNTIFS('Bank Lines'!$B$5:$B$1640,"MER",'Bank Lines'!$C$5:$C$1640,">="&Cover!$B$14,'Bank Lines'!$C$5:$C$1640,"<="&Cover!$C$14,'Bank Lines'!$J$5:$J$1640,1) -> 111 | O12: =COUNTIFS('Bank Lines'!$B$5:$B$1640,"MER",'Bank Lines'!$C$5:$C$1640,">="&Cover!$B$14,'Bank Lines'!$C$5:$C$1640,"<="&Cover!$C$14,'Bank Lines'!$J$5:$J$1640,1,'Bank Lines'!$H$5:$H$1640,"<>R99") -> 111 | P12: =IF(N12=0,0,O12/N12) -> 1 | Q12: =COUNTIFS(Exceptions!$B$5:$B$208,"MER",Exceptions!$N$5:$N$208,"2026-08") -> 3 | R12: =COUNTIFS(Exceptions!$B$5:$B$208,"MER",Exceptions!$N$5:$N$208,"2026-08",Exceptions!$F$5:$F$208,"Escalated") -> 0 | S12: =IF(ABS(M12)>=0.005,"CHECK: difference",IF(R12>0,"Reconciled, escalations open",IF(Q12>0,"Reconciled, journals proposed","Reconciled"))) -> Reconciled, journals proposed
A13: MER | B13: AUD | C13: Sep 2026 | D13: ='Rec Statements'!D278 -> 319969.33 | E13: ='Rec Statements'!C279 -> 9173.55 | F13: ='Rec Statements'!C280 -> 0 | G13: ='Rec Statements'!D281 -> 329142.88 | H13: ='Rec Statements'!D283 -> 336243.02 | I13: =SUM('Rec Statements'!C285:C296) -> -6860.14 | J13: =SUM('Rec Statements'!C298:C303) -> -240 | K13: ='Rec Statements'!C304 -> 0 | L13: ='Rec Statements'!D305 -> 329142.88 | M13: ='Rec Statements'!D307 -> 0 | N13: =COUNTIFS('Bank Lines'!$B$5:$B$1640,"MER",'Bank Lines'!$C$5:$C$1640,">="&Cover!$B$15,'Bank Lines'!$C$5:$C$1640,"<="&Cover!$C$15,'Bank Lines'!$J$5:$J$1640,1) -> 110 | O13: =COUNTIFS('Bank Lines'!$B$5:$B$1640,"MER",'Bank Lines'!$C$5:$C$1640,">="&Cover!$B$15,'Bank Lines'!$C$5:$C$1640,"<="&Cover!$C$15,'Bank Lines'!$J$5:$J$1640,1,'Bank Lines'!$H$5:$H$1640,"<>R99") -> 109 | P13: =IF(N13=0,0,O13/N13) -> 0.99090909 | Q13: =COUNTIFS(Exceptions!$B$5:$B$208,"MER",Exceptions!$N$5:$N$208,"2026-09") -> 3 | R13: =COUNTIFS(Exceptions!$B$5:$B$208,"MER",Exceptions!$N$5:$N$208,"2026-09",Exceptions!$F$5:$F$208,"Escalated") -> 1 | S13: =IF(ABS(M13)>=0.005,"CHECK: difference",IF(R13>0,"Reconciled, escalations open",IF(Q13>0,"Reconciled, journals proposed","Reconciled"))) -> Reconciled, escalations open
A14: USD | B14: USD | C14: Jul 2026 | D14: ='Rec Statements'!D312 -> 52722 | E14: ='Rec Statements'!C313 -> 0 | F14: ='Rec Statements'!C314 -> 0 | G14: ='Rec Statements'!D315 -> 52722 | H14: ='Rec Statements'!D317 -> 52800 | I14: =SUM('Rec Statements'!C319:C330) -> -60 | J14: =SUM('Rec Statements'!C332:C337) -> -18 | K14: ='Rec Statements'!C338 -> 0 | L14: ='Rec Statements'!D339 -> 52722 | M14: ='Rec Statements'!D341 -> 0 | N14: =COUNTIFS('Bank Lines'!$B$5:$B$1640,"USD",'Bank Lines'!$C$5:$C$1640,">="&Cover!$B$13,'Bank Lines'!$C$5:$C$1640,"<="&Cover!$C$13,'Bank Lines'!$J$5:$J$1640,1) -> 10 | O14: =COUNTIFS('Bank Lines'!$B$5:$B$1640,"USD",'Bank Lines'!$C$5:$C$1640,">="&Cover!$B$13,'Bank Lines'!$C$5:$C$1640,"<="&Cover!$C$13,'Bank Lines'!$J$5:$J$1640,1,'Bank Lines'!$H$5:$H$1640,"<>R99") -> 10 | P14: =IF(N14=0,0,O14/N14) -> 1 | Q14: =COUNTIFS(Exceptions!$B$5:$B$208,"USD",Exceptions!$N$5:$N$208,"2026-07") -> 5 | R14: =COUNTIFS(Exceptions!$B$5:$B$208,"USD",Exceptions!$N$5:$N$208,"2026-07",Exceptions!$F$5:$F$208,"Escalated") -> 0 | S14: =IF(ABS(M14)>=0.005,"CHECK: difference",IF(R14>0,"Reconciled, escalations open",IF(Q14>0,"Reconciled, journals proposed","Reconciled"))) -> Reconciled, journals proposed
A15: USD | B15: USD | C15: Aug 2026 | D15: ='Rec Statements'!D346 -> 63264 | E15: ='Rec Statements'!C347 -> 0 | F15: ='Rec Statements'!C348 -> 0 | G15: ='Rec Statements'!D349 -> 63264 | H15: ='Rec Statements'!D351 -> 63420 | I15: =SUM('Rec Statements'!C353:C364) -> -120 | J15: =SUM('Rec Statements'!C366:C371) -> -36 | K15: ='Rec Statements'!C372 -> 0 | L15: ='Rec Statements'!D373 -> 63264 | M15: ='Rec Statements'!D375 -> 0 | N15: =COUNTIFS('Bank Lines'!$B$5:$B$1640,"USD",'Bank Lines'!$C$5:$C$1640,">="&Cover!$B$14,'Bank Lines'!$C$5:$C$1640,"<="&Cover!$C$14,'Bank Lines'!$J$5:$J$1640,1) -> 10 | O15: =COUNTIFS('Bank Lines'!$B$5:$B$1640,"USD",'Bank Lines'!$C$5:$C$1640,">="&Cover!$B$14,'Bank Lines'!$C$5:$C$1640,"<="&Cover!$C$14,'Bank Lines'!$J$5:$J$1640,1,'Bank Lines'!$H$5:$H$1640,"<>R99") -> 10 | P15: =IF(N15=0,0,O15/N15) -> 1 | Q15: =COUNTIFS(Exceptions!$B$5:$B$208,"USD",Exceptions!$N$5:$N$208,"2026-08") -> 5 | R15: =COUNTIFS(Exceptions!$B$5:$B$208,"USD",Exceptions!$N$5:$N$208,"2026-08",Exceptions!$F$5:$F$208,"Escalated") -> 0 | S15: =IF(ABS(M15)>=0.005,"CHECK: difference",IF(R15>0,"Reconciled, escalations open",IF(Q15>0,"Reconciled, journals proposed","Reconciled"))) -> Reconciled, journals proposed
A16: USD | B16: USD | C16: Sep 2026 | D16: ='Rec Statements'!D380 -> 75006 | E16: ='Rec Statements'!C381 -> 5000 | F16: ='Rec Statements'!C382 -> 0 | G16: ='Rec Statements'!D383 -> 80006 | H16: ='Rec Statements'!D385 -> 79040 | I16: =SUM('Rec Statements'!C387:C398) -> 1020 | J16: =SUM('Rec Statements'!C400:C405) -> -54 | K16: ='Rec Statements'!C406 -> 0 | L16: ='Rec Statements'!D407 -> 80006 | M16: ='Rec Statements'!D409 -> 0 | N16: =COUNTIFS('Bank Lines'!$B$5:$B$1640,"USD",'Bank Lines'!$C$5:$C$1640,">="&Cover!$B$15,'Bank Lines'!$C$5:$C$1640,"<="&Cover!$C$15,'Bank Lines'!$J$5:$J$1640,1) -> 11 | O16: =COUNTIFS('Bank Lines'!$B$5:$B$1640,"USD",'Bank Lines'!$C$5:$C$1640,">="&Cover!$B$15,'Bank Lines'!$C$5:$C$1640,"<="&Cover!$C$15,'Bank Lines'!$J$5:$J$1640,1,'Bank Lines'!$H$5:$H$1640,"<>R99") -> 10 | P16: =IF(N16=0,0,O16/N16) -> 0.90909091 | Q16: =COUNTIFS(Exceptions!$B$5:$B$208,"USD",Exceptions!$N$5:$N$208,"2026-09") -> 6 | R16: =COUNTIFS(Exceptions!$B$5:$B$208,"USD",Exceptions!$N$5:$N$208,"2026-09",Exceptions!$F$5:$F$208,"Escalated") -> 1 | S16: =IF(ABS(M16)>=0.005,"CHECK: difference",IF(R16>0,"Reconciled, escalations open",IF(Q16>0,"Reconciled, journals proposed","Reconciled"))) -> Reconciled, escalations open
C17: Total lines | N17: =SUM(N5:N16) -> 1623 | O17: =SUM(O5:O16) -> 1618 | P17: =IF(N17=0,0,O17/N17) -> 0.99691929 | Q17: =SUM(Q5:Q16) -> 203 | R17: =SUM(R5:R16) -> 5
B19: Controls passed | D19: =COUNTIF(Controls!$D$5:$D$60,"PASS")&" of "&(COUNTIF(Controls!$D$5:$D$60,"PASS")+COUNTIF(Controls!$D$5:$D$60,"FAIL")) -> 28 of 28
B20: Prepared by | D20: Manaz Afzal
B21: Prepared on
B22: Reviewed by
B23: Reviewed on
B24: Approved for month-end close

Sheet Rec Statements
A1: Bank reconciliation statements, by account and month
A2: Sample build: realistic data, built to show how I'd handle this work. Not client data.
B5: Operating account (OPS, AUD) · month ending 31 Jul 2026
B6: Balance per bank statement | D6: =SUMIFS('Statement Balances'!$F$5:$F$16,'Statement Balances'!$A$5:$A$16,"OPS",'Statement Balances'!$D$5:$D$16,Cover!$C$13) -> 359787.03 | E6: Statement Balances
B7: Add: deposits in transit (in Odoo, not yet on the statement) | C7: =SUMIFS('Match Groups'!$N$5:$N$1326,'Match Groups'!$B$5:$B$1326,"OPS",'Match Groups'!$Q$5:$Q$1326,"ODOO-ONLY",'Match Groups'!$N$5:$N$1326,">0",'Match Groups'!$D$5:$D$1326,"<>DUPL") -> 6340 | E7: Match Groups: Odoo-only, receipts
B8: Less: unpresented payments (in Odoo, not yet on the statement) | C8: =SUMIFS('Match Groups'!$N$5:$N$1326,'Match Groups'!$B$5:$B$1326,"OPS",'Match Groups'!$Q$5:$Q$1326,"ODOO-ONLY",'Match Groups'!$N$5:$N$1326,"<0",'Match Groups'!$D$5:$D$1326,"<>DUPL") -> -1342 | E8: Match Groups: Odoo-only, payments
B9: Adjusted bank balance | D9: =ROUND(D6+C7+C8,2) -> 364785.03
B11: Balance per Odoo ledger | D11: =SUMIFS('Odoo TB'!$D$5:$D$20,'Odoo TB'!$A$5:$A$20,"OPS",'Odoo TB'!$C$5:$C$20,Cover!$C$13) -> 328436.34 | E11: Odoo TB
B12: Add / (less): items on the statement not yet in Odoo
B13: Receipts in bank, not yet registered in Odoo (open invoices) | C13: =SUMIFS('Match Groups'!$M$5:$M$1326,'Match Groups'!$B$5:$B$1326,"OPS",'Match Groups'!$Q$5:$Q$1326,"BANK-ONLY",'Match Groups'!$D$5:$D$1326,"REG") -> 28260.77 | E13: REG
B14: Direct debits in bank, not yet registered in Odoo (open bills) | C14: =SUMIFS('Match Groups'!$M$5:$M$1326,'Match Groups'!$B$5:$B$1326,"OPS",'Match Groups'!$Q$5:$Q$1326,"BANK-ONLY",'Match Groups'!$D$5:$D$1326,"REGBILL") -> -2864.4 | E14: REGBILL
B15: Direct debits with no bill in Odoo | C15: =SUMIFS('Match Groups'!$M$5:$M$1326,'Match Groups'!$B$5:$B$1326,"OPS",'Match Groups'!$Q$5:$Q$1326,"BANK-ONLY",'Match Groups'!$D$5:$D$1326,"NOBILL") -> 0 | E15: NOBILL
B16: Bank fees and charges not yet recorded | C16: =SUMIFS('Match Groups'!$M$5:$M$1326,'Match Groups'!$B$5:$B$1326,"OPS",'Match Groups'!$Q$5:$Q$1326,"BANK-ONLY",'Match Groups'!$D$5:$D$1326,"FEE") -> -84.15 | E16: FEE
B17: Interest received not yet recorded | C17: =SUMIFS('Match Groups'!$M$5:$M$1326,'Match Groups'!$B$5:$B$1326,"OPS",'Match Groups'!$Q$5:$Q$1326,"BANK-ONLY",'Match Groups'!$D$5:$D$1326,"INT") -> 383.96 | E17: INT
B18: Merchant service fees not yet recorded | C18: =SUMIFS('Match Groups'!$M$5:$M$1326,'Match Groups'!$B$5:$B$1326,"OPS",'Match Groups'!$Q$5:$Q$1326,"BANK-ONLY",'Match Groups'!$D$5:$D$1326,"MERCH") -> 0 | E18: MERCH
B19: Card chargebacks not yet recorded | C19: =SUMIFS('Match Groups'!$M$5:$M$1326,'Match Groups'!$B$5:$B$1326,"OPS",'Match Groups'!$Q$5:$Q$1326,"BANK-ONLY",'Match Groups'!$D$5:$D$1326,"CHGBK") -> 0 | E19: CHGBK
B20: Returned supplier payments | C20: =SUMIFS('Match Groups'!$M$5:$M$1326,'Match Groups'!$B$5:$B$1326,"OPS",'Match Groups'!$Q$5:$Q$1326,"BANK-ONLY",'Match Groups'!$D$5:$D$1326,"RETPAY") -> 0 | E20: RETPAY
B21: Returned and reissued wages (nets to nil) | C21: =SUMIFS('Match Groups'!$M$5:$M$1326,'Match Groups'!$B$5:$B$1326,"OPS",'Match Groups'!$Q$5:$Q$1326,"BANK-ONLY",'Match Groups'!$D$5:$D$1326,"RETPAY-PAY") -> 0 | E21: RETPAY-PAY
B22: Timing: in bank this month, recorded in Odoo after month end | C22: =SUMIFS('Match Groups'!$M$5:$M$1326,'Match Groups'!$B$5:$B$1326,"OPS",'Match Groups'!$Q$5:$Q$1326,"BANK-ONLY",'Match Groups'!$D$5:$D$1326,"MATCH") -> 12347.5 | E22: MATCH
B23: Unexplained items, escalated | C23: =SUMIFS('Match Groups'!$M$5:$M$1326,'Match Groups'!$B$5:$B$1326,"OPS",'Match Groups'!$Q$5:$Q$1326,"BANK-ONLY",'Match Groups'!$D$5:$D$1326,"UNEXP") -> 0 | E23: UNEXP
B24: Unclassified (should be nil) | C24: =ROUND(SUMIFS('Match Groups'!$M$5:$M$1326,'Match Groups'!$B$5:$B$1326,"OPS",'Match Groups'!$Q$5:$Q$1326,"BANK-ONLY")-SUM(C13:C23),2) -> 0 | E24: control
B25: Add / (less): differences on matched items
B26: Stripe fees and disputes deducted from payouts | C26: =SUMIFS('Match Groups'!$R$5:$R$1326,'Match Groups'!$B$5:$B$1326,"OPS",'Match Groups'!$D$5:$D$1326,"STRIPE-FEE") -> -1622.24 | E26: STRIPE-FEE
B27: Short payments registered in Odoo at full value | C27: =SUMIFS('Match Groups'!$R$5:$R$1326,'Match Groups'!$B$5:$B$1326,"OPS",'Match Groups'!$D$5:$D$1326,"SHORT") -> -58.2 | E27: SHORT
B28: FX conversions: bank rate vs Odoo rate | C28: =SUMIFS('Match Groups'!$R$5:$R$1326,'Match Groups'!$B$5:$B$1326,"OPS",'Match Groups'!$D$5:$D$1326,"FXR") -> -14.55 | E28: FXR
B29: Intermediary bank fees on inward transfers | C29: =SUMIFS('Match Groups'!$R$5:$R$1326,'Match Groups'!$B$5:$B$1326,"OPS",'Match Groups'!$D$5:$D$1326,"FEE-DIFF") -> 0 | E29: FEE-DIFF
B30: Card refunds missing from the POS export | C30: =SUMIFS('Match Groups'!$R$5:$R$1326,'Match Groups'!$B$5:$B$1326,"OPS",'Match Groups'!$D$5:$D$1326,"REFUND-GAP") -> 0 | E30: REFUND-GAP
B31: Other differences on matched items (should be nil) | C31: =ROUND(SUMIFS('Match Groups'!$R$5:$R$1326,'Match Groups'!$B$5:$B$1326,"OPS")-SUM(C26:C30),2) -> 0 | E31: control
B32: Less: receipts registered twice in Odoo | C32: =-SUMIFS('Match Groups'!$N$5:$N$1326,'Match Groups'!$B$5:$B$1326,"OPS",'Match Groups'!$Q$5:$Q$1326,"ODOO-ONLY",'Match Groups'!$D$5:$D$1326,"DUPL") -> 0 | E32: DUPL
B33: Adjusted Odoo balance | D33: =ROUND(D11+SUM(C13:C32),2) -> 364785.03
B35: Unexplained difference (adjusted bank - adjusted Odoo) | D35: =ROUND(D9-D33,2) -> 0
B36: Duplicate statement lines removed from the Odoo import (count) | C36: =COUNTIFS('Bank Lines'!$B$5:$B$1640,"OPS",'Bank Lines'!$I$5:$I$1640,"DUPIMP",'Bank Lines'!$C$5:$C$1640,">="&Cover!$B$13,'Bank Lines'!$C$5:$C$1640,"<="&Cover!$C$13) -> 0 | E36: R01
B39: Operating account (OPS, AUD) · month ending 31 Aug 2026
B40: Balance per bank statement | D40: =SUMIFS('Statement Balances'!$F$5:$F$16,'Statement Balances'!$A$5:$A$16,"OPS",'Statement Balances'!$D$5:$D$16,Cover!$C$14) -> 481407.98 | E40: Statement Balances
B41: Add: deposits in transit (in Odoo, not yet on the statement) | C41: =SUMIFS('Match Groups'!$T$5:$T$1326,'Match Groups'!$B$5:$B$1326,"OPS",'Match Groups'!$W$5:$W$1326,"ODOO-ONLY",'Match Groups'!$T$5:$T$1326,">0",'Match Groups'!$D$5:$D$1326,"<>DUPL") -> 10495.37 | E41: Match Groups: Odoo-only, receipts
B42: Less: unpresented payments (in Odoo, not yet on the statement) | C42: =SUMIFS('Match Groups'!$T$5:$T$1326,'Match Groups'!$B$5:$B$1326,"OPS",'Match Groups'!$W$5:$W$1326,"ODOO-ONLY",'Match Groups'!$T$5:$T$1326,"<0",'Match Groups'!$D$5:$D$1326,"<>DUPL") -> -15268 | E42: Match Groups: Odoo-only, payments
B43: Adjusted bank balance | D43: =ROUND(D40+C41+C42,2) -> 476635.35
B45: Balance per Odoo ledger | D45: =SUMIFS('Odoo TB'!$D$5:$D$20,'Odoo TB'!$A$5:$A$20,"OPS",'Odoo TB'!$C$5:$C$20,Cover!$C$14) -> 355360.07 | E45: Odoo TB
B46: Add / (less): items on the statement not yet in Odoo
B47: Receipts in bank, not yet registered in Odoo (open invoices) | C47: =SUMIFS('Match Groups'!$S$5:$S$1326,'Match Groups'!$B$5:$B$1326,"OPS",'Match Groups'!$W$5:$W$1326,"BANK-ONLY",'Match Groups'!$D$5:$D$1326,"REG") -> 69665.81 | E47: REG
B48: Direct debits in bank, not yet registered in Odoo (open bills) | C48: =SUMIFS('Match Groups'!$S$5:$S$1326,'Match Groups'!$B$5:$B$1326,"OPS",'Match Groups'!$W$5:$W$1326,"BANK-ONLY",'Match Groups'!$D$5:$D$1326,"REGBILL") -> -4734.4 | E48: REGBILL
B49: Direct debits with no bill in Odoo | C49: =SUMIFS('Match Groups'!$S$5:$S$1326,'Match Groups'!$B$5:$B$1326,"OPS",'Match Groups'!$W$5:$W$1326,"BANK-ONLY",'Match Groups'!$D$5:$D$1326,"NOBILL") -> -1189.3 | E49: NOBILL
B50: Bank fees and charges not yet recorded | C50: =SUMIFS('Match Groups'!$S$5:$S$1326,'Match Groups'!$B$5:$B$1326,"OPS",'Match Groups'!$W$5:$W$1326,"BANK-ONLY",'Match Groups'!$D$5:$D$1326,"FEE") -> -176.97 | E50: FEE
B51: Interest received not yet recorded | C51: =SUMIFS('Match Groups'!$S$5:$S$1326,'Match Groups'!$B$5:$B$1326,"OPS",'Match Groups'!$W$5:$W$1326,"BANK-ONLY",'Match Groups'!$D$5:$D$1326,"INT") -> 802.67 | E51: INT
B52: Merchant service fees not yet recorded | C52: =SUMIFS('Match Groups'!$S$5:$S$1326,'Match Groups'!$B$5:$B$1326,"OPS",'Match Groups'!$W$5:$W$1326,"BANK-ONLY",'Match Groups'!$D$5:$D$1326,"MERCH") -> 0 | E52: MERCH
B53: Card chargebacks not yet recorded | C53: =SUMIFS('Match Groups'!$S$5:$S$1326,'Match Groups'!$B$5:$B$1326,"OPS",'Match Groups'!$W$5:$W$1326,"BANK-ONLY",'Match Groups'!$D$5:$D$1326,"CHGBK") -> 0 | E53: CHGBK
B54: Returned supplier payments | C54: =SUMIFS('Match Groups'!$S$5:$S$1326,'Match Groups'!$B$5:$B$1326,"OPS",'Match Groups'!$W$5:$W$1326,"BANK-ONLY",'Match Groups'!$D$5:$D$1326,"RETPAY") -> 5952.1 | E54: RETPAY
B55: Returned and reissued wages (nets to nil) | C55: =SUMIFS('Match Groups'!$S$5:$S$1326,'Match Groups'!$B$5:$B$1326,"OPS",'Match Groups'!$W$5:$W$1326,"BANK-ONLY",'Match Groups'!$D$5:$D$1326,"RETPAY-PAY") -> 0 | E55: RETPAY-PAY
B56: Timing: in bank this month, recorded in Odoo after month end | C56: =SUMIFS('Match Groups'!$S$5:$S$1326,'Match Groups'!$B$5:$B$1326,"OPS",'Match Groups'!$W$5:$W$1326,"BANK-ONLY",'Match Groups'!$D$5:$D$1326,"MATCH") -> 52829.25 | E56: MATCH
B57: Unexplained items, escalated | C57: =SUMIFS('Match Groups'!$S$5:$S$1326,'Match Groups'!$B$5:$B$1326,"OPS",'Match Groups'!$W$5:$W$1326,"BANK-ONLY",'Match Groups'!$D$5:$D$1326,"UNEXP") -> 1850 | E57: UNEXP
B58: Unclassified (should be nil) | C58: =ROUND(SUMIFS('Match Groups'!$S$5:$S$1326,'Match Groups'!$B$5:$B$1326,"OPS",'Match Groups'!$W$5:$W$1326,"BANK-ONLY")-SUM(C47:C57),2) -> 0 | E58: control
B59: Add / (less): differences on matched items
B60: Stripe fees and disputes deducted from payouts | C60: =SUMIFS('Match Groups'!$X$5:$X$1326,'Match Groups'!$B$5:$B$1326,"OPS",'Match Groups'!$D$5:$D$1326,"STRIPE-FEE") -> -3315.36 | E60: STRIPE-FEE
B61: Short payments registered in Odoo at full value | C61: =SUMIFS('Match Groups'!$X$5:$X$1326,'Match Groups'!$B$5:$B$1326,"OPS",'Match Groups'!$D$5:$D$1326,"SHORT") -> -58.2 | E61: SHORT
B62: FX conversions: bank rate vs Odoo rate | C62: =SUMIFS('Match Groups'!$X$5:$X$1326,'Match Groups'!$B$5:$B$1326,"OPS",'Match Groups'!$D$5:$D$1326,"FXR") -> -29.34 | E62: FXR
B63: Intermediary bank fees on inward transfers | C63: =SUMIFS('Match Groups'!$X$5:$X$1326,'Match Groups'!$B$5:$B$1326,"OPS",'Match Groups'!$D$5:$D$1326,"FEE-DIFF") -> 0 | E63: FEE-DIFF
B64: Card refunds missing from the POS export | C64: =SUMIFS('Match Groups'!$X$5:$X$1326,'Match Groups'!$B$5:$B$1326,"OPS",'Match Groups'!$D$5:$D$1326,"REFUND-GAP") -> 0 | E64: REFUND-GAP
B65: Other differences on matched items (should be nil) | C65: =ROUND(SUMIFS('Match Groups'!$X$5:$X$1326,'Match Groups'!$B$5:$B$1326,"OPS")-SUM(C60:C64),2) -> 0 | E65: control
B66: Less: receipts registered twice in Odoo | C66: =-SUMIFS('Match Groups'!$T$5:$T$1326,'Match Groups'!$B$5:$B$1326,"OPS",'Match Groups'!$W$5:$W$1326,"ODOO-ONLY",'Match Groups'!$D$5:$D$1326,"DUPL") -> -320.98 | E66: DUPL
B67: Adjusted Odoo balance | D67: =ROUND(D45+SUM(C47:C66),2) -> 476635.35
B69: Unexplained difference (adjusted bank - adjusted Odoo) | D69: =ROUND(D43-D67,2) -> 0
B70: Duplicate statement lines removed from the Odoo import (count) | C70: =COUNTIFS('Bank Lines'!$B$5:$B$1640,"OPS",'Bank Lines'!$I$5:$I$1640,"DUPIMP",'Bank Lines'!$C$5:$C$1640,">="&Cover!$B$14,'Bank Lines'!$C$5:$C$1640,"<="&Cover!$C$14) -> 13 | E70: R01
B73: Operating account (OPS, AUD) · month ending 30 Sep 2026
B74: Balance per bank statement | D74: =SUMIFS('Statement Balances'!$F$5:$F$16,'Statement Balances'!$A$5:$A$16,"OPS",'Statement Balances'!$D$5:$D$16,Cover!$C$15) -> 549048.87 | E74: Statement Balances
B75: Add: deposits in transit (in Odoo, not yet on the statement) | C75: =SUMIFS('Match Groups'!$Z$5:$Z$1326,'Match Groups'!$B$5:$B$1326,"OPS",'Match Groups'!$AC$5:$AC$1326,"ODOO-ONLY",'Match Groups'!$Z$5:$Z$1326,">0",'Match Groups'!$D$5:$D$1326,"<>DUPL") -> 8420 | E75: Match Groups: Odoo-only, receipts
B76: Less: unpresented payments (in Odoo, not yet on the statement) | C76: =SUMIFS('Match Groups'!$Z$5:$Z$1326,'Match Groups'!$B$5:$B$1326,"OPS",'Match Groups'!$AC$5:$AC$1326,"ODOO-ONLY",'Match Groups'!$Z$5:$Z$1326,"<0",'Match Groups'!$D$5:$D$1326,"<>DUPL") -> -286 | E76: Match Groups: Odoo-only, payments
B77: Adjusted bank balance | D77: =ROUND(D74+C75+C76,2) -> 557182.87
B79: Balance per Odoo ledger | D79: =SUMIFS('Odoo TB'!$D$5:$D$20,'Odoo TB'!$A$5:$A$20,"OPS",'Odoo TB'!$C$5:$C$20,Cover!$C$15) -> 465755.94 | E79: Odoo TB
B80: Add / (less): items on the statement not yet in Odoo
B81: Receipts in bank, not yet registered in Odoo (open invoices) | C81: =SUMIFS('Match Groups'!$Y$5:$Y$1326,'Match Groups'!$B$5:$B$1326,"OPS",'Match Groups'!$AC$5:$AC$1326,"BANK-ONLY",'Match Groups'!$D$5:$D$1326,"REG") -> 115567.17 | E81: REG
B82: Direct debits in bank, not yet registered in Odoo (open bills) | C82: =SUMIFS('Match Groups'!$Y$5:$Y$1326,'Match Groups'!$B$5:$B$1326,"OPS",'Match Groups'!$AC$5:$AC$1326,"BANK-ONLY",'Match Groups'!$D$5:$D$1326,"REGBILL") -> -25673.02 | E82: REGBILL
B83: Direct debits with no bill in Odoo | C83: =SUMIFS('Match Groups'!$Y$5:$Y$1326,'Match Groups'!$B$5:$B$1326,"OPS",'Match Groups'!$AC$5:$AC$1326,"BANK-ONLY",'Match Groups'!$D$5:$D$1326,"NOBILL") -> -3059.3 | E83: NOBILL
B84: Bank fees and charges not yet recorded | C84: =SUMIFS('Match Groups'!$Y$5:$Y$1326,'Match Groups'!$B$5:$B$1326,"OPS",'Match Groups'!$AC$5:$AC$1326,"BANK-ONLY",'Match Groups'!$D$5:$D$1326,"FEE") -> -252.26 | E84: FEE
B85: Interest received not yet recorded | C85: =SUMIFS('Match Groups'!$Y$5:$Y$1326,'Match Groups'!$B$5:$B$1326,"OPS",'Match Groups'!$AC$5:$AC$1326,"BANK-ONLY",'Match Groups'!$D$5:$D$1326,"INT") -> 1182.6 | E85: INT
B86: Merchant service fees not yet recorded | C86: =SUMIFS('Match Groups'!$Y$5:$Y$1326,'Match Groups'!$B$5:$B$1326,"OPS",'Match Groups'!$AC$5:$AC$1326,"BANK-ONLY",'Match Groups'!$D$5:$D$1326,"MERCH") -> 0 | E86: MERCH
B87: Card chargebacks not yet recorded | C87: =SUMIFS('Match Groups'!$Y$5:$Y$1326,'Match Groups'!$B$5:$B$1326,"OPS",'Match Groups'!$AC$5:$AC$1326,"BANK-ONLY",'Match Groups'!$D$5:$D$1326,"CHGBK") -> 0 | E87: CHGBK
B88: Returned supplier payments | C88: =SUMIFS('Match Groups'!$Y$5:$Y$1326,'Match Groups'!$B$5:$B$1326,"OPS",'Match Groups'!$AC$5:$AC$1326,"BANK-ONLY",'Match Groups'!$D$5:$D$1326,"RETPAY") -> 5952.1 | E88: RETPAY
B89: Returned and reissued wages (nets to nil) | C89: =SUMIFS('Match Groups'!$Y$5:$Y$1326,'Match Groups'!$B$5:$B$1326,"OPS",'Match Groups'!$AC$5:$AC$1326,"BANK-ONLY",'Match Groups'!$D$5:$D$1326,"RETPAY-PAY") -> 0 | E89: RETPAY-PAY
B90: Timing: in bank this month, recorded in Odoo after month end | C90: =SUMIFS('Match Groups'!$Y$5:$Y$1326,'Match Groups'!$B$5:$B$1326,"OPS",'Match Groups'!$AC$5:$AC$1326,"BANK-ONLY",'Match Groups'!$D$5:$D$1326,"MATCH") -> 0 | E90: MATCH
B91: Unexplained items, escalated | C91: =SUMIFS('Match Groups'!$Y$5:$Y$1326,'Match Groups'!$B$5:$B$1326,"OPS",'Match Groups'!$AC$5:$AC$1326,"BANK-ONLY",'Match Groups'!$D$5:$D$1326,"UNEXP") -> 3120.05 | E91: UNEXP
B92: Unclassified (should be nil) | C92: =ROUND(SUMIFS('Match Groups'!$Y$5:$Y$1326,'Match Groups'!$B$5:$B$1326,"OPS",'Match Groups'!$AC$5:$AC$1326,"BANK-ONLY")-SUM(C81:C91),2) -> 0 | E92: control
B93: Add / (less): differences on matched items
B94: Stripe fees and disputes deducted from payouts | C94: =SUMIFS('Match Groups'!$AD$5:$AD$1326,'Match Groups'!$B$5:$B$1326,"OPS",'Match Groups'!$D$5:$D$1326,"STRIPE-FEE") -> -4832.28 | E94: STRIPE-FEE
B95: Short payments registered in Odoo at full value | C95: =SUMIFS('Match Groups'!$AD$5:$AD$1326,'Match Groups'!$B$5:$B$1326,"OPS",'Match Groups'!$D$5:$D$1326,"SHORT") -> -58.2 | E95: SHORT
B96: FX conversions: bank rate vs Odoo rate | C96: =SUMIFS('Match Groups'!$AD$5:$AD$1326,'Match Groups'!$B$5:$B$1326,"OPS",'Match Groups'!$D$5:$D$1326,"FXR") -> -43.76 | E96: FXR
B97: Intermediary bank fees on inward transfers | C97: =SUMIFS('Match Groups'!$AD$5:$AD$1326,'Match Groups'!$B$5:$B$1326,"OPS",'Match Groups'!$D$5:$D$1326,"FEE-DIFF") -> 0 | E97: FEE-DIFF
B98: Card refunds missing from the POS export | C98: =SUMIFS('Match Groups'!$AD$5:$AD$1326,'Match Groups'!$B$5:$B$1326,"OPS",'Match Groups'!$D$5:$D$1326,"REFUND-GAP") -> 0 | E98: REFUND-GAP
B99: Other differences on matched items (should be nil) | C99: =ROUND(SUMIFS('Match Groups'!$AD$5:$AD$1326,'Match Groups'!$B$5:$B$1326,"OPS")-SUM(C94:C98),2) -> 0 | E99: control
B100: Less: receipts registered twice in Odoo | C100: =-SUMIFS('Match Groups'!$Z$5:$Z$1326,'Match Groups'!$B$5:$B$1326,"OPS",'Match Groups'!$AC$5:$AC$1326,"ODOO-ONLY",'Match Groups'!$D$5:$D$1326,"DUPL") -> -476.17 | E100: DUPL
B101: Adjusted Odoo balance | D101: =ROUND(D79+SUM(C81:C100),2) -> 557182.87
B103: Unexplained difference (adjusted bank - adjusted Odoo) | D103: =ROUND(D77-D101,2) -> 0
B104: Duplicate statement lines removed from the Odoo import (count) | C104: =COUNTIFS('Bank Lines'!$B$5:$B$1640,"OPS",'Bank Lines'!$I$5:$I$1640,"DUPIMP",'Bank Lines'!$C$5:$C$1640,">="&Cover!$B$15,'Bank Lines'!$C$5:$C$1640,"<="&Cover!$C$15) -> 0 | E104: R01
B107: Payroll clearing account (PAY, AUD) · month ending 31 Jul 2026
B108: Balance per bank statement | D108: =SUMIFS('Statement Balances'!$F$5:$F$16,'Statement Balances'!$A$5:$A$16,"PAY",'Statement Balances'!$D$5:$D$16,Cover!$C$13) -> 45418.23 | E108: Statement Balances
B109: Add: deposits in transit (in Odoo, not yet on the statement) | C109: =SUMIFS('Match Groups'!$N$5:$N$1326,'Match Groups'!$B$5:$B$1326,"PAY",'Match Groups'!$Q$5:$Q$1326,"ODOO-ONLY",'Match Groups'!$N$5:$N$1326,">0",'Match Groups'!$D$5:$D$1326,"<>DUPL") -> 0 | E109: Match Groups: Odoo-only, receipts
B110: Less: unpresented payments (in Odoo, not yet on the statement) | C110: =SUMIFS('Match Groups'!$N$5:$N$1326,'Match Groups'!$B$5:$B$1326,"PAY",'Match Groups'!$Q$5:$Q$1326,"ODOO-ONLY",'Match Groups'!$N$5:$N$1326,"<0",'Match Groups'!$D$5:$D$1326,"<>DUPL") -> 0 | E110: Match Groups: Odoo-only, payments
B111: Adjusted bank balance | D111: =ROUND(D108+C109+C110,2) -> 45418.23
B113: Balance per Odoo ledger | D113: =SUMIFS('Odoo TB'!$D$5:$D$20,'Odoo TB'!$A$5:$A$20,"PAY",'Odoo TB'!$C$5:$C$20,Cover!$C$13) -> 45428.23 | E113: Odoo TB
B114: Add / (less): items on the statement not yet in Odoo
B115: Receipts in bank, not yet registered in Odoo (open invoices) | C115: =SUMIFS('Match Groups'!$M$5:$M$1326,'Match Groups'!$B$5:$B$1326,"PAY",'Match Groups'!$Q$5:$Q$1326,"BANK-ONLY",'Match Groups'!$D$5:$D$1326,"REG") -> 0 | E115: REG
...

Sheet Exceptions
A1: Exceptions register (all items that need an action or a decision)
A2: Sample build: realistic data, built to show how I'd handle this work. Not client data.
A4: Ref | B4: Account | C4: Date | D4: Group | E4: Reason | F4: Type | G4: Description | H4: Amount (bank - Odoo) | I4: GST | J4: Owner | K4: Proposed action | L4: Journal | M4: Status | N4: Month | O4: Line amount
A5: EX001 | B5: OPS | C5: 46248 | D5: G00001 | E5: DUPIMP | F5: Routine | G5: Duplicate of a line in import OPS-20260814 | DIRECT CREDIT BLUEGUM PLAN MGMT RA45019 | H5: =INDEX('Match Groups'!$L$5:$L$1326,MATCH(D5,'Match Groups'!$A$5:$A$1326,0)) -> 0 | I5: 0 | J5: Bookkeeper | K5: Delete the duplicate statement line from the Odoo import (second file for the day). | L5: none | M5: Proposed | N5: =TEXT(C5,"yyyy-mm") -> 2026-08 | O5: =ROUND(SUMIFS('Bank Lines'!$E$5:$E$1640,'Bank Lines'!$G$5:$G$1640,D5),2) -> 563.47
A6: EX002 | B6: OPS | C6: 46248 | D6: G00002 | E6: DUPIMP | F6: Routine | G6: Duplicate of a line in import OPS-20260814 | DIRECT CREDIT CLEARPATH NDIS PLANS P RA45020 | H6: =INDEX('Match Groups'!$L$5:$L$1326,MATCH(D6,'Match Groups'!$A$5:$A$1326,0)) -> 0 | I6: 0 | J6: Bookkeeper | K6: Delete the duplicate statement line from the Odoo import (second file for the day). | L6: none | M6: Proposed | N6: =TEXT(C6,"yyyy-mm") -> 2026-08 | O6: =ROUND(SUMIFS('Bank Lines'!$E$5:$E$1640,'Bank Lines'!$G$5:$G$1640,D6),2) -> 834.16
A7: EX003 | B7: OPS | C7: 46248 | D7: G00003 | E7: DUPIMP | F7: Routine | G7: Duplicate of a line in import OPS-20260814 | DIRECT CREDIT BANKSIAPLANCO RA45021 | H7: =INDEX('Match Groups'!$L$5:$L$1326,MATCH(D7,'Match Groups'!$A$5:$A$1326,0)) -> 0 | I7: 0 | J7: Bookkeeper | K7: Delete the duplicate statement line from the Odoo import (second file for the day). | L7: none | M7: Proposed | N7: =TEXT(C7,"yyyy-mm") -> 2026-08 | O7: =ROUND(SUMIFS('Bank Lines'!$E$5:$E$1640,'Bank Lines'!$G$5:$G$1640,D7),2) -> 193.99
A8: EX004 | B8: OPS | C8: 46248 | D8: G00004 | E8: DUPIMP | F8: Routine | G8: Duplicate of a line in import OPS-20260814 | DIRECT CREDIT IRONBARK PLAN MANAGEME RA45022 | H8: =INDEX('Match Groups'!$L$5:$L$1326,MATCH(D8,'Match Groups'!$A$5:$A$1326,0)) -> 0 | I8: 0 | J8: Bookkeeper | K8: Delete the duplicate statement line from the Odoo import (second file for the day). | L8: none | M8: Proposed | N8: =TEXT(C8,"yyyy-mm") -> 2026-08 | O8: =ROUND(SUMIFS('Bank Lines'!$E$5:$E$1640,'Bank Lines'!$G$5:$G$1640,D8),2) -> 290.98
A9: EX005 | B9: OPS | C9: 46248 | D9: G00005 | E9: DUPIMP | F9: Routine | G9: Duplicate of a line in import OPS-20260814 | DIRECT CREDIT KOOKABURRA PLAN SUPP RA45023 | H9: =INDEX('Match Groups'!$L$5:$L$1326,MATCH(D9,'Match Groups'!$A$5:$A$1326,0)) -> 0 | I9: 0 | J9: Bookkeeper | K9: Delete the duplicate statement line from the Odoo import (second file for the day). | L9: none | M9: Proposed | N9: =TEXT(C9,"yyyy-mm") -> 2026-08 | O9: =ROUND(SUMIFS('Bank Lines'!$E$5:$E$1640,'Bank Lines'!$G$5:$G$1640,D9),2) -> 805.96
A10: EX006 | B10: OPS | C10: 46248 | D10: G00006 | E10: DUPIMP | F10: Routine | G10: Duplicate of a line in import OPS-20260814 | DIRECT CREDIT LYREBIRD PLAN MANA RA45024 | H10: =INDEX('Match Groups'!$L$5:$L$1326,MATCH(D10,'Match Groups'!$A$5:$A$1326,0)) -> 0 | I10: 0 | J10: Bookkeeper | K10: Delete the duplicate statement line from the Odoo import (second file for the day). | L10: none | M10: Proposed | N10: =TEXT(C10,"yyyy-mm") -> 2026-08 | O10: =ROUND(SUMIFS('Bank Lines'!$E$5:$E$1640,'Bank Lines'!$G$5:$G$1640,D10),2) -> 320.98
A11: EX007 | B11: OPS | C11: 46248 | D11: G00007 | E11: DUPIMP | F11: Routine | G11: Duplicate of a line in import OPS-20260814 | DIRECT CREDIT MALLEE PLAN SERVICES RA45025 | H11: =INDEX('Match Groups'!$L$5:$L$1326,MATCH(D11,'Match Groups'!$A$5:$A$1326,0)) -> 0 | I11: 0 | J11: Bookkeeper | K11: Delete the duplicate statement line from the Odoo import (second file for the day). | L11: none | M11: Proposed | N11: =TEXT(C11,"yyyy-mm") -> 2026-08 | O11: =ROUND(SUMIFS('Bank Lines'!$E$5:$E$1640,'Bank Lines'!$G$5:$G$1640,D11),2) -> 1522.81
A12: EX008 | B12: OPS | C12: 46248 | D12: G00008 | E12: DUPIMP | F12: Routine | G12: Duplicate of a line in import OPS-20260814 | DIRECT CREDIT HARBOUR MUTUAL HEALT CLM5874099 INV/2026/02416 | H12: =INDEX('Match Groups'!$L$5:$L$1326,MATCH(D12,'Match Groups'!$A$5:$A$1326,0)) -> 0 | I12: 0 | J12: Bookkeeper | K12: Delete the duplicate statement line from the Odoo import (second file for the day). | L12: none | M12: Proposed | N12: =TEXT(C12,"yyyy-mm") -> 2026-08 | O12: =ROUND(SUMIFS('Bank Lines'!$E$5:$E$1640,'Bank Lines'!$G$5:$G$1640,D12),2) -> 132
A13: EX009 | B13: OPS | C13: 46248 | D13: G00009 | E13: DUPIMP | F13: Routine | G13: Duplicate of a line in import OPS-20260814 | DIRECT CREDIT MERIDIAN HEALTH COVE CLM5617804 INV 2510 | H13: =INDEX('Match Groups'!$L$5:$L$1326,MATCH(D13,'Match Groups'!$A$5:$A$1326,0)) -> 0 | I13: 0 | J13: Bookkeeper | K13: Delete the duplicate statement line from the Odoo import (second file for the day). | L13: none | M13: Proposed | N13: =TEXT(C13,"yyyy-mm") -> 2026-08 | O13: =ROUND(SUMIFS('Bank Lines'!$E$5:$E$1640,'Bank Lines'!$G$5:$G$1640,D13),2) -> 412.5
A14: EX010 | B14: OPS | C14: 46248 | D14: G00010 | E14: DUPIMP | F14: Routine | G14: Duplicate of a line in import OPS-20260814 | STRIPE PAYOUT STRIPE po_1Q0033KX | H14: =INDEX('Match Groups'!$L$5:$L$1326,MATCH(D14,'Match Groups'!$A$5:$A$1326,0)) -> 0 | I14: 0 | J14: Bookkeeper | K14: Delete the duplicate statement line from the Odoo import (second file for the day). | L14: none | M14: Proposed | N14: =TEXT(C14,"yyyy-mm") -> 2026-08 | O14: =ROUND(SUMIFS('Bank Lines'!$E$5:$E$1640,'Bank Lines'!$G$5:$G$1640,D14),2) -> 2871.52
A15: EX011 | B15: OPS | C15: 46248 | D15: G00011 | E15: DUPIMP | F15: Routine | G15: Duplicate of a line in import OPS-20260814 | CHEQUE 000405 | H15: =INDEX('Match Groups'!$L$5:$L$1326,MATCH(D15,'Match Groups'!$A$5:$A$1326,0)) -> 0 | I15: 0 | J15: Bookkeeper | K15: Delete the duplicate statement line from the Odoo import (second file for the day). | L15: none | M15: Proposed | N15: =TEXT(C15,"yyyy-mm") -> 2026-08 | O15: =ROUND(SUMIFS('Bank Lines'!$E$5:$E$1640,'Bank Lines'!$G$5:$G$1640,D15),2) -> -132
A16: EX012 | B16: OPS | C16: 46248 | D16: G00012 | E16: DUPIMP | F16: Routine | G16: Duplicate of a line in import OPS-20260814 | CHEQUE 000406 | H16: =INDEX('Match Groups'!$L$5:$L$1326,MATCH(D16,'Match Groups'!$A$5:$A$1326,0)) -> 0 | I16: 0 | J16: Bookkeeper | K16: Delete the duplicate statement line from the Odoo import (second file for the day). | L16: none | M16: Proposed | N16: =TEXT(C16,"yyyy-mm") -> 2026-08 | O16: =ROUND(SUMIFS('Bank Lines'!$E$5:$E$1640,'Bank Lines'!$G$5:$G$1640,D16),2) -> -132
A17: EX013 | B17: OPS | C17: 46248 | D17: G00013 | E17: DUPIMP | F17: Routine | G17: Duplicate of a line in import OPS-20260814 | CHEQUE 000407 | H17: =INDEX('Match Groups'!$L$5:$L$1326,MATCH(D17,'Match Groups'!$A$5:$A$1326,0)) -> 0 | I17: 0 | J17: Bookkeeper | K17: Delete the duplicate statement line from the Odoo import (second file for the day). | L17: none | M17: Proposed | N17: =TEXT(C17,"yyyy-mm") -> 2026-08 | O17: =ROUND(SUMIFS('Bank Lines'!$E$5:$E$1640,'Bank Lines'!$G$5:$G$1640,D17),2) -> -924
A18: EX014 | B18: OPS | C18: 46204 | D18: G00014 | E18: STRIPE-FEE | F18: Routine | G18: 31 report lines; fees 78.09 | STRIPE PAYOUT STRIPE po_1Q0001KX | H18: =INDEX('Match Groups'!$L$5:$L$1326,MATCH(D18,'Match Groups'!$A$5:$A$1326,0)) -> -78.09 | I18: =SUMIFS('Stripe Payouts'!$H$5:$H$72,'Stripe Payouts'!$M$5:$M$72,D18) -> 7.1 | J18: Bookkeeper | K18: Reconcile payout with a fee line (reconciliation model 'Stripe fees'); GST claimed on fees. | L18: J014 | M18: Proposed | N18: =TEXT(C18,"yyyy-mm") -> 2026-07 | O18: =ROUND(SUMIFS('Bank Lines'!$E$5:$E$1640,'Bank Lines'!$G$5:$G$1640,D18),2) -> 3851.91
A19: EX015 | B19: OPS | C19: 46205 | D19: G00015 | E19: STRIPE-FEE | F19: Routine | G19: 21 report lines; fees 53.15 | STRIPE PAYOUT STRIPE po_1Q0002KX | H19: =INDEX('Match Groups'!$L$5:$L$1326,MATCH(D19,'Match Groups'!$A$5:$A$1326,0)) -> -53.15 | I19: =SUMIFS('Stripe Payouts'!$H$5:$H$72,'Stripe Payouts'!$M$5:$M$72,D19) -> 4.83 | J19: Bookkeeper | K19: Reconcile payout with a fee line (reconciliation model 'Stripe fees'); GST claimed on fees. | L19: J015 | M19: Proposed | N19: =TEXT(C19,"yyyy-mm") -> 2026-07 | O19: =ROUND(SUMIFS('Bank Lines'!$E$5:$E$1640,'Bank Lines'!$G$5:$G$1640,D19),2) -> 2621.85
A20: EX016 | B20: OPS | C20: 46206 | D20: G00016 | E20: STRIPE-FEE | F20: Routine | G20: 32 report lines; fees 75.01 | STRIPE PAYOUT STRIPE po_1Q0003KX | H20: =INDEX('Match Groups'!$L$5:$L$1326,MATCH(D20,'Match Groups'!$A$5:$A$1326,0)) -> -75.01 | I20: =SUMIFS('Stripe Payouts'!$H$5:$H$72,'Stripe Payouts'!$M$5:$M$72,D20) -> 6.82 | J20: Bookkeeper | K20: Reconcile payout with a fee line (reconciliation model 'Stripe fees'); GST claimed on fees. | L20: J016 | M20: Proposed | N20: =TEXT(C20,"yyyy-mm") -> 2026-07 | O20: =ROUND(SUMIFS('Bank Lines'!$E$5:$E$1640,'Bank Lines'!$G$5:$G$1640,D20),2) -> 3659.99
A21: EX017 | B21: OPS | C21: 46209 | D21: G00017 | E21: STRIPE-FEE | F21: Routine | G21: 25 report lines; fees 63.27 | STRIPE PAYOUT STRIPE po_1Q0004KX | H21: =INDEX('Match Groups'!$L$5:$L$1326,MATCH(D21,'Match Groups'!$A$5:$A$1326,0)) -> -63.27 | I21: =SUMIFS('Stripe Payouts'!$H$5:$H$72,'Stripe Payouts'!$M$5:$M$72,D21) -> 5.75 | J21: Bookkeeper | K21: Reconcile payout with a fee line (reconciliation model 'Stripe fees'); GST claimed on fees. | L21: J017 | M21: Proposed | N21: =TEXT(C21,"yyyy-mm") -> 2026-07 | O21: =ROUND(SUMIFS('Bank Lines'!$E$5:$E$1640,'Bank Lines'!$G$5:$G$1640,D21),2) -> 3121.73
A22: EX018 | B22: OPS | C22: 46210 | D22: G00018 | E22: STRIPE-FEE | F22: Routine | G22: 38 report lines; fees 104.19 | STRIPE PAYOUT STRIPE po_1Q0005KX | H22: =INDEX('Match Groups'!$L$5:$L$1326,MATCH(D22,'Match Groups'!$A$5:$A$1326,0)) -> -104.19 | I22: =SUMIFS('Stripe Payouts'!$H$5:$H$72,'Stripe Payouts'!$M$5:$M$72,D22) -> 9.47 | J22: Bookkeeper | K22: Reconcile payout with a fee line (reconciliation model 'Stripe fees'); GST claimed on fees. | L22: J018 | M22: Proposed | N22: =TEXT(C22,"yyyy-mm") -> 2026-07 | O22: =ROUND(SUMIFS('Bank Lines'!$E$5:$E$1640,'Bank Lines'!$G$5:$G$1640,D22),2) -> 5195.81
A23: EX019 | B23: OPS | C23: 46211 | D23: G00019 | E23: STRIPE-FEE | F23: Routine | G23: 19 report lines; fees 46.59 | STRIPE PAYOUT STRIPE po_1Q0006KX | H23: =INDEX('Match Groups'!$L$5:$L$1326,MATCH(D23,'Match Groups'!$A$5:$A$1326,0)) -> -46.59 | I23: =SUMIFS('Stripe Payouts'!$H$5:$H$72,'Stripe Payouts'!$M$5:$M$72,D23) -> 4.24 | J23: Bookkeeper | K23: Reconcile payout with a fee line (reconciliation model 'Stripe fees'); GST claimed on fees. | L23: J019 | M23: Proposed | N23: =TEXT(C23,"yyyy-mm") -> 2026-07 | O23: =ROUND(SUMIFS('Bank Lines'!$E$5:$E$1640,'Bank Lines'!$G$5:$G$1640,D23),2) -> 2288.41
A24: EX020 | B24: OPS | C24: 46212 | D24: G00020 | E24: STRIPE-FEE | F24: Routine | G24: 32 report lines; fees 69.84 | STRIPE PAYOUT STRIPE po_1Q0007KX | H24: =INDEX('Match Groups'!$L$5:$L$1326,MATCH(D24,'Match Groups'!$A$5:$A$1326,0)) -> -69.84 | I24: =SUMIFS('Stripe Payouts'!$H$5:$H$72,'Stripe Payouts'!$M$5:$M$72,D24) -> 6.35 | J24: Bookkeeper | K24: Reconcile payout with a fee line (reconciliation model 'Stripe fees'); GST claimed on fees. | L24: J020 | M24: Proposed | N24: =TEXT(C24,"yyyy-mm") -> 2026-07 | O24: =ROUND(SUMIFS('Bank Lines'!$E$5:$E$1640,'Bank Lines'!$G$5:$G$1640,D24),2) -> 3370.16
A25: EX021 | B25: OPS | C25: 46213 | D25: G00021 | E25: STRIPE-FEE | F25: Routine | G25: 28 report lines; fees 75.63 | STRIPE PAYOUT STRIPE po_1Q0008KX | H25: =INDEX('Match Groups'!$L$5:$L$1326,MATCH(D25,'Match Groups'!$A$5:$A$1326,0)) -> -75.63 | I25: =SUMIFS('Stripe Payouts'!$H$5:$H$72,'Stripe Payouts'!$M$5:$M$72,D25) -> 6.88 | J25: Bookkeeper | K25: Reconcile payout with a fee line (reconciliation model 'Stripe fees'); GST claimed on fees. | L25: J021 | M25: Proposed | N25: =TEXT(C25,"yyyy-mm") -> 2026-07 | O25: =ROUND(SUMIFS('Bank Lines'!$E$5:$E$1640,'Bank Lines'!$G$5:$G$1640,D25),2) -> 3764.37
A26: EX022 | B26: OPS | C26: 46216 | D26: G00022 | E26: STRIPE-FEE | F26: Routine | G26: 20 report lines; fees 51.79 | STRIPE PAYOUT STRIPE po_1Q0009KX | H26: =INDEX('Match Groups'!$L$5:$L$1326,MATCH(D26,'Match Groups'!$A$5:$A$1326,0)) -> -51.79 | I26: =SUMIFS('Stripe Payouts'!$H$5:$H$72,'Stripe Payouts'!$M$5:$M$72,D26) -> 4.71 | J26: Bookkeeper | K26: Reconcile payout with a fee line (reconciliation model 'Stripe fees'); GST claimed on fees. | L26: J022 | M26: Proposed | N26: =TEXT(C26,"yyyy-mm") -> 2026-07 | O26: =ROUND(SUMIFS('Bank Lines'!$E$5:$E$1640,'Bank Lines'!$G$5:$G$1640,D26),2) -> 2563.21
A27: EX023 | B27: OPS | C27: 46217 | D27: G00023 | E27: STRIPE-FEE | F27: Routine | G27: 39 report lines; fees 98.72 | STRIPE PAYOUT STRIPE po_1Q0010KX | H27: =INDEX('Match Groups'!$L$5:$L$1326,MATCH(D27,'Match Groups'!$A$5:$A$1326,0)) -> -98.72 | I27: =SUMIFS('Stripe Payouts'!$H$5:$H$72,'Stripe Payouts'!$M$5:$M$72,D27) -> 8.97 | J27: Bookkeeper | K27: Reconcile payout with a fee line (reconciliation model 'Stripe fees'); GST claimed on fees. | L27: J023 | M27: Proposed | N27: =TEXT(C27,"yyyy-mm") -> 2026-07 | O27: =ROUND(SUMIFS('Bank Lines'!$E$5:$E$1640,'Bank Lines'!$G$5:$G$1640,D27),2) -> 4871.28
A28: EX024 | B28: OPS | C28: 46218 | D28: G00024 | E28: STRIPE-FEE | F28: Routine | G28: 19 report lines; fees 48.19 | STRIPE PAYOUT STRIPE po_1Q0011KX | H28: =INDEX('Match Groups'!$L$5:$L$1326,MATCH(D28,'Match Groups'!$A$5:$A$1326,0)) -> -48.19 | I28: =SUMIFS('Stripe Payouts'!$H$5:$H$72,'Stripe Payouts'!$M$5:$M$72,D28) -> 4.38 | J28: Bookkeeper | K28: Reconcile payout with a fee line (reconciliation model 'Stripe fees'); GST claimed on fees. | L28: J024 | M28: Proposed | N28: =TEXT(C28,"yyyy-mm") -> 2026-07 | O28: =ROUND(SUMIFS('Bank Lines'!$E$5:$E$1640,'Bank Lines'!$G$5:$G$1640,D28),2) -> 2376.81
A29: EX025 | B29: OPS | C29: 46219 | D29: G00025 | E29: STRIPE-FEE | F29: Routine | G29: 34 report lines; fees 86.98 | STRIPE PAYOUT STRIPE po_1Q0012KX | H29: =INDEX('Match Groups'!$L$5:$L$1326,MATCH(D29,'Match Groups'!$A$5:$A$1326,0)) -> -86.98 | I29: =SUMIFS('Stripe Payouts'!$H$5:$H$72,'Stripe Payouts'!$M$5:$M$72,D29) -> 7.91 | J29: Bookkeeper | K29: Reconcile payout with a fee line (reconciliation model 'Stripe fees'); GST claimed on fees. | L29: J025 | M29: Proposed | N29: =TEXT(C29,"yyyy-mm") -> 2026-07 | O29: =ROUND(SUMIFS('Bank Lines'!$E$5:$E$1640,'Bank Lines'!$G$5:$G$1640,D29),2) -> 4298.02
... A83: EX079 | B83: OPS | C83: 46295 | D83: G00079 | E83: STRIPE-FEE | F83: Routine | G83: 27 report lines; fees 70.51 | STRIPE PAYOUT STRIPE po_1Q0066KX | H83: =INDEX('Match Groups'!$L$5:$L$1326,MATCH(D83,'Match Groups'!$A$5:$A$1326,0)) -> -70.51 | I83: =SUMIFS('Stripe Payouts'!$H$5:$H$72,'Stripe Payouts'!$M$5:$M$72,D83) -> 6.41 | J83: Bookkeeper | K83: Reconcile payout with a fee line (reconciliation model 'Stripe fees'); GST claimed on fees. | L83: J079 | M83: Proposed | N83: =TEXT(C83,"yyyy-mm") -> 2026-09 | O83: =ROUND(SUMIFS('Bank Lines'!$E$5:$E$1640,'Bank Lines'!$G$5:$G$1640,D83),2) -> 3494.49
A84: EX080 | B84: OPS | C84: 46204 | D84: G00080 | E84: SHORT | F84: Decision | G84: Registered at invoice value; remittance shows short payment on INV/2026/01426 | DIRECT CREDIT RIVERBEND PLAN PARTN RA44801 | H84: =INDEX('Match Groups'!$L$5:$L$1326,MATCH(D84,'Match Groups'!$A$5:$A$1326,0)) -> -14.55 | I84: 0 | J84: AR officer | K84: Reduce the registered payment to the amount received; reopen the shortfall and chase or write off (price cap). | L84: J080 | M84: Awaiting decision | N84: =TEXT(C84,"yyyy-mm") -> 2026-07 | O84: =ROUND(SUMIFS('Bank Lines'!$E$5:$E$1640,'Bank Lines'!$G$5:$G$1640,D84),2) -> 1140.59
A85: EX081 | B85: OPS | C85: 46204 | D85: G00084 | E85: REG | F85: Routine | G85: Receipt not registered in Odoo; remittance RA44805 lists 6 invoices | DIRECT CREDIT ACACIA PLAN PARTNE RA44805 | H85: =INDEX('Match Groups'!$L$5:$L$1326,MATCH(D85,'Match Groups'!$A$5:$A$1326,0)) -> 969.93 | I85: 0 | J85: AR officer | K85: Register the payment against the open invoice(s) listed in Allocations, then reconcile. | L85: J081 | M85: Proposed | N85: =TEXT(C85,"yyyy-mm") -> 2026-07 | O85: =ROUND(SUMIFS('Bank Lines'!$E$5:$E$1640,'Bank Lines'!$G$5:$G$1640,D85),2) -> 969.93
A86: EX082 | B86: OPS | C86: 46205 | D86: G00088 | E86: REG | F86: Routine | G86: Receipt not registered in Odoo; remittance RA44809 lists 2 invoices | DIRECT CREDIT BANKSIA PLAN CO RA44809 | H86: =INDEX('Match Groups'!$L$5:$L$1326,MATCH(D86,'Match Groups'!$A$5:$A$1326,0)) -> 290.98 | I86: 0 | J86: AR officer | K86: Register the payment against the open invoice(s) listed in Allocations, then reconcile. | L86: J082 | M86: Proposed | N86: =TEXT(C86,"yyyy-mm") -> 2026-07 | O86: =ROUND(SUMIFS('Bank Lines'!$E$5:$E$1640,'Bank Lines'!$G$5:$G$1640,D86),2) -> 290.98
A87: EX083 | B87: OPS | C87: 46205 | D87: G00089 | E87: REG | F87: Routine | G87: Receipt not registered in Odoo; remittance RA44810 lists 2 invoices | DIRECT CREDIT LYREBIRD PLAN MANAGEME RA44810 | H87: =INDEX('Match Groups'!$L$5:$L$1326,MATCH(D87,'Match Groups'!$A$5:$A$1326,0)) -> 193.98 | I87: 0 | J87: AR officer | K87: Register the payment against the open invoice(s) listed in Allocations, then reconcile. | L87: J083 | M87: Proposed | N87: =TEXT(C87,"yyyy-mm") -> 2026-07 | O87: =ROUND(SUMIFS('Bank Lines'!$E$5:$E$1640,'Bank Lines'!$G$5:$G$1640,D87),2) -> 193.98
A88: EX084 | B88: OPS | C88: 46206 | D88: G00093 | E88: SHORT | F88: Decision | G88: Registered at invoice value; remittance shows short payment on INV/2026/01401 | DIRECT CREDIT BLUEGUM PLAN MANAGE RA44814 | H88: =INDEX('Match Groups'!$L$5:$L$1326,MATCH(D88,'Match Groups'!$A$5:$A$1326,0)) -> -29.1 | I88: 0 | J88: AR officer | K88: Reduce the registered payment to the amount received; reopen the shortfall and chase or write off (price cap). | L88: J084 | M88: Awaiting decision | N88: =TEXT(C88,"yyyy-mm") -> 2026-07 | O88: =ROUND(SUMIFS('Bank Lines'!$E$5:$E$1640,'Bank Lines'!$G$5:$G$1640,D88),2) -> 1853.51
A89: EX085 | B89: OPS | C89: 46206 | D89: G00095 | E89: REG | F89: Routine | G89: Receipt not registered in Odoo; remittance RA44816 lists 3 invoices | DIRECT CREDIT WATTLE PLAN SERVICES RA44816 | H89: =INDEX('Match Groups'!$L$5:$L$1326,MATCH(D89,'Match Groups'!$A$5:$A$1326,0)) -> 494.67 | I89: 0 | J89: AR officer | K89: Register the payment against the open invoice(s) listed in Allocations, then reconcile. | L89: J085 | M89: Proposed | N89: =TEXT(C89,"yyyy-mm") -> 2026-07 | O89: =ROUND(SUMIFS('Bank Lines'!$E$5:$E$1640,'Bank Lines'!$G$5:$G$1640,D89),2) -> 494.67
A90: EX086 | B90: OPS | C90: 46209 | D90: G00107 | E90: REG | F90: Routine | G90: Receipt not registered in Odoo; remittance RA44828 lists 4 invoices | DIRECT CREDIT ACACIAPLANPARTNE RA44828 | H90: =INDEX('Match Groups'!$L$5:$L$1326,MATCH(D90,'Match Groups'!$A$5:$A$1326,0)) -> 1193.94 | I90: 0 | J90: AR officer | K90: Register the payment against the open invoice(s) listed in Allocations, then reconcile. | L90: J086 | M90: Proposed | N90: =TEXT(C90,"yyyy-mm") -> 2026-07 | O90: =ROUND(SUMIFS('Bank Lines'!$E$5:$E$1640,'Bank Lines'!$G$5:$G$1640,D90),2) -> 1193.94
A91: EX087 | B91: OPS | C91: 46210 | D91: G00110 | E91: REG | F91: Routine | G91: Receipt not registered in Odoo; remittance RA44831 lists 4 invoices | DIRECT CREDIT WATTLE PLAN SERVICES P RA44831 | H91: =INDEX('Match Groups'!$L$5:$L$1326,MATCH(D91,'Match Groups'!$A$5:$A$1326,0)) -> 884.45 | I91: 0 | J91: AR officer | K91: Register the payment against the open invoice(s) listed in Allocations, then reconcile. | L91: J087 | M91: Proposed | N91: =TEXT(C91,"yyyy-mm") -> 2026-07 | O91: =ROUND(SUMIFS('Bank Lines'!$E$5:$E$1640,'Bank Lines'!$G$5:$G$1640,D91),2) -> 884.45
A92: EX088 | B92: OPS | C92: 46212 | D92: G00123 | E92: SHORT | F92: Decision | G92: Registered at invoice value; remittance shows short payment on INV/2026/01847 | DIRECT CREDIT CLEARPATH NDIS PLANS P RA44844 | H92: =INDEX('Match Groups'!$L$5:$L$1326,MATCH(D92,'Match Groups'!$A$5:$A$1326,0)) -> -14.55 | I92: 0 | J92: AR officer | K92: Reduce the registered payment to the amount received; reopen the shortfall and chase or write off (price cap). | L92: J088 | M92: Awaiting decision | N92: =TEXT(C92,"yyyy-mm") -> 2026-07 | O92: =ROUND(SUMIFS('Bank Lines'!$E$5:$E$1640,'Bank Lines'!$G$5:$G$1640,D92),2) -> 364.62
A93: EX089 | B93: OPS | C93: 46213 | D93: G00128 | E93: REG | F93: Routine | G93: Receipt not registered in Odoo; remittance RA44849 lists 2 invoices | DIRECT CREDIT BLUEGUM PLAN MGMT RA44849 | H93: =INDEX('Match Groups'!$L$5:$L$1326,MATCH(D93,'Match Groups'!$A$5:$A$1326,0)) -> 581.97 | I93: 0 | J93: AR officer | K93: Register the payment against the open invoice(s) listed in Allocations, then reconcile. | L93: J089 | M93: Proposed | N93: =TEXT(C93,"yyyy-mm") -> 2026-07 | O93: =ROUND(SUMIFS('Bank Lines'!$E$5:$E$1640,'Bank Lines'!$G$5:$G$1640,D93),2) -> 581.97
A94: EX090 | B94: OPS | C94: 46216 | D94: G00137 | E94: REG | F94: Routine | G94: Receipt not registered in Odoo; remittance RA44858 lists 6 invoices | DIRECT CREDIT KOOKABURRAPLANSU RA44858 | H94: =INDEX('Match Groups'!$L$5:$L$1326,MATCH(D94,'Match Groups'!$A$5:$A$1326,0)) -> 1058.13 | I94: 0 | J94: AR officer | K94: Register the payment against the open invoice(s) listed in Allocations, then reconcile. | L94: J090 | M94: Proposed | N94: =TEXT(C94,"yyyy-mm") -> 2026-07 | O94: =ROUND(SUMIFS('Bank Lines'!$E$5:$E$1640,'Bank Lines'!$G$5:$G$1640,D94),2) -> 1058.13
A95: EX091 | B95: OPS | C95: 46216 | D95: G00138 | E95: REG | F95: Routine | G95: Receipt not registered in Odoo; remittance RA44859 lists 4 invoices | DIRECT CREDIT SALTBUSH PLAN MANAGERS RA44859 | H95: =INDEX('Match Groups'!$L$5:$L$1326,MATCH(D95,'Match Groups'!$A$5:$A$1326,0)) -> 815.65 | I95: 0 | J95: AR officer | K95: Register the payment against the open invoice(s) listed in Allocations, then reconcile. | L95: J091 | M95: Proposed | N95: =TEXT(C95,"yyyy-mm") -> 2026-07 | O95: =ROUND(SUMIFS('Bank Lines'!$E$5:$E$1640,'Bank Lines'!$G$5:$G$1640,D95),2) -> 815.65
... A142: EX138 | B142: OPS | C142: 46245 | D142: G01180 | E142: REG | F142: Routine | G142: Receipt not entered in Odoo; matches open INV/2026/02368 | DIRECT CREDIT HARBOUR MUTUAL HEALTH CLM5277204 INV02368 | H142: =INDEX('Match Groups'!$L$5:$L$1326,MATCH(D142,'Match Groups'!$A$5:$A$1326,0)) -> 88 | I142: 0 | J142: AR officer | K142: Register the payment against the open invoice(s) listed in Allocations, then reconcile. | L142: J138 | M142: Proposed | N142: =TEXT(C142,"yyyy-mm") -> 2026-08 | O142: =ROUND(SUMIFS('Bank Lines'!$E$5:$E$1640,'Bank Lines'!$G$5:$G$1640,D142),2) -> 88
A143: EX139 | B143: OPS | C143: 46246 | D143: G01181 | E143: NOBILL | F143: Decision | G143: Direct debit from Telwave Business Mobile with no bill in Odoo; request the tax invoice | DIRECT DEBIT TELWAVEBUSINESSM | H143: =INDEX('Match Groups'!$L$5:$L$1326,MATCH(D143,'Match Groups'!$A$5:$A$1326,0)) -> -1189.3 | I143: =ROUND(-H143/11,2) -> 108.12 | J143: AP officer | K143: Request the tax invoice; post the expense now and hold the GST claim until the invoice is on file. | L143: J139 | M143: Awaiting decision | N143: =TEXT(C143,"yyyy-mm") -> 2026-08 | O143: =ROUND(SUMIFS('Bank Lines'!$E$5:$E$1640,'Bank Lines'!$G$5:$G$1640,D143),2) -> -1189.3
A144: EX140 | B144: OPS | C144: 46251 | D144: G01182 | E144: REG | F144: Routine | G144: Receipt not entered in Odoo; matches open INV/2026/03510 | DIRECT CREDIT ROSEDALE NURSERIES 03510 | H144: =INDEX('Match Groups'!$L$5:$L$1326,MATCH(D144,'Match Groups'!$A$5:$A$1326,0)) -> 2035 | I144: 0 | J144: AR officer | K144: Register the payment against the open invoice(s) listed in Allocations, then reconcile. | L144: J140 | M144: Proposed | N144: =TEXT(C144,"yyyy-mm") -> 2026-08 | O144: =ROUND(SUMIFS('Bank Lines'!$E$5:$E$1640,'Bank Lines'!$G$5:$G$1640,D144),2) -> 2035
A145: EX141 | B145: OPS | C145: 46252 | D145: G01183 | E145: REG | F145: Routine | G145: Receipt not entered in Odoo; matches open INV/2026/03483 | DIRECT CREDIT WESTMERE COUNCIL SERVI INV/2026/03483 | H145: =INDEX('Match Groups'!$L$5:$L$1326,MATCH(D145,'Match Groups'!$A$5:$A$1326,0)) -> 1471.25 | I145: 0 | J145: AR officer | K145: Register the payment against the open invoice(s) listed in Allocations, then reconcile. | L145: J141 | M145: Proposed | N145: =TEXT(C145,"yyyy-mm") -> 2026-08 | O145: =ROUND(SUMIFS('Bank Lines'!$E$5:$E$1640,'Bank Lines'!$G$5:$G$1640,D145),2) -> 1471.25
A146: EX142 | B146: OPS | C146: 46253 | D146: G01184 | E146: REG | F146: Routine | G146: Receipt not entered in Odoo; matches open INV/2026/02388 | DIRECT CREDIT NORTHLINEINJURYC CLM5464200 INV 2388 | H146: =INDEX('Match Groups'!$L$5:$L$1326,MATCH(D146,'Match Groups'!$A$5:$A$1326,0)) -> 88 | I146: 0 | J146: AR officer | K146: Register the payment against the open invoice(s) listed in Allocations, then reconcile. | L146: J142 | M146: Proposed | N146: =TEXT(C146,"yyyy-mm") -> 2026-08 | O146: =ROUND(SUMIFS('Bank Lines'!$E$5:$E$1640,'Bank Lines'!$G$5:$G$1640,D146),2) -> 88
A147: EX143 | B147: OPS | C147: 46255 | D147: G01185 | E147: REG | F147: Routine | G147: Receipt not entered in Odoo; matches open INV/2026/02417 | DIRECT CREDIT MERIDIAN HEALTH COVER CLM5135221 INV02417 | H147: =INDEX('Match Groups'!$L$5:$L$1326,MATCH(D147,'Match Groups'!$A$5:$A$1326,0)) -> 176 | I147: 0 | J147: AR officer | K147: Register the payment against the open invoice(s) listed in Allocations, then reconcile. | L147: J143 | M147: Proposed | N147: =TEXT(C147,"yyyy-mm") -> 2026-08 | O147: =ROUND(SUMIFS('Bank Lines'!$E$5:$E$1640,'Bank Lines'!$G$5:$G$1640,D147),2) -> 176
A148: EX144 | B148: OPS | C148: 46259 | D148: G01186 | E148: REG | F148: Routine | G148: Receipt not entered in Odoo; matches open INV/2026/02490 | DIRECT CREDIT PINNACLE CLAIMS SE CLM5715202 INV02490 | H148: =INDEX('Match Groups'!$L$5:$L$1326,MATCH(D148,'Match Groups'!$A$5:$A$1326,0)) -> 990 | I148: 0 | J148: AR officer | K148: Register the payment against the open invoice(s) listed in Allocations, then reconcile. | L148: J144 | M148: Proposed | N148: =TEXT(C148,"yyyy-mm") -> 2026-08 | O148: =ROUND(SUMIFS('Bank Lines'!$E$5:$E$1640,'Bank Lines'!$G$5:$G$1640,D148),2) -> 990
A149: EX145 | B149: OPS | C149: 46260 | D149: G01187 | E149: REG | F149: Routine | G149: Receipt not entered in Odoo; matches open INV/2026/02488 | DIRECT CREDIT HARBOUR MUTUAL HEALTH CLM5432414 INV 2488 | H149: =INDEX('Match Groups'!$L$5:$L$1326,MATCH(D149,'Match Groups'!$A$5:$A$1326,0)) -> 88 | I149: 0 | J149: AR officer | K149: Register the payment against the open invoice(s) listed in Allocations, then reconcile. | L149: J145 | M149: Proposed | N149: =TEXT(C149,"yyyy-mm") -> 2026-08 | O149: =ROUND(SUMIFS('Bank Lines'!$E$5:$E$1640,'Bank Lines'!$G$5:$G$1640,D149),2) -> 88
A150: EX146 | B150: OPS | C150: 46260 | D150: G01188 | E150: REG | F150: Routine | G150: Receipt not entered in Odoo; matches open INV/2026/02489 | DIRECT CREDIT COASTLINEHEALTHF CLM5927684 INV/2026/02489 | H150: =INDEX('Match Groups'!$L$5:$L$1326,MATCH(D150,'Match Groups'!$A$5:$A$1326,0)) -> 176 | I150: 0 | J150: AR officer | K150: Register the payment against the open invoice(s) listed in Allocations, then reconcile. | L150: J146 | M150: Proposed | N150: =TEXT(C150,"yyyy-mm") -> 2026-08 | O150: =ROUND(SUMIFS('Bank Lines'!$E$5:$E$1640,'Bank Lines'!$G$5:$G$1640,D150),2) -> 176
A151: EX147 | B151: OPS | C151: 46260 | D151: G01189 | E151: REG | F151: Routine | G151: Receipt not entered in Odoo; matches open INV/2026/02656 | DIRECT CREDIT PINNACLE CLAIMS SERVIC CLM5477460 INV02656 | H151: =INDEX('Match Groups'!$L$5:$L$1326,MATCH(D151,'Match Groups'!$A$5:$A$1326,0)) -> 412.5 | I151: 0 | J151: AR officer | K151: Register the payment against the open invoice(s) listed in Allocations, then reconcile. | L151: J147 | M151: Proposed | N151: =TEXT(C151,"yyyy-mm") -> 2026-08 | O151: =ROUND(SUMIFS('Bank Lines'!$E$5:$E$1640,'Bank Lines'!$G$5:$G$1640,D151),2) -> 412.5
A152: EX148 | B152: OPS | C152: 46260 | D152: G01190 | E152: REG | F152: Routine | G152: Receipt not entered in Odoo; matches open INV/2026/03474 | DIRECT CREDIT GREYSTANESBUILDI INV 3474 | H152: =INDEX('Match Groups'!$L$5:$L$1326,MATCH(D152,'Match Groups'!$A$5:$A$1326,0)) -> 6820 | I152: 0 | J152: AR officer | K152: Register the payment against the open invoice(s) listed in Allocations, then reconcile. | L152: J148 | M152: Proposed | N152: =TEXT(C152,"yyyy-mm") -> 2026-08 | O152: =ROUND(SUMIFS('Bank Lines'!$E$5:$E$1640,'Bank Lines'!$G$5:$G$1640,D152),2) -> 6820
A153: EX149 | B153: OPS | C153: 46260 | D153: G01191 | E153: REG | F153: Routine | G153: Receipt not entered in Odoo; matches open INV/2026/03488 | DIRECT CREDIT LINFIELD DAIRY CO INV03488 | H153: =INDEX('Match Groups'!$L$5:$L$1326,MATCH(D153,'Match Groups'!$A$5:$A$1326,0)) -> 2186.25 | I153: 0 | J153: AR officer | K153: Register the payment against the open invoice(s) listed in Allocations, then reconcile. | L153: J149 | M153: Proposed | N153: =TEXT(C153,"yyyy-mm") -> 2026-08 | O153: =ROUND(SUMIFS('Bank Lines'!$E$5:$E$1640,'Bank Lines'!$G$5:$G$1640,D153),2) -> 2186.25
A154: EX150 | B154: OPS | C154: 46260 | D154: G01192 | E154: REG | F154: Routine | G154: Receipt not entered in Odoo; matches open INV/2026/03490 | DIRECT CREDIT PEREGRINE SECURITY INV 3490 | H154: =INDEX('Match Groups'!$L$5:$L$1326,MATCH(D154,'Match Groups'!$A$5:$A$1326,0)) -> 10876.25 | I154: 0 | J154: AR officer | K154: Register the payment against the open invoice(s) listed in Allocations, then reconcile. | L154: J150 | M154: Proposed | N154: =TEXT(C154,"yyyy-mm") -> 2026-08 | O154: =ROUND(SUMIFS('Bank Lines'!$E$5:$E$1640,'Bank Lines'!$G$5:$G$1640,D154),2) -> 10876.25
A155: EX151 | B155: OPS | C155: 46266 | D155: G01193 | E155: REGBILL | F155: Routine | G155: Direct debit not entered in Odoo; matches open BILL/2026/1022 | DIRECT DEBIT NORTHCOTE RETAIL H 709752 | H155: =INDEX('Match Groups'!$L$5:$L$1326,MATCH(D155,'Match Groups'!$A$5:$A$1326,0)) -> -9680 | I155: 0 | J155: AP officer | K155: Register the payment against the open bill, then reconcile. | L155: J151 | M155: Proposed | N155: =TEXT(C155,"yyyy-mm") -> 2026-09 | O155: =ROUND(SUMIFS('Bank Lines'!$E$5:$E$1640,'Bank Lines'!$G$5:$G$1640,D155),2) -> -9680
... A157: EX153 | B157: OPS | C157: 46268 | D157: G01195 | E157: REG | F157: Routine | G157: Receipt not entered in Odoo; matches open INV/2026/03536 | DIRECT CREDIT WESTMERE COUNCIL S INV 3536 | H157: =INDEX('Match Groups'!$L$5:$L$1326,MATCH(D157,'Match Groups'!$A$5:$A$1326,0)) -> 3547.5 | I157: 0 | J157: AR officer | K157: Register the payment against the open invoice(s) listed in Allocations, then reconcile. | L157: J153 | M157: Proposed | N157: =TEXT(C157,"yyyy-mm") -> 2026-09 | O157: =ROUND(SUMIFS('Bank Lines'!$E$5:$E$1640,'Bank Lines'!$G$5:$G$1640,D157),2) -> 3547.5
A158: EX154 | B158: OPS | C158: 46268 | D158: G01196 | E158: NOBILL | F158: Decision | G158: Direct debit from Clinic Practice Software AU with no bill in Odoo; request the tax invoice | DIRECT DEBIT CLINIC PRACTICE SOFT | H158: =INDEX('Match Groups'!$L$5:$L$1326,MATCH(D158,'Match Groups'!$A$5:$A$1326,0)) -> -1870 | I158: =ROUND(-H158/11,2) -> 170 | J158: AP officer | K158: Request the tax invoice; post the expense now and hold the GST claim until the invoice is on file. | L158: J154 | M158: Awaiting decision | N158: =TEXT(C158,"yyyy-mm") -> 2026-09 | O158: =ROUND(SUMIFS('Bank Lines'!$E$5:$E$1640,'Bank Lines'!$G$5:$G$1640,D158),2) -> -1870
A159: EX155 | B159: OPS | C159: 46269 | D159: G01197 | E159: REG | F159: Routine | G159: Receipt not entered in Odoo; matches open INV/2026/02735 | DIRECT CREDIT UNITY WORKCOVER AGEN CLM5741224 RE INV 2026 02735 | H159: =INDEX('Match Groups'!$L$5:$L$1326,MATCH(D159,'Match Groups'!$A$5:$A$1326,0)) -> 412.5 | I159: 0 | J159: AR officer | K159: Register the payment against the open invoice(s) listed in Allocations, then reconcile. | L159: J155 | M159: Proposed | N159: =TEXT(C159,"yyyy-mm") -> 2026-09 | O159: =ROUND(SUMIFS('Bank Lines'!$E$5:$E$1640,'Bank Lines'!$G$5:$G$1640,D159),2) -> 412.5
A160: EX156 | B160: OPS | C160: 46273 | D160: G01198 | E160: REGBILL | F160: Routine | G160: Direct debit not entered in Odoo; matches open BILL/2026/1028 | DIRECT DEBIT FIBREWIRE NETWORKS 301755 | H160: =INDEX('Match Groups'!$L$5:$L$1326,MATCH(D160,'Match Groups'!$A$5:$A$1326,0)) -> -649 | I160: 0 | J160: AP officer | K160: Register the payment against the open bill, then reconcile. | L160: J156 | M160: Proposed | N160: =TEXT(C160,"yyyy-mm") -> 2026-09 | O160: =ROUND(SUMIFS('Bank Lines'!$E$5:$E$1640,'Bank Lines'!$G$5:$G$1640,D160),2) -> -649
A161: EX157 | B161: OPS | C161: 46274 | D161: G01199 | E161: REG | F161: Routine | G161: Receipt not entered in Odoo; matches open INV/2026/02796 | DIRECT CREDIT HARBOURMUTUALHEA CLM5797046 RE INV 2026 02796 | H161: =INDEX('Match Groups'!$L$5:$L$1326,MATCH(D161,'Match Groups'!$A$5:$A$1326,0)) -> 990 | I161: 0 | J161: AR officer | K161: Register the payment against the open invoice(s) listed in Allocations, then reconcile. | L161: J157 | M161: Proposed | N161: =TEXT(C161,"yyyy-mm") -> 2026-09 | O161: =ROUND(SUMIFS('Bank Lines'!$E$5:$E$1640,'Bank Lines'!$G$5:$G$1640,D161),2) -> 990
A162: EX158 | B162: OPS | C162: 46276 | D162: G01200 | E162: REG | F162: Routine | G162: Receipt not entered in Odoo; matches open INV/2026/02951 | DIRECT CREDIT NORTHLINE INJURY CLAIM CLM5310416 RE INV 2026 02951 | H162: =INDEX('Match Groups'!$L$5:$L$1326,MATCH(D162,'Match Groups'!$A$5:$A$1326,0)) -> 176 | I162: 0 | J162: AR officer | K162: Register the payment against the open invoice(s) listed in Allocations, then reconcile. | L162: J158 | M162: Proposed | N162: =TEXT(C162,"yyyy-mm") -> 2026-09 | O162: =ROUND(SUMIFS('Bank Lines'!$E$5:$E$1640,'Bank Lines'!$G$5:$G$1640,D162),2) -> 176
A163: EX159 | B163: OPS | C163: 46280 | D163: G01201 | E163: REGBILL | F163: Routine | G163: Direct debit not entered in Odoo; matches open BILL/2026/1025 | DIRECT DEBIT FLEETWISE VEHICLE LE 648292 | H163: =INDEX('Match Groups'!$L$5:$L$1326,MATCH(D163,'Match Groups'!$A$5:$A$1326,0)) -> -3184.62 | I163: 0 | J163: AP officer | K163: Register the payment against the open bill, then reconcile. | L163: J159 | M163: Proposed | N163: =TEXT(C163,"yyyy-mm") -> 2026-09 | O163: =ROUND(SUMIFS('Bank Lines'!$E$5:$E$1640,'Bank Lines'!$G$5:$G$1640,D163),2) -> -3184.62
A164: EX160 | B164: OPS | C164: 46281 | D164: G01202 | E164: REG | F164: Routine | G164: Receipt not entered in Odoo; matches open INV/2026/02926 | DIRECT CREDIT COASTLINE HEALTH FUND CLM5576852 02926 | H164: =INDEX('Match Groups'!$L$5:$L$1326,MATCH(D164,'Match Groups'!$A$5:$A$1326,0)) -> 176 | I164: 0 | J164: AR officer | K164: Register the payment against the open invoice(s) listed in Allocations, then reconcile. | L164: J160 | M164: Proposed | N164: =TEXT(C164,"yyyy-mm") -> 2026-09 | O164: =ROUND(SUMIFS('Bank Lines'!$E$5:$E$1640,'Bank Lines'!$G$5:$G$1640,D164),2) -> 176
A165: EX161 | B165: OPS | C165: 46288 | D165: G01203 | E165: REG | F165: Routine | G165: Receipt not entered in Odoo; matches open INV/2026/03120 | DIRECT CREDIT UNITY WORKCOVER AGEN CLM5907014 INV03120 | H165: =INDEX('Match Groups'!$L$5:$L$1326,MATCH(D165,'Match Groups'!$A$5:$A$1326,0)) -> 176 | I165: 0 | J165: AR officer | K165: Register the payment against the open invoice(s) listed in Allocations, then reconcile. | L165: J161 | M165: Proposed | N165: =TEXT(C165,"yyyy-mm") -> 2026-09 | O165: =ROUND(SUMIFS('Bank Lines'!$E$5:$E$1640,'Bank Lines'!$G$5:$G$1640,D165),2) -> 176
A166: EX162 | B166: OPS | C166: 46288 | D166: G01204 | E166: REG | F166: Routine | G166: Receipt not entered in Odoo; matches open INV/2026/03149 | DIRECT CREDIT UNITY WORKCOVER AG CLM5258722 03149 | H166: =INDEX('Match Groups'!$L$5:$L$1326,MATCH(D166,'Match Groups'!$A$5:$A$1326,0)) -> 264 | I166: 0 | J166: AR officer | K166: Register the payment against the open invoice(s) listed in Allocations, then reconcile. | L166: J162 | M166: Proposed | N166: =TEXT(C166,"yyyy-mm") -> 2026-09 | O166: =ROUND(SUMIFS('Bank Lines'!$E$5:$E$1640,'Bank Lines'!$G$5:$G$1640,D166),2) -> 264
A167: EX163 | B167: OPS | C167: 46290 | D167: G01205 | E167: REG | F167: Routine | G167: Receipt not entered in Odoo; matches open INV/2026/03189 | DIRECT CREDIT COASTLINE HEALTH FUN CLM5990758 03189 | H167: =INDEX('Match Groups'!$L$5:$L$1326,MATCH(D167,'Match Groups'!$A$5:$A$1326,0)) -> 264 | I167: 0 | J167: AR officer | K167: Register the payment against the open invoice(s) listed in Allocations, then reconcile. | L167: J163 | M167: Proposed | N167: =TEXT(C167,"yyyy-mm") -> 2026-09 | O167: =ROUND(SUMIFS('Bank Lines'!$E$5:$E$1640,'Bank Lines'!$G$5:$G$1640,D167),2) -> 264
A168: EX164 | B168: OPS | C168: 46290 | D168: G01206 | E168: REG | F168: Routine | G168: Receipt not entered in Odoo; matches open INV/2026/03535 | DIRECT CREDIT WESTMERECOUNCILS INV 3535 | H168: =INDEX('Match Groups'!$L$5:$L$1326,MATCH(D168,'Match Groups'!$A$5:$A$1326,0)) -> 16101.25 | I168: 0 | J168: AR officer | K168: Register the payment against the open invoice(s) listed in Allocations, then reconcile. | L168: J164 | M168: Proposed | N168: =TEXT(C168,"yyyy-mm") -> 2026-09 | O168: =ROUND(SUMIFS('Bank Lines'!$E$5:$E$1640,'Bank Lines'!$G$5:$G$1640,D168),2) -> 16101.25
A169: EX165 | B169: OPS | C169: 46290 | D169: G01207 | E169: REG | F169: Routine | G169: Receipt not entered in Odoo; matches open INV/2026/03560 | DIRECT CREDIT MORNANE ELECTRICAL | H169: =INDEX('Match Groups'!$L$5:$L$1326,MATCH(D169,'Match Groups'!$A$5:$A$1326,0)) -> 2722.5 | I169: 0 | J169: AR officer | K169: Register the payment against the open invoice(s) listed in Allocations, then reconcile. | L169: J165 | M169: Proposed | N169: =TEXT(C169,"yyyy-mm") -> 2026-09 | O169: =ROUND(SUMIFS('Bank Lines'!$E$5:$E$1640,'Bank Lines'!$G$5:$G$1640,D169),2) -> 2722.5
A170: EX166 | B170: OPS | C170: 46293 | D170: G01208 | E170: REG | F170: Routine | G170: Receipt not entered in Odoo; matches open INV/2026/03547 | DIRECT CREDIT DAINTREE PACKAGING PTY INV 3547 | H170: =INDEX('Match Groups'!$L$5:$L$1326,MATCH(D170,'Match Groups'!$A$5:$A$1326,0)) -> 2722.5 | I170: 0 | J170: AR officer | K170: Register the payment against the open invoice(s) listed in Allocations, then reconcile. | L170: J166 | M170: Proposed | N170: =TEXT(C170,"yyyy-mm") -> 2026-09 | O170: =ROUND(SUMIFS('Bank Lines'!$E$5:$E$1640,'Bank Lines'!$G$5:$G$1640,D170),2) -> 2722.5
... A184: EX180 | B184: PAY | C184: 46248 | D184: G01222 | E184: RETPAY-PAY | F184: Routine | G184: Pay returned (invalid BSB) and reissued; nets to nil | RETURN SALARY G. ERIKSEN PR260813 INVALID BSB | H184: =INDEX('Match Groups'!$L$5:$L$1326,MATCH(D184,'Match Groups'!$A$5:$A$1326,0)) -> 0 | I184: 0 | J184: Payroll officer | K184: Pay returned and reissued to corrected BSB; nets to nil. Note on the employee file, no journal. | L184: none | M184: Proposed | N184: =TEXT(C184,"yyyy-mm") -> 2026-08 | O184: =ROUND(SUMIFS('Bank Lines'!$E$5:$E$1640,'Bank Lines'!$G$5:$G$1640,D184),2) -> 0
A185: EX181 | B185: MER | C185: 46234 | D185: G01223 | E185: MERCH | F185: Routine | G185: MERCHANT SERVICE FEE JUL26 | H185: =INDEX('Match Groups'!$L$5:$L$1326,MATCH(D185,'Match Groups'!$A$5:$A$1326,0)) -> -2203.04 | I185: =ROUND(-H185/11,2) -> 200.28 | J185: Bookkeeper | K185: Post merchant service fee with GST from the monthly merchant statement. | L185: J181 | M185: Proposed | N185: =TEXT(C185,"yyyy-mm") -> 2026-07 | O185: =ROUND(SUMIFS('Bank Lines'!$E$5:$E$1640,'Bank Lines'!$G$5:$G$1640,D185),2) -> -2203.04
A186: EX182 | B186: MER | C186: 46253 | D186: G01224 | E186: CHGBK | F186: Decision | G186: CHARGEBACK T402 REF 88104 CARD ****4417 | H186: =INDEX('Match Groups'!$L$5:$L$1326,MATCH(D186,'Match Groups'!$A$5:$A$1326,0)) -> -340 | I186: 0 | J186: Practice manager | K186: Decide whether to contest within 7 days; move to chargebacks under dispute meanwhile. | L186: J182 | M186: Awaiting decision | N186: =TEXT(C186,"yyyy-mm") -> 2026-08 | O186: =ROUND(SUMIFS('Bank Lines'!$E$5:$E$1640,'Bank Lines'!$G$5:$G$1640,D186),2) -> -340
A187: EX183 | B187: MER | C187: 46265 | D187: G01225 | E187: MERCH | F187: Routine | G187: MERCHANT SERVICE FEE AUG26 | H187: =INDEX('Match Groups'!$L$5:$L$1326,MATCH(D187,'Match Groups'!$A$5:$A$1326,0)) -> -2086.89 | I187: =ROUND(-H187/11,2) -> 189.72 | J187: Bookkeeper | K187: Post merchant service fee with GST from the monthly merchant statement. | L187: J183 | M187: Proposed | N187: =TEXT(C187,"yyyy-mm") -> 2026-08 | O187: =ROUND(SUMIFS('Bank Lines'!$E$5:$E$1640,'Bank Lines'!$G$5:$G$1640,D187),2) -> -2086.89
A188: EX184 | B188: MER | C188: 46295 | D188: G01226 | E188: MERCH | F188: Routine | G188: MERCHANT SERVICE FEE SEP26 | H188: =INDEX('Match Groups'!$L$5:$L$1326,MATCH(D188,'Match Groups'!$A$5:$A$1326,0)) -> -2295.11 | I188: =ROUND(-H188/11,2) -> 208.65 | J188: Bookkeeper | K188: Post merchant service fee with GST from the monthly merchant statement. | L188: J184 | M188: Proposed | N188: =TEXT(C188,"yyyy-mm") -> 2026-09 | O188: =ROUND(SUMIFS('Bank Lines'!$E$5:$E$1640,'Bank Lines'!$G$5:$G$1640,D188),2) -> -2295.11
A189: EX185 | B189: USD | C189: 46209 | D189: G01227 | E189: FEE | F189: Routine | G189: INTL TRANSFER FEE | H189: =INDEX('Match Groups'!$L$5:$L$1326,MATCH(D189,'Match Groups'!$A$5:$A$1326,0)) -> -15 | I189: 0 | J189: Bookkeeper | K189: Post bank fee (input taxed, no GST). | L189: J185 | M189: Proposed | N189: =TEXT(C189,"yyyy-mm") -> 2026-07 | O189: =ROUND(SUMIFS('Bank Lines'!$E$5:$E$1640,'Bank Lines'!$G$5:$G$1640,D189),2) -> -15
A190: EX186 | B190: USD | C190: 46217 | D190: G01228 | E190: FEE | F190: Routine | G190: INTL TRANSFER FEE | H190: =INDEX('Match Groups'!$L$5:$L$1326,MATCH(D190,'Match Groups'!$A$5:$A$1326,0)) -> -15 | I190: 0 | J190: Bookkeeper | K190: Post bank fee (input taxed, no GST). | L190: J186 | M190: Proposed | N190: =TEXT(C190,"yyyy-mm") -> 2026-07 | O190: =ROUND(SUMIFS('Bank Lines'!$E$5:$E$1640,'Bank Lines'!$G$5:$G$1640,D190),2) -> -15
A191: EX187 | B191: USD | C191: 46223 | D191: G01229 | E191: FEE | F191: Routine | G191: INTL TRANSFER FEE | H191: =INDEX('Match Groups'!$L$5:$L$1326,MATCH(D191,'Match Groups'!$A$5:$A$1326,0)) -> -15 | I191: 0 | J191: Bookkeeper | K191: Post bank fee (input taxed, no GST). | L191: J187 | M191: Proposed | N191: =TEXT(C191,"yyyy-mm") -> 2026-07 | O191: =ROUND(SUMIFS('Bank Lines'!$E$5:$E$1640,'Bank Lines'!$G$5:$G$1640,D191),2) -> -15
A192: EX188 | B192: USD | C192: 46230 | D192: G01230 | E192: FEE | F192: Routine | G192: INTL TRANSFER FEE | H192: =INDEX('Match Groups'!$L$5:$L$1326,MATCH(D192,'Match Groups'!$A$5:$A$1326,0)) -> -15 | I192: 0 | J192: Bookkeeper | K192: Post bank fee (input taxed, no GST). | L192: J188 | M192: Proposed | N192: =TEXT(C192,"yyyy-mm") -> 2026-07 | O192: =ROUND(SUMIFS('Bank Lines'!$E$5:$E$1640,'Bank Lines'!$G$5:$G$1640,D192),2) -> -15
A193: EX189 | B193: USD | C193: 46240 | D193: G01231 | E193: FEE | F193: Routine | G193: INTL TRANSFER FEE | H193: =INDEX('Match Groups'!$L$5:$L$1326,MATCH(D193,'Match Groups'!$A$5:$A$1326,0)) -> -15 | I193: 0 | J193: Bookkeeper | K193: Post bank fee (input taxed, no GST). | L193: J189 | M193: Proposed | N193: =TEXT(C193,"yyyy-mm") -> 2026-08 | O193: =ROUND(SUMIFS('Bank Lines'!$E$5:$E$1640,'Bank Lines'!$G$5:$G$1640,D193),2) -> -15
A194: EX190 | B194: USD | C194: 46248 | D194: G01232 | E194: FEE | F194: Routine | G194: INTL TRANSFER FEE | H194: =INDEX('Match Groups'!$L$5:$L$1326,MATCH(D194,'Match Groups'!$A$5:$A$1326,0)) -> -15 | I194: 0 | J194: Bookkeeper | K194: Post bank fee (input taxed, no GST). | L194: J190 | M194: Proposed | N194: =TEXT(C194,"yyyy-mm") -> 2026-08 | O194: =ROUND(SUMIFS('Bank Lines'!$E$5:$E$1640,'Bank Lines'!$G$5:$G$1640,D194),2) -> -15
A195: EX191 | B195: USD | C195: 46254 | D195: G01233 | E195: FEE | F195: Routine | G195: INTL TRANSFER FEE | H195: =INDEX('Match Groups'!$L$5:$L$1326,MATCH(D195,'Match Groups'!$A$5:$A$1326,0)) -> -15 | I195: 0 | J195: Bookkeeper | K195: Post bank fee (input taxed, no GST). | L195: J191 | M195: Proposed | N195: =TEXT(C195,"yyyy-mm") -> 2026-08 | O195: =ROUND(SUMIFS('Bank Lines'!$E$5:$E$1640,'Bank Lines'!$G$5:$G$1640,D195),2) -> -15
A196: EX192 | B196: USD | C196: 46259 | D196: G01234 | E196: FEE | F196: Routine | G196: INTL TRANSFER FEE | H196: =INDEX('Match Groups'!$L$5:$L$1326,MATCH(D196,'Match Groups'!$A$5:$A$1326,0)) -> -15 | I196: 0 | J196: Bookkeeper | K196: Post bank fee (input taxed, no GST). | L196: J192 | M196: Proposed | N196: =TEXT(C196,"yyyy-mm") -> 2026-08 | O196: =ROUND(SUMIFS('Bank Lines'!$E$5:$E$1640,'Bank Lines'!$G$5:$G$1640,D196),2) -> -15
A197: EX193 | B197: USD | C197: 46272 | D197: G01235 | E197: FEE | F197: Routine | G197: INTL TRANSFER FEE | H197: =INDEX('Match Groups'!$L$5:$L$1326,MATCH(D197,'Match Groups'!$A$5:$A$1326,0)) -> -15 | I197: 0 | J197: Bookkeeper | K197: Post bank fee (input taxed, no GST). | L197: J193 | M197: Proposed | N197: =TEXT(C197,"yyyy-mm") -> 2026-09 | O197: =ROUND(SUMIFS('Bank Lines'!$E$5:$E$1640,'Bank Lines'!$G$5:$G$1640,D197),2) -> -15
A198: EX194 | B198: USD | C198: 46279 | D198: G01236 | E198: FEE | F198: Routine | G198: INTL TRANSFER FEE | H198: =INDEX('Match Groups'!$L$5:$L$1326,MATCH(D198,'Match Groups'!$A$5:$A$1326,0)) -> -15 | I198: 0 | J198: Bookkeeper | K198: Post bank fee (input taxed, no GST). | L198: J194 | M198: Proposed | N198: =TEXT(C198,"yyyy-mm") -> 2026-09 | O198: =ROUND(SUMIFS('Bank Lines'!$E$5:$E$1640,'Bank Lines'!$G$5:$G$1640,D198),2) -> -15
A199: EX195 | B199: USD | C199: 46286 | D199: G01237 | E199: FEE | F199: Routine | G199: INTL TRANSFER FEE | H199: =INDEX('Match Groups'!$L$5:$L$1326,MATCH(D199,'Match Groups'!$A$5:$A$1326,0)) -> -15 | I199: 0 | J199: Bookkeeper | K199: Post bank fee (input taxed, no GST). | L199: J195 | M199: Proposed | N199: =TEXT(C199,"yyyy-mm") -> 2026-09 | O199: =ROUND(SUMIFS('Bank Lines'!$E$5:$E$1640,'Bank Lines'!$G$5:$G$1640,D199),2) -> -15
A200: EX196 | B200: USD | C200: 46290 | D200: G01238 | E200: FEE | F200: Routine | G200: INTL TRANSFER FEE | H200: =INDEX('Match Groups'!$L$5:$L$1326,MATCH(D200,'Match Groups'!$A$5:$A$1326,0)) -> -15 | I200: 0 | J200: Bookkeeper | K200: Post bank fee (input taxed, no GST). | L200: J196 | M200: Proposed | N200: =TEXT(C200,"yyyy-mm") -> 2026-09 | O200: =ROUND(SUMIFS('Bank Lines'!$E$5:$E$1640,'Bank Lines'!$G$5:$G$1640,D200),2) -> -15
... A208: EX204 | B208: USD | C208: 46287 | D208: G01321 | E208: UNEXP | F208: Escalated | G208: No Odoo item, open invoice or known pattern. Escalated. | INWARD TT REF 7781 ORIGINATOR UNKNOWN | H208: =INDEX('Match Groups'!$L$5:$L$1326,MATCH(D208,'Match Groups'!$A$5:$A$1326,0)) -> 1200 | I208: 0 | J208: Director | K208: Hold in suspense and ask the director; do not allocate until the payer or payee is confirmed. | L208: J204 | M208: Escalated | N208: =TEXT(C208,"yyyy-mm") -> 2026-09 | O208: =ROUND(SUMIFS('Bank Lines'!$E$5:$E$1640,'Bank Lines'!$G$5:$G$1640,D208),2) -> 1200

Sheet Controls
A1: Control checks (all formulas)
A2: Sample build: realistic data, built to show how I'd handle this work. Not client data.
A4: Control | B4: Expected | C4: Actual | D4: Result | E4: Why it matters
A5: Statement lines roll forward to the bank's closing balance (12 account-months) | B5: 0 | C5: =ROUND(SUMPRODUCT(ABS('Statement Balances'!I5:I16)),2) -> 0 | D5: =IF(ROUND(C5-B5,2)=0,"PASS","FAIL") -> PASS | E5: Proves the import is complete and the duplicates are excluded
A6: Odoo journal items roll forward to the trial balance (12 account-months) | B6: 0 | C6: =ROUND(SUMPRODUCT(ABS('Odoo TB'!H5:H20)),2) -> 0 | D6: =IF(ROUND(C6-B6,2)=0,"PASS","FAIL") -> PASS | E6: Proves the Odoo export is complete
A7: Unexplained difference on all 12 reconciliation statements | B7: 0 | C7: =ROUND(ABS('Rec Statements'!D35)+ABS('Rec Statements'!D69)+ABS('Rec Statements'!D103)+ABS('Rec Statements'!D137)+ABS('Rec Statements'!D171)+ABS('Rec Statements'!D205)+ABS('Rec Statements'!D239)+ABS('Rec Statements'!D273)+ABS('Rec Statements'!D307)+ABS('Rec Statements'!D341)+ABS('Rec Statements'!D375)+ABS('Rec Statements'!D409),2) -> 0 | D7: =IF(ROUND(C7-B7,2)=0,"PASS","FAIL") -> PASS | E7: Adjusted bank equals adjusted Odoo to the cent
A8: Unclassified items on the statement side, all 12 statements | B8: 0 | C8: =ROUND(ABS('Rec Statements'!C24)+ABS('Rec Statements'!C58)+ABS('Rec Statements'!C92)+ABS('Rec Statements'!C126)+ABS('Rec Statements'!C160)+ABS('Rec Statements'!C194)+ABS('Rec Statements'!C228)+ABS('Rec Statements'!C262)+ABS('Rec Statements'!C296)+ABS('Rec Statements'!C330)+ABS('Rec Statements'!C364)+ABS('Rec Statements'!C398)+ABS('Rec Statements'!C31)+ABS('Rec Statements'!C65)+ABS('Rec Statements'!C99)+ABS('Rec Statements'!C133)+ABS('Rec Statements'!C167)+ABS('Rec Statements'!C201)+ABS('Rec Statements'!C235)+ABS('Rec Statements'!C269)+ABS('Rec Statements'!C303)+ABS('Rec Statements'!C337)+ABS('Rec Statements'!C371)+ABS('Rec Statements'!C405),2) -> 0 | D8: =IF(ROUND(C8-B8,2)=0,"PASS","FAIL") -> PASS | E8: Every reconciling item has a reason code
A9: Bank lines without a match group | B9: 0 | C9: =COUNTBLANK('Bank Lines'!$G$5:$G$1640) -> 0 | D9: =IF(ROUND(C9-B9,2)=0,"PASS","FAIL") -> PASS | E9: Every line is accounted for
A10: Odoo items without a match group | B10: 0 | C10: =COUNTBLANK('Odoo Items'!$J$5:$J$4331) -> 0 | D10: =IF(ROUND(C10-B10,2)=0,"PASS","FAIL") -> PASS | E10: Every Odoo item is accounted for
A11: Bank lines in groups = bank lines imported | B11: 1636 | C11: =SUM('Match Groups'!$H$5:$H$1326)+COUNTIF('Bank Lines'!$J$5:$J$1640,0) -> 1636 | D11: =IF(ROUND(C11-B11,2)=0,"PASS","FAIL") -> PASS | E11: No line counted twice or dropped
A12: Odoo items in groups = Odoo items exported | B12: 4327 | C12: =SUM('Match Groups'!$I$5:$I$1326) -> 4327 | D12: =IF(ROUND(C12-B12,2)=0,"PASS","FAIL") -> PASS | E12: No item counted twice or dropped
A13: Groups with a repeated group number | B13: 0 | C13: =SUMPRODUCT((COUNTIF('Match Groups'!$A$5:$A$1326,'Match Groups'!$A$5:$A$1326)>1)*1) -> 0 | D13: =IF(ROUND(C13-B13,2)=0,"PASS","FAIL") -> PASS | E13: Group numbers are unique
A14: Clean matches (reason MATCH) that do not tie to the cent | B14: 0 | C14: =ROUND(SUMPRODUCT(('Match Groups'!$D$5:$D$1326="MATCH")*('Match Groups'!$H$5:$H$1326>0)*('Match Groups'!$I$5:$I$1326>0)*ABS('Match Groups'!$L$5:$L$1326)),2) -> 0 | D14: =IF(ROUND(C14-B14,2)=0,"PASS","FAIL") -> PASS | E14: A match only counts if it ties exactly
A15: Matched groups that straddle a month end on one side only | B15: 0 | C15: =SUMPRODUCT(('Match Groups'!$Q$5:$Q$1326="BOTH")*((ABS('Match Groups'!$M$5:$M$1326-'Match Groups'!$J$5:$J$1326)+ABS('Match Groups'!$N$5:$N$1326-'Match Groups'!$K$5:$K$1326))>0.004))+SUMPRODUCT(('Match Groups'!$W$5:$W$1326="BOTH")*((ABS('Match Groups'!$S$5:$S$1326-'Match Groups'!$J$5:$J$1326)+ABS('Match Groups'!$T$5:$T$1326-'Match Groups'!$K$5:$K$1326))>0.004))+SUMPRODUCT(('Match Groups'!$AC$5:$AC$1326="BOTH")*((ABS('Match Groups'!$Y$5:$Y$1326-'Match Groups'!$J$5:$J$1326)+ABS('Match Groups'!$Z$5:$Z$1326-'Match Groups'!$K$5:$K$1326))>0.004)) -> 0 | D15: =IF(ROUND(C15-B15,2)=0,"PASS","FAIL") -> PASS | E15: Month-end positions are complete on both sides
A16: Duplicate import lines detected (R01) and excluded from balances | B16: 13 | C16: =COUNTIFS('Bank Lines'!$I$5:$I$1640,"DUPIMP",'Bank Lines'!$J$5:$J$1640,0) -> 13 | D16: =IF(ROUND(C16-B16,2)=0,"PASS","FAIL") -> PASS | E16: The 14 Aug file was imported twice
A17: Stripe report: gross - fee = net on every line | B17: 0 | C17: =ROUND(SUMPRODUCT(ABS('Stripe Report'!J5:J1934)),2) -> 0 | D17: =IF(ROUND(C17-B17,2)=0,"PASS","FAIL") -> PASS | E17: Payout report is internally consistent
A18: Stripe payouts: report net vs bank amount | B18: 0 | C18: =ROUND(SUMPRODUCT(ABS('Stripe Payouts'!L5:L72)),2) -> 0 | D18: =IF(ROUND(C18-B18,2)=0,"PASS","FAIL") -> PASS | E18: Every payout ties to the cent
A19: Stripe group differences = fees + disputes per report | B19: 0 | C19: =ROUND(SUMIFS('Match Groups'!$L$5:$L$1326,'Match Groups'!$D$5:$D$1326,"STRIPE-FEE")+SUMIFS('Stripe Payouts'!G5:G72,'Stripe Payouts'!J5:J72,"<>after 30 Sep")-SUMIFS('Stripe Payouts'!F5:F72,'Stripe Payouts'!J5:J72,"<>after 30 Sep"),2) -> 0 | D19: =IF(ROUND(C19-B19,2)=0,"PASS","FAIL") -> PASS | E19: Fees are booked exactly once
A20: Proposed journals: total debits - total credits | B20: 0 | C20: =ROUND(SUM('Proposed Journals'!G5:G454)-SUM('Proposed Journals'!H5:H454),2) -> 0 | D20: =IF(ROUND(C20-B20,2)=0,"PASS","FAIL") -> PASS | E20: Journals balance
A21: Proposed journals out of balance | B21: 0 | C21: =COUNTIF('Proposed Journals'!K5:K454,"<>0") -> 0 | D21: =IF(ROUND(C21-B21,2)=0,"PASS","FAIL") -> PASS | E21: Every journal balances on its own
A22: Journal bank lines vs exceptions needing a journal, by account | B22: 0 | C22: =ROUND(ABS(SUMIFS('Proposed Journals'!G5:G454,'Proposed Journals'!E5:E454,"1110 Bank - Operating")-SUMIFS('Proposed Journals'!H5:H454,'Proposed Journals'!E5:E454,"1110 Bank - Operating")-SUMIFS(Exceptions!H5:H208,Exceptions!B5:B208,"OPS",Exceptions!L5:L208,"<>none"))+ABS(SUMIFS('Proposed Journals'!G5:G454,'Proposed Journals'!E5:E454,"1120 Bank - Payroll clearing")-SUMIFS('Proposed Journals'!H5:H454,'Proposed Journals'!E5:E454,"1120 Bank - Payroll clearing")-SUMIFS(Exceptions!H5:H208,Exceptions!B5:B208,"PAY",Exceptions!L5:L208,"<>none"))+ABS(SUMIFS('Proposed Journals'!G5:G454,'Proposed Journals'!E5:E454,"1130 Bank - Merchant settlement")-SUMIFS('Proposed Journals'!H5:H454,'Proposed Journals'!E5:E454,"1130 Bank - Merchant settlement")-SUMIFS(Exceptions!H5:H208,Exceptions!B5:B208,"MER",Exceptions!L5:L208,"<>none"))+ABS(SUMIFS('Proposed Journals'!G5:G454,'Proposed Journals'!E5:E454,"1140 Bank - USD")-SUMIFS('Proposed Journals'!H5:H454,'Proposed Journals'!E5:E454,"1140 Bank - USD")-SUMIFS(Exceptions!H5:H208,Exceptions!B5:B208,"USD",Exceptions!L5:L208,"<>none")),2) -> 0 | D22: =IF(ROUND(C22-B22,2)=0,"PASS","FAIL") -> PASS | E22: Journals post exactly what the register says
A23: Exceptions vs 30 Sep Odoo-side reconciling items, by account | B23: 0 | C23: =ROUND(ABS(SUMIFS(Exceptions!H5:H208,Exceptions!B5:B208,"OPS",Exceptions!E5:E208,"<>STALE")-('Rec Statements'!D101-'Rec Statements'!D79))+ABS(SUMIFS(Exceptions!H5:H208,Exceptions!B5:B208,"PAY",Exceptions!E5:E208,"<>STALE")-('Rec Statements'!D203-'Rec Statements'!D181))+ABS(SUMIFS(Exceptions!H5:H208,Exceptions!B5:B208,"MER",Exceptions!E5:E208,"<>STALE")-('Rec Statements'!D305-'Rec Statements'!D283))+ABS(SUMIFS(Exceptions!H5:H208,Exceptions!B5:B208,"USD",Exceptions!E5:E208,"<>STALE")-('Rec Statements'!D407-'Rec Statements'!D385)),2) -> 0 | D23: =IF(ROUND(C23-B23,2)=0,"PASS","FAIL") -> PASS | E23: The register explains every reconciling item at quarter end
A24: After proposed journals: Odoo + journals = statement + in transit, 30 Sep | B24: 0 | C24: =ROUND(ABS('Rec Statements'!D79+SUMIFS('Proposed Journals'!G5:G454,'Proposed Journals'!E5:E454,"1110 Bank - Operating")-SUMIFS('Proposed Journals'!H5:H454,'Proposed Journals'!E5:E454,"1110 Bank - Operating")-'Rec Statements'!D77)+ABS('Rec Statements'!D181+SUMIFS('Proposed Journals'!G5:G454,'Proposed Journals'!E5:E454,"1120 Bank - Payroll clearing")-SUMIFS('Proposed Journals'!H5:H454,'Proposed Journals'!E5:E454,"1120 Bank - Payroll clearing")-'Rec Statements'!D179)+ABS('Rec Statements'!D283+SUMIFS('Proposed Journals'!G5:G454,'Proposed Journals'!E5:E454,"1130 Bank - Merchant settlement")-SUMIFS('Proposed Journals'!H5:H454,'Proposed Journals'!E5:E454,"1130 Bank - Merchant settlement")-'Rec Statements'!D281)+ABS('Rec Statements'!D385+SUMIFS('Proposed Journals'!G5:G454,'Proposed Journals'!E5:E454,"1140 Bank - USD")-SUMIFS('Proposed Journals'!H5:H454,'Proposed Journals'!E5:E454,"1140 Bank - USD")-'Rec Statements'!D383),2) -> 0 | D24: =IF(ROUND(C24-B24,2)=0,"PASS","FAIL") -> PASS | E24: Posting the journals closes the reconciliation
A25: Allocations exceeding an open item's residual | B25: 0 | C25: =COUNTIFS('Open Items'!K5:K483,"<-0.005",'Open Items'!J5:J483,"<>0") -> 0 | D25: =IF(ROUND(C25-B25,2)=0,"PASS","FAIL") -> PASS | E25: No invoice or bill is over-allocated
A26: Allocations vs REG / REGBILL exception amounts | B26: 0 | C26: =ROUND(SUM(Allocations!C5:C222)-SUMIFS(Exceptions!H5:H208,Exceptions!E5:E208,"REG")-SUMIFS(Exceptions!H5:H208,Exceptions!E5:E208,"REGBILL"),2) -> 0 | D26: =IF(ROUND(C26-B26,2)=0,"PASS","FAIL") -> PASS | E26: Allocations post the full amount
A27: Transfers: operating to payroll vs payroll from operating (bank) | B27: 0 | C27: =ROUND(SUMIFS('Bank Lines'!$E$5:$E$1640,'Bank Lines'!$D$5:$D$1640,"TFR TO PAYROLL*",'Bank Lines'!$J$5:$J$1640,1)+SUMIFS('Bank Lines'!$E$5:$E$1640,'Bank Lines'!$D$5:$D$1640,"TFR FROM OPERATING*",'Bank Lines'!$J$5:$J$1640,1),2) -> 0 | D27: =IF(ROUND(C27-B27,2)=0,"PASS","FAIL") -> PASS | E27: Inter-account transfers net to nil
A28: Sweeps: merchant to operating vs operating from merchant (bank) | B28: 0 | C28: =ROUND(SUMIFS('Bank Lines'!$E$5:$E$1640,'Bank Lines'!$D$5:$D$1640,"SWEEP TO*",'Bank Lines'!$J$5:$J$1640,1)+SUMIFS('Bank Lines'!$E$5:$E$1640,'Bank Lines'!$D$5:$D$1640,"SWEEP FROM*",'Bank Lines'!$J$5:$J$1640,1),2) -> 0 | D28: =IF(ROUND(C28-B28,2)=0,"PASS","FAIL") -> PASS | E28: Sweeps net to nil
A29: Dashboard unexplained differences (all rows) | B29: 0 | C29: =ROUND(SUMPRODUCT(ABS(Dashboard!M5:M16)),2) -> 0 | D29: =IF(ROUND(C29-B29,2)=0,"PASS","FAIL") -> PASS | E29: Sign-off view agrees with the statements
A30: Dashboard statement lines = counted bank lines | B30: 1623 | C30: =Dashboard!N17 -> 1623 | D30: =IF(ROUND(C30-B30,2)=0,"PASS","FAIL") -> PASS | E30: Dashboard covers every line
A31: Engine regression test: items that disagree with the expected outcome | B31: 0 | C31: ='Test Log'!E5 -> 0 | D31: =IF(ROUND(C31-B31,2)=0,"PASS","FAIL") -> PASS | E31: match.py is checked on every run
A32: Workbook groups = engine groups | B32: 1322 | C32: =COUNTA('Match Groups'!$A$5:$A$1326) -> 1322 | D32: =IF(ROUND(C32-B32,2)=0,"PASS","FAIL") -> PASS | E32: The workbook reflects this engine run
A34: Controls passed | B34: 28 | C34: =COUNTIF(D5:D32,"PASS") -> 28

Sheet Proposed Journals
A1: Proposed journals (amounts linked to the exceptions register)
A2: Sample build: realistic data, built to show how I'd handle this work. Not client data.
A4: Journal | B4: Exception | C4: Date | D4: Bank journal | E4: Account | F4: Partner / note | G4: Debit | H4: Credit | I4: Tax | J4: Currency | K4: Journal balance
A5: J014 | B5: EX014 | C5: 46204 | D5: OPS | E5: 1110 Bank - Operating | F5: 31 report lines; fees 78.09 | STRIPE PAYOUT STRIPE po_1Q0001 | G5: =MAX(Exceptions!$H$18,0) -> 0 | H5: =MAX(-Exceptions!$H$18,0) -> 78.09 | J5: AUD | K5: =ROUND(SUMIFS($G$5:$G$454,$A$5:$A$454,A5)-SUMIFS($H$5:$H$454,$A$5:$A$454,A5),2) -> 0
A6: J014 | B6: EX014 | C6: 46204 | D6: OPS | E6: 6120 Merchant and payment fees | F6: Stripe fees ex GST | G6: =ROUND(SUMIFS('Stripe Payouts'!$G$5:$G$72,'Stripe Payouts'!$M$5:$M$72,Exceptions!$D$18)-Exceptions!$I$18,2) -> 70.99 | H6: 0 | I6: GST on purchases | J6: AUD | K6: =ROUND(SUMIFS($G$5:$G$454,$A$5:$A$454,A6)-SUMIFS($H$5:$H$454,$A$5:$A$454,A6),2) -> 0
A7: J014 | B7: EX014 | C7: 46204 | D7: OPS | E7: 1300 GST paid (1B) | F7: GST on Stripe fees | G7: =Exceptions!$I$18 -> 7.1 | H7: 0 | I7: GST | J7: AUD | K7: =ROUND(SUMIFS($G$5:$G$454,$A$5:$A$454,A7)-SUMIFS($H$5:$H$454,$A$5:$A$454,A7),2) -> 0
A8: J015 | B8: EX015 | C8: 46205 | D8: OPS | E8: 1110 Bank - Operating | F8: 21 report lines; fees 53.15 | STRIPE PAYOUT STRIPE po_1Q0002 | G8: =MAX(Exceptions!$H$19,0) -> 0 | H8: =MAX(-Exceptions!$H$19,0) -> 53.15 | J8: AUD | K8: =ROUND(SUMIFS($G$5:$G$454,$A$5:$A$454,A8)-SUMIFS($H$5:$H$454,$A$5:$A$454,A8),2) -> 0
A9: J015 | B9: EX015 | C9: 46205 | D9: OPS | E9: 6120 Merchant and payment fees | F9: Stripe fees ex GST | G9: =ROUND(SUMIFS('Stripe Payouts'!$G$5:$G$72,'Stripe Payouts'!$M$5:$M$72,Exceptions!$D$19)-Exceptions!$I$19,2) -> 48.32 | H9: 0 | I9: GST on purchases | J9: AUD | K9: =ROUND(SUMIFS($G$5:$G$454,$A$5:$A$454,A9)-SUMIFS($H$5:$H$454,$A$5:$A$454,A9),2) -> 0
A10: J015 | B10: EX015 | C10: 46205 | D10: OPS | E10: 1300 GST paid (1B) | F10: GST on Stripe fees | G10: =Exceptions!$I$19 -> 4.83 | H10: 0 | I10: GST | J10: AUD | K10: =ROUND(SUMIFS($G$5:$G$454,$A$5:$A$454,A10)-SUMIFS($H$5:$H$454,$A$5:$A$454,A10),2) -> 0
A11: J016 | B11: EX016 | C11: 46206 | D11: OPS | E11: 1110 Bank - Operating | F11: 32 report lines; fees 75.01 | STRIPE PAYOUT STRIPE po_1Q0003 | G11: =MAX(Exceptions!$H$20,0) -> 0 | H11: =MAX(-Exceptions!$H$20,0) -> 75.01 | J11: AUD | K11: =ROUND(SUMIFS($G$5:$G$454,$A$5:$A$454,A11)-SUMIFS($H$5:$H$454,$A$5:$A$454,A11),2) -> 0
A12: J016 | B12: EX016 | C12: 46206 | D12: OPS | E12: 6120 Merchant and payment fees | F12: Stripe fees ex GST | G12: =ROUND(SUMIFS('Stripe Payouts'!$G$5:$G$72,'Stripe Payouts'!$M$5:$M$72,Exceptions!$D$20)-Exceptions!$I$20,2) -> 68.19 | H12: 0 | I12: GST on purchases | J12: AUD | K12: =ROUND(SUMIFS($G$5:$G$454,$A$5:$A$454,A12)-SUMIFS($H$5:$H$454,$A$5:$A$454,A12),2) -> 0
A13: J016 | B13: EX016 | C13: 46206 | D13: OPS | E13: 1300 GST paid (1B) | F13: GST on Stripe fees | G13: =Exceptions!$I$20 -> 6.82 | H13: 0 | I13: GST | J13: AUD | K13: =ROUND(SUMIFS($G$5:$G$454,$A$5:$A$454,A13)-SUMIFS($H$5:$H$454,$A$5:$A$454,A13),2) -> 0
A14: J017 | B14: EX017 | C14: 46209 | D14: OPS | E14: 1110 Bank - Operating | F14: 25 report lines; fees 63.27 | STRIPE PAYOUT STRIPE po_1Q0004 | G14: =MAX(Exceptions!$H$21,0) -> 0 | H14: =MAX(-Exceptions!$H$21,0) -> 63.27 | J14: AUD | K14: =ROUND(SUMIFS($G$5:$G$454,$A$5:$A$454,A14)-SUMIFS($H$5:$H$454,$A$5:$A$454,A14),2) -> 0
A15: J017 | B15: EX017 | C15: 46209 | D15: OPS | E15: 6120 Merchant and payment fees | F15: Stripe fees ex GST | G15: =ROUND(SUMIFS('Stripe Payouts'!$G$5:$G$72,'Stripe Payouts'!$M$5:$M$72,Exceptions!$D$21)-Exceptions!$I$21,2) -> 57.52 | H15: 0 | I15: GST on purchases | J15: AUD | K15: =ROUND(SUMIFS($G$5:$G$454,$A$5:$A$454,A15)-SUMIFS($H$5:$H$454,$A$5:$A$454,A15),2) -> 0
A16: J017 | B16: EX017 | C16: 46209 | D16: OPS | E16: 1300 GST paid (1B) | F16: GST on Stripe fees | G16: =Exceptions!$I$21 -> 5.75 | H16: 0 | I16: GST | J16: AUD | K16: =ROUND(SUMIFS($G$5:$G$454,$A$5:$A$454,A16)-SUMIFS($H$5:$H$454,$A$5:$A$454,A16),2) -> 0
A17: J018 | B17: EX018 | C17: 46210 | D17: OPS | E17: 1110 Bank - Operating | F17: 38 report lines; fees 104.19 | STRIPE PAYOUT STRIPE po_1Q000 | G17: =MAX(Exceptions!$H$22,0) -> 0 | H17: =MAX(-Exceptions!$H$22,0) -> 104.19 | J17: AUD | K17: =ROUND(SUMIFS($G$5:$G$454,$A$5:$A$454,A17)-SUMIFS($H$5:$H$454,$A$5:$A$454,A17),2) -> 0
A18: J018 | B18: EX018 | C18: 46210 | D18: OPS | E18: 6120 Merchant and payment fees | F18: Stripe fees ex GST | G18: =ROUND(SUMIFS('Stripe Payouts'!$G$5:$G$72,'Stripe Payouts'!$M$5:$M$72,Exceptions!$D$22)-Exceptions!$I$22,2) -> 94.72 | H18: 0 | I18: GST on purchases | J18: AUD | K18: =ROUND(SUMIFS($G$5:$G$454,$A$5:$A$454,A18)-SUMIFS($H$5:$H$454,$A$5:$A$454,A18),2) -> 0
A19: J018 | B19: EX018 | C19: 46210 | D19: OPS | E19: 1300 GST paid (1B) | F19: GST on Stripe fees | G19: =Exceptions!$I$22 -> 9.47 | H19: 0 | I19: GST | J19: AUD | K19: =ROUND(SUMIFS($G$5:$G$454,$A$5:$A$454,A19)-SUMIFS($H$5:$H$454,$A$5:$A$454,A19),2) -> 0
A20: J019 | B20: EX019 | C20: 46211 | D20: OPS | E20: 1110 Bank - Operating | F20: 19 report lines; fees 46.59 | STRIPE PAYOUT STRIPE po_1Q0006 | G20: =MAX(Exceptions!$H$23,0) -> 0 | H20: =MAX(-Exceptions!$H$23,0) -> 46.59 | J20: AUD | K20: =ROUND(SUMIFS($G$5:$G$454,$A$5:$A$454,A20)-SUMIFS($H$5:$H$454,$A$5:$A$454,A20),2) -> 0
A21: J019 | B21: EX019 | C21: 46211 | D21: OPS | E21: 6120 Merchant and payment fees | F21: Stripe fees ex GST | G21: =ROUND(SUMIFS('Stripe Payouts'!$G$5:$G$72,'Stripe Payouts'!$M$5:$M$72,Exceptions!$D$23)-Exceptions!$I$23,2) -> 42.35 | H21: 0 | I21: GST on purchases | J21: AUD | K21: =ROUND(SUMIFS($G$5:$G$454,$A$5:$A$454,A21)-SUMIFS($H$5:$H$454,$A$5:$A$454,A21),2) -> 0
A22: J019 | B22: EX019 | C22: 46211 | D22: OPS | E22: 1300 GST paid (1B) | F22: GST on Stripe fees | G22: =Exceptions!$I$23 -> 4.24 | H22: 0 | I22: GST | J22: AUD | K22: =ROUND(SUMIFS($G$5:$G$454,$A$5:$A$454,A22)-SUMIFS($H$5:$H$454,$A$5:$A$454,A22),2) -> 0
A23: J020 | B23: EX020 | C23: 46212 | D23: OPS | E23: 1110 Bank - Operating | F23: 32 report lines; fees 69.84 | STRIPE PAYOUT STRIPE po_1Q0007 | G23: =MAX(Exceptions!$H$24,0) -> 0 | H23: =MAX(-Exceptions!$H$24,0) -> 69.84 | J23: AUD | K23: =ROUND(SUMIFS($G$5:$G$454,$A$5:$A$454,A23)-SUMIFS($H$5:$H$454,$A$5:$A$454,A23),2) -> 0
A24: J020 | B24: EX020 | C24: 46212 | D24: OPS | E24: 6120 Merchant and payment fees | F24: Stripe fees ex GST | G24: =ROUND(SUMIFS('Stripe Payouts'!$G$5:$G$72,'Stripe Payouts'!$M$5:$M$72,Exceptions!$D$24)-Exceptions!$I$24,2) -> 63.49 | H24: 0 | I24: GST on purchases | J24: AUD | K24: =ROUND(SUMIFS($G$5:$G$454,$A$5:$A$454,A24)-SUMIFS($H$5:$H$454,$A$5:$A$454,A24),2) -> 0
A25: J020 | B25: EX020 | C25: 46212 | D25: OPS | E25: 1300 GST paid (1B) | F25: GST on Stripe fees | G25: =Exceptions!$I$24 -> 6.35 | H25: 0 | I25: GST | J25: AUD | K25: =ROUND(SUMIFS($G$5:$G$454,$A$5:$A$454,A25)-SUMIFS($H$5:$H$454,$A$5:$A$454,A25),2) -> 0
A26: J021 | B26: EX021 | C26: 46213 | D26: OPS | E26: 1110 Bank - Operating | F26: 28 report lines; fees 75.63 | STRIPE PAYOUT STRIPE po_1Q0008 | G26: =MAX(Exceptions!$H$25,0) -> 0 | H26: =MAX(-Exceptions!$H$25,0) -> 75.63 | J26: AUD | K26: =ROUND(SUMIFS($G$5:$G$454,$A$5:$A$454,A26)-SUMIFS($H$5:$H$454,$A$5:$A$454,A26),2) -> 0
A27: J021 | B27: EX021 | C27: 46213 | D27: OPS | E27: 6120 Merchant and payment fees | F27: Stripe fees ex GST | G27: =ROUND(SUMIFS('Stripe Payouts'!$G$5:$G$72,'Stripe Payouts'!$M$5:$M$72,Exceptions!$D$25)-Exceptions!$I$25,2) -> 68.75 | H27: 0 | I27: GST on purchases | J27: AUD | K27: =ROUND(SUMIFS($G$5:$G$454,$A$5:$A$454,A27)-SUMIFS($H$5:$H$454,$A$5:$A$454,A27),2) -> 0
A28: J021 | B28: EX021 | C28: 46213 | D28: OPS | E28: 1300 GST paid (1B) | F28: GST on Stripe fees | G28: =Exceptions!$I$25 -> 6.88 | H28: 0 | I28: GST | J28: AUD | K28: =ROUND(SUMIFS($G$5:$G$454,$A$5:$A$454,A28)-SUMIFS($H$5:$H$454,$A$5:$A$454,A28),2) -> 0
A29: J022 | B29: EX022 | C29: 46216 | D29: OPS | E29: 1110 Bank - Operating | F29: 20 report lines; fees 51.79 | STRIPE PAYOUT STRIPE po_1Q0009 | G29: =MAX(Exceptions!$H$26,0) -> 0 | H29: =MAX(-Exceptions!$H$26,0) -> 51.79 | J29: AUD | K29: =ROUND(SUMIFS($G$5:$G$454,$A$5:$A$454,A29)-SUMIFS($H$5:$H$454,$A$5:$A$454,A29),2) -> 0
A30: J022 | B30: EX022 | C30: 46216 | D30: OPS | E30: 6120 Merchant and payment fees | F30: Stripe fees ex GST | G30: =ROUND(SUMIFS('Stripe Payouts'!$G$5:$G$72,'Stripe Payouts'!$M$5:$M$72,Exceptions!$D$26)-Exceptions!$I$26,2) -> 47.08 | H30: 0 | I30: GST on purchases | J30: AUD | K30: =ROUND(SUMIFS($G$5:$G$454,$A$5:$A$454,A30)-SUMIFS($H$5:$H$454,$A$5:$A$454,A30),2) -> 0
A31: J022 | B31: EX022 | C31: 46216 | D31: OPS | E31: 1300 GST paid (1B) | F31: GST on Stripe fees | G31: =Exceptions!$I$26 -> 4.71 | H31: 0 | I31: GST | J31: AUD | K31: =ROUND(SUMIFS($G$5:$G$454,$A$5:$A$454,A31)-SUMIFS($H$5:$H$454,$A$5:$A$454,A31),2) -> 0
A32: J023 | B32: EX023 | C32: 46217 | D32: OPS | E32: 1110 Bank - Operating | F32: 39 report lines; fees 98.72 | STRIPE PAYOUT STRIPE po_1Q0010 | G32: =MAX(Exceptions!$H$27,0) -> 0 | H32: =MAX(-Exceptions!$H$27,0) -> 98.72 | J32: AUD | K32: =ROUND(SUMIFS($G$5:$G$454,$A$5:$A$454,A32)-SUMIFS($H$5:$H$454,$A$5:$A$454,A32),2) -> 0
A33: J023 | B33: EX023 | C33: 46217 | D33: OPS | E33: 6120 Merchant and payment fees | F33: Stripe fees ex GST | G33: =ROUND(SUMIFS('Stripe Payouts'!$G$5:$G$72,'Stripe Payouts'!$M$5:$M$72,Exceptions!$D$27)-Exceptions!$I$27,2) -> 89.75 | H33: 0 | I33: GST on purchases | J33: AUD | K33: =ROUND(SUMIFS($G$5:$G$454,$A$5:$A$454,A33)-SUMIFS($H$5:$H$454,$A$5:$A$454,A33),2) -> 0
A34: J023 | B34: EX023 | C34: 46217 | D34: OPS | E34: 1300 GST paid (1B) | F34: GST on Stripe fees | G34: =Exceptions!$I$27 -> 8.97 | H34: 0 | I34: GST | J34: AUD | K34: =ROUND(SUMIFS($G$5:$G$454,$A$5:$A$454,A34)-SUMIFS($H$5:$H$454,$A$5:$A$454,A34),2) -> 0
A35: J024 | B35: EX024 | C35: 46218 | D35: OPS | E35: 1110 Bank - Operating | F35: 19 report lines; fees 48.19 | STRIPE PAYOUT STRIPE po_1Q0011 | G35: =MAX(Exceptions!$H$28,0) -> 0 | H35: =MAX(-Exceptions!$H$28,0) -> 48.19 | J35: AUD | K35: =ROUND(SUMIFS($G$5:$G$454,$A$5:$A$454,A35)-SUMIFS($H$5:$H$454,$A$5:$A$454,A35),2) -> 0
A36: J024 | B36: EX024 | C36: 46218 | D36: OPS | E36: 6120 Merchant and payment fees | F36: Stripe fees ex GST | G36: =ROUND(SUMIFS('Stripe Payouts'!$G$5:$G$72,'Stripe Payouts'!$M$5:$M$72,Exceptions!$D$28)-Exceptions!$I$28,2) -> 43.81 | H36: 0 | I36: GST on purchases | J36: AUD | K36: =ROUND(SUMIFS($G$5:$G$454,$A$5:$A$454,A36)-SUMIFS($H$5:$H$454,$A$5:$A$454,A36),2) -> 0
A37: J024 | B37: EX024 | C37: 46218 | D37: OPS | E37: 1300 GST paid (1B) | F37: GST on Stripe fees | G37: =Exceptions!$I$28 -> 4.38 | H37: 0 | I37: GST | J37: AUD | K37: =ROUND(SUMIFS($G$5:$G$454,$A$5:$A$454,A37)-SUMIFS($H$5:$H$454,$A$5:$A$454,A37),2) -> 0
A38: J025 | B38: EX025 | C38: 46219 | D38: OPS | E38: 1110 Bank - Operating | F38: 34 report lines; fees 86.98 | STRIPE PAYOUT STRIPE po_1Q0012 | G38: =MAX(Exceptions!$H$29,0) -> 0 | H38: =MAX(-Exceptions!$H$29,0) -> 86.98 | J38: AUD | K38: =ROUND(SUMIFS($G$5:$G$454,$A$5:$A$454,A38)-SUMIFS($H$5:$H$454,$A$5:$A$454,A38),2) -> 0
A39: J025 | B39: EX025 | C39: 46219 | D39: OPS | E39: 6120 Merchant and payment fees | F39: Stripe fees ex GST | G39: =ROUND(SUMIFS('Stripe Payouts'!$G$5:$G$72,'Stripe Payouts'!$M$5:$M$72,Exceptions!$D$29)-Exceptions!$I$29,2) -> 79.07 | H39: 0 | I39: GST on purchases | J39: AUD | K39: =ROUND(SUMIFS($G$5:$G$454,$A$5:$A$454,A39)-SUMIFS($H$5:$H$454,$A$5:$A$454,A39),2) -> 0
A40: J025 | B40: EX025 | C40: 46219 | D40: OPS | E40: 1300 GST paid (1B) | F40: GST on Stripe fees | G40: =Exceptions!$I$29 -> 7.91 | H40: 0 | I40: GST | J40: AUD | K40: =ROUND(SUMIFS($G$5:$G$454,$A$5:$A$454,A40)-SUMIFS($H$5:$H$454,$A$5:$A$454,A40),2) -> 0
A41: J026 | B41: EX026 | C41: 46220 | D41: OPS | E41: 1110 Bank - Operating | F41: 21 report lines; fees 52.37 | STRIPE PAYOUT STRIPE po_1Q0013 | G41: =MAX(Exceptions!$H$30,0) -> 0 | H41: =MAX(-Exceptions!$H$30,0) -> 52.37 | J41: AUD | K41: =ROUND(SUMIFS($G$5:$G$454,$A$5:$A$454,A41)-SUMIFS($H$5:$H$454,$A$5:$A$454,A41),2) -> 0
A42: J026 | B42: EX026 | C42: 46220 | D42: OPS | E42: 6120 Merchant and payment fees | F42: Stripe fees ex GST | G42: =ROUND(SUMIFS('Stripe Payouts'!$G$5:$G$72,'Stripe Payouts'!$M$5:$M$72,Exceptions!$D$30)-Exceptions!$I$30,2) -> 47.61 | H42: 0 | I42: GST on purchases | J42: AUD | K42: =ROUND(SUMIFS($G$5:$G$454,$A$5:$A$454,A42)-SUMIFS($H$5:$H$454,$A$5:$A$454,A42),2) -> 0
A43: J026 | B43: EX026 | C43: 46220 | D43: OPS | E43: 1300 GST paid (1B) | F43: GST on Stripe fees | G43: =Exceptions!$I$30 -> 4.76 | H43: 0 | I43: GST | J43: AUD | K43: =ROUND(SUMIFS($G$5:$G$454,$A$5:$A$454,A43)-SUMIFS($H$5:$H$454,$A$5:$A$454,A43),2) -> 0
A44: J027 | B44: EX027 | C44: 46223 | D44: OPS | E44: 1110 Bank - Operating | F44: 23 report lines; fees 62.67 | STRIPE PAYOUT STRIPE po_1Q0014 | G44: =MAX(Exceptions!$H$31,0) -> 0 | H44: =MAX(-Exceptions!$H$31,0) -> 62.67 | J44: AUD | K44: =ROUND(SUMIFS($G$5:$G$454,$A$5:$A$454,A44)-SUMIFS($H$5:$H$454,$A$5:$A$454,A44),2) -> 0
A45: J027 | B45: EX027 | C45: 46223 | D45: OPS | E45: 6120 Merchant and payment fees | F45: Stripe fees ex GST | G45: =ROUND(SUMIFS('Stripe Payouts'!$G$5:$G$72,'Stripe Payouts'!$M$5:$M$72,Exceptions!$D$31)-Exceptions!$I$31,2) -> 56.97 | H45: 0 | I45: GST on purchases | J45: AUD | K45: =ROUND(SUMIFS($G$5:$G$454,$A$5:$A$454,A45)-SUMIFS($H$5:$H$454,$A$5:$A$454,A45),2) -> 0
A46: J027 | B46: EX027 | C46: 46223 | D46: OPS | E46: 1300 GST paid (1B) | F46: GST on Stripe fees | G46: =Exceptions!$I$31 -> 5.7 | H46: 0 | I46: GST | J46: AUD | K46: =ROUND(SUMIFS($G$5:$G$454,$A$5:$A$454,A46)-SUMIFS($H$5:$H$454,$A$5:$A$454,A46),2) -> 0
A47: J028 | B47: EX028 | C47: 46224 | D47: OPS | E47: 1110 Bank - Operating | F47: 38 report lines; fees 94.29 | STRIPE PAYOUT STRIPE po_1Q0015 | G47: =MAX(Exceptions!$H$32,0) -> 0 | H47: =MAX(-Exceptions!$H$32,0) -> 94.29 | J47: AUD | K47: =ROUND(SUMIFS($G$5:$G$454,$A$5:$A$454,A47)-SUMIFS($H$5:$H$454,$A$5:$A$454,A47),2) -> 0
A48: J028 | B48: EX028 | C48: 46224 | D48: OPS | E48: 6120 Merchant and payment fees | F48: Stripe fees ex GST | G48: =ROUND(SUMIFS('Stripe Payouts'!$G$5:$G$72,'Stripe Payouts'!$M$5:$M$72,Exceptions!$D$32)-Exceptions!$I$32,2) -> 85.72 | H48: 0 | I48: GST on purchases | J48: AUD | K48: =ROUND(SUMIFS($G$5:$G$454,$A$5:$A$454,A48)-SUMIFS($H$5:$H$454,$A$5:$A$454,A48),2) -> 0
A49: J028 | B49: EX028 | C49: 46224 | D49: OPS | E49: 1300 GST paid (1B) | F49: GST on Stripe fees | G49: =Exceptions!$I$32 -> 8.57 | H49: 0 | I49: GST | J49: AUD | K49: =ROUND(SUMIFS($G$5:$G$454,$A$5:$A$454,A49)-SUMIFS($H$5:$H$454,$A$5:$A$454,A49),2) -> 0
A50: J029 | B50: EX029 | C50: 46225 | D50: OPS | E50: 1110 Bank - Operating | F50: 32 report lines; fees 76.23 | STRIPE PAYOUT STRIPE po_1Q0016 | G50: =MAX(Exceptions!$H$33,0) -> 0 | H50: =MAX(-Exceptions!$H$33,0) -> 76.23 | J50: AUD | K50: =ROUND(SUMIFS($G$5:$G$454,$A$5:$A$454,A50)-SUMIFS($H$5:$H$454,$A$5:$A$454,A50),2) -> 0
A51: J029 | B51: EX029 | C51: 46225 | D51: OPS | E51: 6120 Merchant and payment fees | F51: Stripe fees ex GST | G51: =ROUND(SUMIFS('Stripe Payouts'!$G$5:$G$72,'Stripe Payouts'!$M$5:$M$72,Exceptions!$D$33)-Exceptions!$I$33,2) -> 69.3 | H51: 0 | I51: GST on purchases | J51: AUD | K51: =ROUND(SUMIFS($G$5:$G$454,$A$5:$A$454,A51)-SUMIFS($H$5:$H$454,$A$5:$A$454,A51),2) -> 0
A52: J029 | B52: EX029 | C52: 46225 | D52: OPS | E52: 1300 GST paid (1B) | F52: GST on Stripe fees | G52: =Exceptions!$I$33 -> 6.93 | H52: 0 | I52: GST | J52: AUD | K52: =ROUND(SUMIFS($G$5:$G$454,$A$5:$A$454,A52)-SUMIFS($H$5:$H$454,$A$5:$A$454,A52),2) -> 0
A53: J030 | B53: EX030 | C53: 46226 | D53: OPS | E53: 1110 Bank - Operating | F53: 20 report lines; fees 51.69 | STRIPE PAYOUT STRIPE po_1Q0017 | G53: =MAX(Exceptions!$H$34,0) -> 0 | H53: =MAX(-Exceptions!$H$34,0) -> 51.69 | J53: AUD | K53: =ROUND(SUMIFS($G$5:$G$454,$A$5:$A$454,A53)-SUMIFS($H$5:$H$454,$A$5:$A$454,A53),2) -> 0
A54: J030 | B54: EX030 | C54: 46226 | D54: OPS | E54: 6120 Merchant and payment fees | F54: Stripe fees ex GST | G54: =ROUND(SUMIFS('Stripe Payouts'!$G$5:$G$72,'Stripe Payouts'!$M$5:$M$72,Exceptions!$D$34)-Exceptions!$I$34,2) -> 46.99 | H54: 0 | I54: GST on purchases | J54: AUD | K54: =ROUND(SUMIFS($G$5:$G$454,$A$5:$A$454,A54)-SUMIFS($H$5:$H$454,$A$5:$A$454,A54),2) -> 0
A55: J030 | B55: EX030 | C55: 46226 | D55: OPS | E55: 1300 GST paid (1B) | F55: GST on Stripe fees | G55: =Exceptions!$I$34 -> 4.7 | H55: 0 | I55: GST | J55: AUD | K55: =ROUND(SUMIFS($G$5:$G$454,$A$5:$A$454,A55)-SUMIFS($H$5:$H$454,$A$5:$A$454,A55),2) -> 0
A56: J031 | B56: EX031 | C56: 46227 | D56: OPS | E56: 1110 Bank - Operating | F56: 22 report lines; fees 54.36 | STRIPE PAYOUT STRIPE po_1Q0018 | G56: =MAX(Exceptions!$H$35,0) -> 0 | H56: =MAX(-Exceptions!$H$35,0) -> 54.36 | J56: AUD | K56: =ROUND(SUMIFS($G$5:$G$454,$A$5:$A$454,A56)-SUMIFS($H$5:$H$454,$A$5:$A$454,A56),2) -> 0
A57: J031 | B57: EX031 | C57: 46227 | D57: OPS | E57: 6120 Merchant and payment fees | F57: Stripe fees ex GST | G57: =ROUND(SUMIFS('Stripe Payouts'!$G$5:$G$72,'Stripe Payouts'!$M$5:$M$72,Exceptions!$D$35)-Exceptions!$I$35,2) -> 49.42 | H57: 0 | I57: GST on purchases | J57: AUD | K57: =ROUND(SUMIFS($G$5:$G$454,$A$5:$A$454,A57)-SUMIFS($H$5:$H$454,$A$5:$A$454,A57),2) -> 0
A58: J031 | B58: EX031 | C58: 46227 | D58: OPS | E58: 1300 GST paid (1B) | F58: GST on Stripe fees | G58: =Exceptions!$I$35 -> 4.94 | H58: 0 | I58: GST | J58: AUD | K58: =ROUND(SUMIFS($G$5:$G$454,$A$5:$A$454,A58)-SUMIFS($H$5:$H$454,$A$5:$A$454,A58),2) -> 0
A59: J032 | B59: EX032 | C59: 46230 | D59: OPS | E59: 1110 Bank - Operating | F59: 33 report lines; fees 89.11 | STRIPE PAYOUT STRIPE po_1Q0019 | G59: =MAX(Exceptions!$H$36,0) -> 0 | H59: =MAX(-Exceptions!$H$36,0) -> 89.11 | J59: AUD | K59: =ROUND(SUMIFS($G$5:$G$454,$A$5:$A$454,A59)-SUMIFS($H$5:$H$454,$A$5:$A$454,A59),2) -> 0
A60: J032 | B60: EX032 | C60: 46230 | D60: OPS | E60: 6120 Merchant and payment fees | F60: Stripe fees ex GST | G60: =ROUND(SUMIFS('Stripe Payouts'!$G$5:$G$72,'Stripe Payouts'!$M$5:$M$72,Exceptions!$D$36)-Exceptions!$I$36,2) -> 81.01 | H60: 0 | I60: GST on purchases | J60: AUD | K60: =ROUND(SUMIFS($G$5:$G$454,$A$5:$A$454,A60)-SUMIFS($H$5:$H$454,$A$5:$A$454,A60),2) -> 0
A61: J032 | B61: EX032 | C61: 46230 | D61: OPS | E61: 1300 GST paid (1B) | F61: GST on Stripe fees | G61: =Exceptions!$I$36 -> 8.1 | H61: 0 | I61: GST | J61: AUD | K61: =ROUND(SUMIFS($G$5:$G$454,$A$5:$A$454,A61)-SUMIFS($H$5:$H$454,$A$5:$A$454,A61),2) -> 0
A62: J033 | B62: EX033 | C62: 46231 | D62: OPS | E62: 1110 Bank - Operating | F62: 38 report lines; fees 99.35 | STRIPE PAYOUT STRIPE po_1Q0020 | G62: =MAX(Exceptions!$H$37,0) -> 0 | H62: =MAX(-Exceptions!$H$37,0) -> 99.35 | J62: AUD | K62: =ROUND(SUMIFS($G$5:$G$454,$A$5:$A$454,A62)-SUMIFS($H$5:$H$454,$A$5:$A$454,A62),2) -> 0
A63: J033 | B63: EX033 | C63: 46231 | D63: OPS | E63: 6120 Merchant and payment fees | F63: Stripe fees ex GST | G63: =ROUND(SUMIFS('Stripe Payouts'!$G$5:$G$72,'Stripe Payouts'!$M$5:$M$72,Exceptions!$D$37)-Exceptions!$I$37,2) -> 90.32 | H63: 0 | I63: GST on purchases | J63: AUD | K63: =ROUND(SUMIFS($G$5:$G$454,$A$5:$A$454,A63)-SUMIFS($H$5:$H$454,$A$5:$A$454,A63),2) -> 0
A64: J033 | B64: EX033 | C64: 46231 | D64: OPS | E64: 1300 GST paid (1B) | F64: GST on Stripe fees | G64: =Exceptions!$I$37 -> 9.03 | H64: 0 | I64: GST | J64: AUD | K64: =ROUND(SUMIFS($G$5:$G$454,$A$5:$A$454,A64)-SUMIFS($H$5:$H$454,$A$5:$A$454,A64),2) -> 0
A65: J034 | B65: EX034 | C65: 46232 | D65: OPS | E65: 1110 Bank - Operating | F65: 29 report lines; fees 78.38 | STRIPE PAYOUT STRIPE po_1Q0021 | G65: =MAX(Exceptions!$H$38,0) -> 0 | H65: =MAX(-Exceptions!$H$38,0) -> 78.38 | J65: AUD | K65: =ROUND(SUMIFS($G$5:$G$454,$A$5:$A$454,A65)-SUMIFS($H$5:$H$454,$A$5:$A$454,A65),2) -> 0
A66: J034 | B66: EX034 | C66: 46232 | D66: OPS | E66: 6120 Merchant and payment fees | F66: Stripe fees ex GST | G66: =ROUND(SUMIFS('Stripe Payouts'!$G$5:$G$72,'Stripe Payouts'!$M$5:$M$72,Exceptions!$D$38)-Exceptions!$I$38,2) -> 71.25 | H66: 0 | I66: GST on purchases | J66: AUD | K66: =ROUND(SUMIFS($G$5:$G$454,$A$5:$A$454,A66)-SUMIFS($H$5:$H$454,$A$5:$A$454,A66),2) -> 0
A67: J034 | B67: EX034 | C67: 46232 | D67: OPS | E67: 1300 GST paid (1B) | F67: GST on Stripe fees | G67: =Exceptions!$I$38 -> 7.13 | H67: 0 | I67: GST | J67: AUD | K67: =ROUND(SUMIFS($G$5:$G$454,$A$5:$A$454,A67)-SUMIFS($H$5:$H$454,$A$5:$A$454,A67),2) -> 0
A68: J035 | B68: EX035 | C68: 46233 | D68: OPS | E68: 1110 Bank - Operating | F68: 20 report lines; fees 50.83 | STRIPE PAYOUT STRIPE po_1Q0022 | G68: =MAX(Exceptions!$H$39,0) -> 0 | H68: =MAX(-Exceptions!$H$39,0) -> 50.83 | J68: AUD | K68: =ROUND(SUMIFS($G$5:$G$454,$A$5:$A$454,A68)-SUMIFS($H$5:$H$454,$A$5:$A$454,A68),2) -> 0
A69: J035 | B69: EX035 | C69: 46233 | D69: OPS | E69: 6120 Merchant and payment fees | F69: Stripe fees ex GST | G69: =ROUND(SUMIFS('Stripe Payouts'!$G$5:$G$72,'Stripe Payouts'!$M$5:$M$72,Exceptions!$D$39)-Exceptions!$I$39,2) -> 46.21 | H69: 0 | I69: GST on purchases | J69: AUD | K69: =ROUND(SUMIFS($G$5:$G$454,$A$5:$A$454,A69)-SUMIFS($H$5:$H$454,$A$5:$A$454,A69),2) -> 0
A70: J035 | B70: EX035 | C70: 46233 | D70: OPS | E70: 1300 GST paid (1B) | F70: GST on Stripe fees | G70: =Exceptions!$I$39 -> 4.62 | H70: 0 | I70: GST | J70: AUD | K70: =ROUND(SUMIFS($G$5:$G$454,$A$5:$A$454,A70)-SUMIFS($H$5:$H$454,$A$5:$A$454,A70),2) -> 0
A71: J036 | B71: EX036 | C71: 46234 | D71: OPS | E71: 1110 Bank - Operating | F71: 25 report lines; fees 61.51 | STRIPE PAYOUT STRIPE po_1Q0023 | G71: =MAX(Exceptions!$H$40,0) -> 0 | H71: =MAX(-Exceptions!$H$40,0) -> 61.51 | J71: AUD | K71: =ROUND(SUMIFS($G$5:$G$454,$A$5:$A$454,A71)-SUMIFS($H$5:$H$454,$A$5:$A$454,A71),2) -> 0
A72: J036 | B72: EX036 | C72: 46234 | D72: OPS | E72: 6120 Merchant and payment fees | F72: Stripe fees ex GST | G72: =ROUND(SUMIFS('Stripe Payouts'!$G$5:$G$72,'Stripe Payouts'!$M$5:$M$72,Exceptions!$D$40)-Exceptions!$I$40,2) -> 55.92 | H72: 0 | I72: GST on purchases | J72: AUD | K72: =ROUND(SUMIFS($G$5:$G$454,$A$5:$A$454,A72)-SUMIFS($H$5:$H$454,$A$5:$A$454,A72),2) -> 0
A73: J036 | B73: EX036 | C73: 46234 | D73: OPS | E73: 1300 GST paid (1B) | F73: GST on Stripe fees | G73: =Exceptions!$I$40 -> 5.59 | H73: 0 | I73: GST | J73: AUD | K73: =ROUND(SUMIFS($G$5:$G$454,$A$5:$A$454,A73)-SUMIFS($H$5:$H$454,$A$5:$A$454,A73),2) -> 0
A74: J037 | B74: EX037 | C74: 46237 | D74: OPS | E74: 1110 Bank - Operating | F74: 30 report lines; fees 79.64 | STRIPE PAYOUT STRIPE po_1Q0024 | G74: =MAX(Exceptions!$H$41,0) -> 0 | H74: =MAX(-Exceptions!$H$41,0) -> 79.64 | J74: AUD | K74: =ROUND(SUMIFS($G$5:$G$454,$A$5:$A$454,A74)-SUMIFS($H$5:$H$454,$A$5:$A$454,A74),2) -> 0
A75: J037 | B75: EX037 | C75: 46237 | D75: OPS | E75: 6120 Merchant and payment fees | F75: Stripe fees ex GST | G75: =ROUND(SUMIFS('Stripe Payouts'!$G$5:$G$72,'Stripe Payouts'!$M$5:$M$72,Exceptions!$D$41)-Exceptions!$I$41,2) -> 72.4 | H75: 0 | I75: GST on purchases | J75: AUD | K75: =ROUND(SUMIFS($G$5:$G$454,$A$5:$A$454,A75)-SUMIFS($H$5:$H$454,$A$5:$A$454,A75),2) -> 0
A76: J037 | B76: EX037 | C76: 46237 | D76: OPS | E76: 1300 GST paid (1B) | F76: GST on Stripe fees | G76: =Exceptions!$I$41 -> 7.24 | H76: 0 | I76: GST | J76: AUD | K76: =ROUND(SUMIFS($G$5:$G$454,$A$5:$A$454,A76)-SUMIFS($H$5:$H$454,$A$5:$A$454,A76),2) -> 0
A77: J038 | B77: EX038 | C77: 46238 | D77: OPS | E77: 1110 Bank - Operating | F77: 28 report lines; fees 69.70 | STRIPE PAYOUT STRIPE po_1Q0025 | G77: =MAX(Exceptions!$H$42,0) -> 0 | H77: =MAX(-Exceptions!$H$42,0) -> 69.7 | J77: AUD | K77: =ROUND(SUMIFS($G$5:$G$454,$A$5:$A$454,A77)-SUMIFS($H$5:$H$454,$A$5:$A$454,A77),2) -> 0
A78: J038 | B78: EX038 | C78: 46238 | D78: OPS | E78: 6120 Merchant and payment fees | F78: Stripe fees ex GST | G78: =ROUND(SUMIFS('Stripe Payouts'!$G$5:$G$72,'Stripe Payouts'!$M$5:$M$72,Exceptions!$D$42)-Exceptions!$I$42,2) -> 63.36 | H78: 0 | I78: GST on purchases | J78: AUD | K78: =ROUND(SUMIFS($G$5:$G$454,$A$5:$A$454,A78)-SUMIFS($H$5:$H$454,$A$5:$A$454,A78),2) -> 0
A79: J038 | B79: EX038 | C79: 46238 | D79: OPS | E79: 1300 GST paid (1B) | F79: GST on Stripe fees | G79: =Exceptions!$I$42 -> 6.34 | H79: 0 | I79: GST | J79: AUD | K79: =ROUND(SUMIFS($G$5:$G$454,$A$5:$A$454,A79)-SUMIFS($H$5:$H$454,$A$5:$A$454,A79),2) -> 0
A80: J039 | B80: EX039 | C80: 46239 | D80: OPS | E80: 1110 Bank - Operating | F80: 28 report lines; fees 74.47 | STRIPE PAYOUT STRIPE po_1Q0026 | G80: =MAX(Exceptions!$H$43,0) -> 0 | H80: =MAX(-Exceptions!$H$43,0) -> 74.47 | J80: AUD | K80: =ROUND(SUMIFS($G$5:$G$454,$A$5:$A$454,A80)-SUMIFS($H$5:$H$454,$A$5:$A$454,A80),2) -> 0
A81: J039 | B81: EX039 | C81: 46239 | D81: OPS | E81: 6120 Merchant and payment fees | F81: Stripe fees ex GST | G81: =ROUND(SUMIFS('Stripe Payouts'!$G$5:$G$72,'Stripe Payouts'!$M$5:$M$72,Exceptions!$D$43)-Exceptions!$I$43,2) -> 67.7 | H81: 0 | I81: GST on purchases | J81: AUD | K81: =ROUND(SUMIFS($G$5:$G$454,$A$5:$A$454,A81)-SUMIFS($H$5:$H$454,$A$5:$A$454,A81),2) -> 0
A82: J039 | B82: EX039 | C82: 46239 | D82: OPS | E82: 1300 GST paid (1B) | F82: GST on Stripe fees | G82: =Exceptions!$I$43 -> 6.77 | H82: 0 | I82: GST | J82: AUD | K82: =ROUND(SUMIFS($G$5:$G$454,$A$5:$A$454,A82)-SUMIFS($H$5:$H$454,$A$5:$A$454,A82),2) -> 0
A83: J040 | B83: EX040 | C83: 46240 | D83: OPS | E83: 1110 Bank - Operating | F83: 34 report lines; fees 86.27 | STRIPE PAYOUT STRIPE po_1Q0027 | G83: =MAX(Exceptions!$H$44,0) -> 0 | H83: =MAX(-Exceptions!$H$44,0) -> 86.27 | J83: AUD | K83: =ROUND(SUMIFS($G$5:$G$454,$A$5:$A$454,A83)-SUMIFS($H$5:$H$454,$A$5:$A$454,A83),2) -> 0
A84: J040 | B84: EX040 | C84: 46240 | D84: OPS | E84: 6120 Merchant and payment fees | F84: Stripe fees ex GST | G84: =ROUND(SUMIFS('Stripe Payouts'!$G$5:$G$72,'Stripe Payouts'!$M$5:$M$72,Exceptions!$D$44)-Exceptions!$I$44,2) -> 78.43 | H84: 0 | I84: GST on purchases | J84: AUD | K84: =ROUND(SUMIFS($G$5:$G$454,$A$5:$A$454,A84)-SUMIFS($H$5:$H$454,$A$5:$A$454,A84),2) -> 0
A85: J040 | B85: EX040 | C85: 46240 | D85: OPS | E85: 1300 GST paid (1B) | F85: GST on Stripe fees | G85: =Exceptions!$I$44 -> 7.84 | H85: 0 | I85: GST | J85: AUD | K85: =ROUND(SUMIFS($G$5:$G$454,$A$5:$A$454,A85)-SUMIFS($H$5:$H$454,$A$5:$A$454,A85),2) -> 0
A86: J041 | B86: EX041 | C86: 46241 | D86: OPS | E86: 1110 Bank - Operating | F86: 30 report lines; fees 77.19 | STRIPE PAYOUT STRIPE po_1Q0028 | G86: =MAX(Exceptions!$H$45,0) -> 0 | H86: =MAX(-Exceptions!$H$45,0) -> 77.19 | J86: AUD | K86: =ROUND(SUMIFS($G$5:$G$454,$A$5:$A$454,A86)-SUMIFS($H$5:$H$454,$A$5:$A$454,A86),2) -> 0
A87: J041 | B87: EX041 | C87: 46241 | D87: OPS | E87: 6120 Merchant and payment fees | F87: Stripe fees ex GST | G87: =ROUND(SUMIFS('Stripe Payouts'!$G$5:$G$72,'Stripe Payouts'!$M$5:$M$72,Exceptions!$D$45)-Exceptions!$I$45,2) -> 70.17 | H87: 0 | I87: GST on purchases | J87: AUD | K87: =ROUND(SUMIFS($G$5:$G$454,$A$5:$A$454,A87)-SUMIFS($H$5:$H$454,$A$5:$A$454,A87),2) -> 0
A88: J041 | B88: EX041 | C88: 46241 | D88: OPS | E88: 1300 GST paid (1B) | F88: GST on Stripe fees | G88: =Exceptions!$I$45 -> 7.02 | H88: 0 | I88: GST | J88: AUD | K88: =ROUND(SUMIFS($G$5:$G$454,$A$5:$A$454,A88)-SUMIFS($H$5:$H$454,$A$5:$A$454,A88),2) -> 0
A89: J042 | B89: EX042 | C89: 46244 | D89: OPS | E89: 1110 Bank - Operating | F89: 33 report lines; fees 82.82 | STRIPE PAYOUT STRIPE po_1Q0029 | G89: =MAX(Exceptions!$H$46,0) -> 0 | H89: =MAX(-Exceptions!$H$46,0) -> 82.82 | J89: AUD | K89: =ROUND(SUMIFS($G$5:$G$454,$A$5:$A$454,A89)-SUMIFS($H$5:$H$454,$A$5:$A$454,A89),2) -> 0
A90: J042 | B90: EX042 | C90: 46244 | D90: OPS | E90: 6120 Merchant and payment fees | F90: Stripe fees ex GST | G90: =ROUND(SUMIFS('Stripe Payouts'!$G$5:$G$72,'Stripe Payouts'!$M$5:$M$72,Exceptions!$D$46)-Exceptions!$I$46,2) -> 75.29 | H90: 0 | I90: GST on purchases | J90: AUD | K90: =ROUND(SUMIFS($G$5:$G$454,$A$5:$A$454,A90)-SUMIFS($H$5:$H$454,$A$5:$A$454,A90),2) -> 0
A91: J042 | B91: EX042 | C91: 46244 | D91: OPS | E91: 1300 GST paid (1B) | F91: GST on Stripe fees | G91: =Exceptions!$I$46 -> 7.53 | H91: 0 | I91: GST | J91: AUD | K91: =ROUND(SUMIFS($G$5:$G$454,$A$5:$A$454,A91)-SUMIFS($H$5:$H$454,$A$5:$A$454,A91),2) -> 0
A92: J043 | B92: EX043 | C92: 46245 | D92: OPS | E92: 1110 Bank - Operating | F92: 33 report lines; fees 82.04 | STRIPE PAYOUT STRIPE po_1Q0030 | G92: =MAX(Exceptions!$H$47,0) -> 0 | H92: =MAX(-Exceptions!$H$47,0) -> 82.04 | J92: AUD | K92: =ROUND(SUMIFS($G$5:$G$454,$A$5:$A$454,A92)-SUMIFS($H$5:$H$454,$A$5:$A$454,A92),2) -> 0
A93: J043 | B93: EX043 | C93: 46245 | D93: OPS | E93: 6120 Merchant and payment fees | F93: Stripe fees ex GST | G93: =ROUND(SUMIFS('Stripe Payouts'!$G$5:$G$72,'Stripe Payouts'!$M$5:$M$72,Exceptions!$D$47)-Exceptions!$I$47,2) -> 74.58 | H93: 0 | I93: GST on purchases | J93: AUD | K93: =ROUND(SUMIFS($G$5:$G$454,$A$5:$A$454,A93)-SUMIFS($H$5:$H$454,$A$5:$A$454,A93),2) -> 0
A94: J043 | B94: EX043 | C94: 46245 | D94: OPS | E94: 1300 GST paid (1B) | F94: GST on Stripe fees | G94: =Exceptions!$I$47 -> 7.46 | H94: 0 | I94: GST | J94: AUD | K94: =ROUND(SUMIFS($G$5:$G$454,$A$5:$A$454,A94)-SUMIFS($H$5:$H$454,$A$5:$A$454,A94),2) -> 0
A95: J044 | B95: EX044 | C95: 46246 | D95: OPS | E95: 1110 Bank - Operating | F95: 34 report lines; fees 85.59 | STRIPE PAYOUT STRIPE po_1Q0031 | G95: =MAX(Exceptions!$H$48,0) -> 0 | H95: =MAX(-Exceptions!$H$48,0) -> 85.59 | J95: AUD | K95: =ROUND(SUMIFS($G$5:$G$454,$A$5:$A$454,A95)-SUMIFS($H$5:$H$454,$A$5:$A$454,A95),2) -> 0
A96: J044 | B96: EX044 | C96: 46246 | D96: OPS | E96: 6120 Merchant and payment fees | F96: Stripe fees ex GST | G96: =ROUND(SUMIFS('Stripe Payouts'!$G$5:$G$72,'Stripe Payouts'!$M$5:$M$72,Exceptions!$D$48)-Exceptions!$I$48,2) -> 77.81 | H96: 0 | I96: GST on purchases | J96: AUD | K96: =ROUND(SUMIFS($G$5:$G$454,$A$5:$A$454,A96)-SUMIFS($H$5:$H$454,$A$5:$A$454,A96),2) -> 0
A97: J044 | B97: EX044 | C97: 46246 | D97: OPS | E97: 1300 GST paid (1B) | F97: GST on Stripe fees | G97: =Exceptions!$I$48 -> 7.78 | H97: 0 | I97: GST | J97: AUD | K97: =ROUND(SUMIFS($G$5:$G$454,$A$5:$A$454,A97)-SUMIFS($H$5:$H$454,$A$5:$A$454,A97),2) -> 0
A98: J045 | B98: EX045 | C98: 46247 | D98: OPS | E98: 1110 Bank - Operating | F98: 22 report lines; fees 55.24 | STRIPE PAYOUT STRIPE po_1Q0032 | G98: =MAX(Exceptions!$H$49,0) -> 0 | H98: =MAX(-Exceptions!$H$49,0) -> 55.24 | J98: AUD | K98: =ROUND(SUMIFS($G$5:$G$454,$A$5:$A$454,A98)-SUMIFS($H$5:$H$454,$A$5:$A$454,A98),2) -> 0
A99: J045 | B99: EX045 | C99: 46247 | D99: OPS | E99: 6120 Merchant and payment fees | F99: Stripe fees ex GST | G99: =ROUND(SUMIFS('Stripe Payouts'!$G$5:$G$72,'Stripe Payouts'!$M$5:$M$72,Exceptions!$D$49)-Exceptions!$I$49,2) -> 50.22 | H99: 0 | I99: GST on purchases | J99: AUD | K99: =ROUND(SUMIFS($G$5:$G$454,$A$5:$A$454,A99)-SUMIFS($H$5:$H$454,$A$5:$A$454,A99),2) -> 0
A100: J045 | B100: EX045 | C100: 46247 | D100: OPS | E100: 1300 GST paid (1B) | F100: GST on Stripe fees | G100: =Exceptions!$I$49 -> 5.02 | H100: 0 | I100: GST | J100: AUD | K100: =ROUND(SUMIFS($G$5:$G$454,$A$5:$A$454,A100)-SUMIFS($H$5:$H$454,$A$5:$A$454,A100),2) -> 0
A101: J046 | B101: EX046 | C101: 46248 | D101: OPS | E101: 1110 Bank - Operating | F101: 24 report lines; fees 58.48 | STRIPE PAYOUT STRIPE po_1Q0033 | G101: =MAX(Exceptions!$H$50,0) -> 0 | H101: =MAX(-Exceptions!$H$50,0) -> 58.48 | J101: AUD | K101: =ROUND(SUMIFS($G$5:$G$454,$A$5:$A$454,A101)-SUMIFS($H$5:$H$454,$A$5:$A$454,A101),2) -> 0
...

Sheet Bank Lines
A1: Bank statement lines (as imported into Odoo)
A2: Sample build: realistic data, built to show how I'd handle this work. Not client data.
A4: Line ID | B4: Account | C4: Date | D4: Description | E4: Amount | F4: Import file | G4: Group | H4: Rule | I4: Reason | J4: Counted
A5: BL-01245 | B5: MER | C5: 46204 | D5: SETTLEMENT T401 300626 | E5: 2248.03 | F5: MER-20260701 | G5: G00568 | H5: =INDEX('Match Groups'!$C$5:$C$1326,MATCH(G5,'Match Groups'!$A$5:$A$1326,0)) -> R08 | I5: =INDEX('Match Groups'!$D$5:$D$1326,MATCH(G5,'Match Groups'!$A$5:$A$1326,0)) -> MATCH | J5: =IF(I5="DUPIMP",0,1) -> 1
A6: BL-01246 | B6: MER | C6: 46204 | D6: SETTLEMENT T402 300626 | E6: 1591.18 | F6: MER-20260701 | G6: G00569 | H6: =INDEX('Match Groups'!$C$5:$C$1326,MATCH(G6,'Match Groups'!$A$5:$A$1326,0)) -> R08 | I6: =INDEX('Match Groups'!$D$5:$D$1326,MATCH(G6,'Match Groups'!$A$5:$A$1326,0)) -> MATCH | J6: =IF(I6="DUPIMP",0,1) -> 1
A7: BL-01247 | B7: MER | C7: 46204 | D7: SETTLEMENT T403 300626 | E7: 2084.73 | F7: MER-20260701 | G7: G00570 | H7: =INDEX('Match Groups'!$C$5:$C$1326,MATCH(G7,'Match Groups'!$A$5:$A$1326,0)) -> R08 | I7: =INDEX('Match Groups'!$D$5:$D$1326,MATCH(G7,'Match Groups'!$A$5:$A$1326,0)) -> MATCH | J7: =IF(I7="DUPIMP",0,1) -> 1
A8: BL-01248 | B8: MER | C8: 46204 | D8: SETTLEMENT T404 300626 | E8: 1193.87 | F8: MER-20260701 | G8: G00571 | H8: =INDEX('Match Groups'!$C$5:$C$1326,MATCH(G8,'Match Groups'!$A$5:$A$1326,0)) -> R08 | I8: =INDEX('Match Groups'!$D$5:$D$1326,MATCH(G8,'Match Groups'!$A$5:$A$1326,0)) -> MATCH | J8: =IF(I8="DUPIMP",0,1) -> 1
A9: BL-01249 | B9: MER | C9: 46205 | D9: SETTLEMENT T401 010726 | E9: 3559.89 | F9: MER-20260702 | G9: G00572 | H9: =INDEX('Match Groups'!$C$5:$C$1326,MATCH(G9,'Match Groups'!$A$5:$A$1326,0)) -> R08 | I9: =INDEX('Match Groups'!$D$5:$D$1326,MATCH(G9,'Match Groups'!$A$5:$A$1326,0)) -> MATCH | J9: =IF(I9="DUPIMP",0,1) -> 1
A10: BL-01250 | B10: MER | C10: 46205 | D10: SETTLEMENT T402 010726 | E10: 2655.07 | F10: MER-20260702 | G10: G00573 | H10: =INDEX('Match Groups'!$C$5:$C$1326,MATCH(G10,'Match Groups'!$A$5:$A$1326,0)) -> R08 | I10: =INDEX('Match Groups'!$D$5:$D$1326,MATCH(G10,'Match Groups'!$A$5:$A$1326,0)) -> MATCH | J10: =IF(I10="DUPIMP",0,1) -> 1
A11: BL-01251 | B11: MER | C11: 46205 | D11: SETTLEMENT T403 010726 | E11: 2587.21 | F11: MER-20260702 | G11: G00574 | H11: =INDEX('Match Groups'!$C$5:$C$1326,MATCH(G11,'Match Groups'!$A$5:$A$1326,0)) -> R08 | I11: =INDEX('Match Groups'!$D$5:$D$1326,MATCH(G11,'Match Groups'!$A$5:$A$1326,0)) -> MATCH | J11: =IF(I11="DUPIMP",0,1) -> 1
A12: BL-01252 | B12: MER | C12: 46205 | D12: SETTLEMENT T404 010726 | E12: 3585.6 | F12: MER-20260702 | G12: G00575 | H12: =INDEX('Match Groups'!$C$5:$C$1326,MATCH(G12,'Match Groups'!$A$5:$A$1326,0)) -> R08 | I12: =INDEX('Match Groups'!$D$5:$D$1326,MATCH(G12,'Match Groups'!$A$5:$A$1326,0)) -> MATCH | J12: =IF(I12="DUPIMP",0,1) -> 1
A13: BL-01253 | B13: MER | C13: 46206 | D13: SETTLEMENT T401 020726 | E13: 1862.65 | F13: MER-20260703 | G13: G00576 | H13: =INDEX('Match Groups'!$C$5:$C$1326,MATCH(G13,'Match Groups'!$A$5:$A$1326,0)) -> R08 | I13: =INDEX('Match Groups'!$D$5:$D$1326,MATCH(G13,'Match Groups'!$A$5:$A$1326,0)) -> MATCH | J13: =IF(I13="DUPIMP",0,1) -> 1
A14: BL-01254 | B14: MER | C14: 46206 | D14: SETTLEMENT T402 020726 | E14: 2135.57 | F14: MER-20260703 | G14: G00577 | H14: =INDEX('Match Groups'!$C$5:$C$1326,MATCH(G14,'Match Groups'!$A$5:$A$1326,0)) -> R08 | I14: =INDEX('Match Groups'!$D$5:$D$1326,MATCH(G14,'Match Groups'!$A$5:$A$1326,0)) -> MATCH | J14: =IF(I14="DUPIMP",0,1) -> 1
A15: BL-01255 | B15: MER | C15: 46206 | D15: SETTLEMENT T403 020726 | E15: 2873.86 | F15: MER-20260703 | G15: G00578 | H15: =INDEX('Match Groups'!$C$5:$C$1326,MATCH(G15,'Match Groups'!$A$5:$A$1326,0)) -> R08 | I15: =INDEX('Match Groups'!$D$5:$D$1326,MATCH(G15,'Match Groups'!$A$5:$A$1326,0)) -> MATCH | J15: =IF(I15="DUPIMP",0,1) -> 1
A16: BL-01256 | B16: MER | C16: 46206 | D16: SETTLEMENT T404 020726 | E16: 1010.7 | F16: MER-20260703 | G16: G00579 | H16: =INDEX('Match Groups'!$C$5:$C$1326,MATCH(G16,'Match Groups'!$A$5:$A$1326,0)) -> R08 | I16: =INDEX('Match Groups'!$D$5:$D$1326,MATCH(G16,'Match Groups'!$A$5:$A$1326,0)) -> MATCH | J16: =IF(I16="DUPIMP",0,1) -> 1
... A1640: BL-01622 | B1640: USD | C1640: 46290 | D1640: INTL TRANSFER FEE | E1640: -15 | F1640: USD-20260925 | G1640: G01238 | H1640: =INDEX('Match Groups'!$C$5:$C$1326,MATCH(G1640,'Match Groups'!$A$5:$A$1326,0)) -> R12 | I1640: =INDEX('Match Groups'!$D$5:$D$1326,MATCH(G1640,'Match Groups'!$A$5:$A$1326,0)) -> FEE | J1640: =IF(I1640="DUPIMP",0,1) -> 1

Sheet Odoo Items
A1: Odoo bank journal items (export at 30 Sep 2026)
A2: Sample build: realistic data, built to show how I'd handle this work. Not client data.
A4: Entry | B4: Journal | C4: Date | D4: Partner | E4: Reference | F4: Label | G4: Amount | H4: Type | I4: Batch | J4: Group | K4: Reason
A5: JI-03962 | B5: MER | C5: 46203 | D5: Carlton clinic takings | E5: POS T401 300626 | F5: Daily card takings Carlton 30/06 | G5: 2248.03 | H5: entry | J5: G00568 | K5: =INDEX('Match Groups'!$D$5:$D$1326,MATCH(J5,'Match Groups'!$A$5:$A$1326,0)) -> MATCH
A6: JI-03963 | B6: MER | C6: 46203 | D6: Footscray clinic takings | E6: POS T402 300626 | F6: Daily card takings Footscray 30/06 | G6: 1591.18 | H6: entry | J6: G00569 | K6: =INDEX('Match Groups'!$D$5:$D$1326,MATCH(J6,'Match Groups'!$A$5:$A$1326,0)) -> MATCH
A7: JI-03964 | B7: MER | C7: 46203 | D7: Box Hill clinic takings | E7: POS T403 300626 | F7: Daily card takings Box Hill 30/06 | G7: 2084.73 | H7: entry | J7: G00570 | K7: =INDEX('Match Groups'!$D$5:$D$1326,MATCH(J7,'Match Groups'!$A$5:$A$1326,0)) -> MATCH
A8: JI-03965 | B8: MER | C8: 46203 | D8: Frankston clinic takings | E8: POS T404 300626 | F8: Daily card takings Frankston 30/06 | G8: 1193.87 | H8: entry | J8: G00571 | K8: =INDEX('Match Groups'!$D$5:$D$1326,MATCH(J8,'Match Groups'!$A$5:$A$1326,0)) -> MATCH
A9: JI-03966 | B9: MER | C9: 46204 | D9: Carlton clinic takings | E9: POS T401 010726 | F9: Daily card takings Carlton 01/07 | G9: 3559.89 | H9: entry | J9: G00572 | K9: =INDEX('Match Groups'!$D$5:$D$1326,MATCH(J9,'Match Groups'!$A$5:$A$1326,0)) -> MATCH
A10: JI-03967 | B10: MER | C10: 46204 | D10: Footscray clinic takings | E10: POS T402 010726 | F10: Daily card takings Footscray 01/07 | G10: 2655.07 | H10: entry | J10: G00573 | K10: =INDEX('Match Groups'!$D$5:$D$1326,MATCH(J10,'Match Groups'!$A$5:$A$1326,0)) -> MATCH
A11: JI-03968 | B11: MER | C11: 46204 | D11: Box Hill clinic takings | E11: POS T403 010726 | F11: Daily card takings Box Hill 01/07 | G11: 2587.21 | H11: entry | J11: G00574 | K11: =INDEX('Match Groups'!$D$5:$D$1326,MATCH(J11,'Match Groups'!$A$5:$A$1326,0)) -> MATCH
A12: JI-03969 | B12: MER | C12: 46204 | D12: Frankston clinic takings | E12: POS T404 010726 | F12: Daily card takings Frankston 01/07 | G12: 3585.6 | H12: entry | J12: G00575 | K12: =INDEX('Match Groups'!$D$5:$D$1326,MATCH(J12,'Match Groups'!$A$5:$A$1326,0)) -> MATCH
A13: JI-03970 | B13: MER | C13: 46205 | D13: Carlton clinic takings | E13: POS T401 020726 | F13: Daily card takings Carlton 02/07 | G13: 1862.65 | H13: entry | J13: G00576 | K13: =INDEX('Match Groups'!$D$5:$D$1326,MATCH(J13,'Match Groups'!$A$5:$A$1326,0)) -> MATCH
A14: JI-03971 | B14: MER | C14: 46205 | D14: Footscray clinic takings | E14: POS T402 020726 | F14: Daily card takings Footscray 02/07 | G14: 2135.57 | H14: entry | J14: G00577 | K14: =INDEX('Match Groups'!$D$5:$D$1326,MATCH(J14,'Match Groups'!$A$5:$A$1326,0)) -> MATCH
A15: JI-03972 | B15: MER | C15: 46205 | D15: Box Hill clinic takings | E15: POS T403 020726 | F15: Daily card takings Box Hill 02/07 | G15: 2873.86 | H15: entry | J15: G00578 | K15: =INDEX('Match Groups'!$D$5:$D$1326,MATCH(J15,'Match Groups'!$A$5:$A$1326,0)) -> MATCH
A16: JI-03973 | B16: MER | C16: 46205 | D16: Frankston clinic takings | E16: POS T404 020726 | F16: Daily card takings Frankston 02/07 | G16: 1010.7 | H16: entry | J16: G00579 | K16: =INDEX('Match Groups'!$D$5:$D$1326,MATCH(J16,'Match Groups'!$A$5:$A$1326,0)) -> MATCH
... A453: JI-01862 | B453: OPS | C453: 46204 | D453: Stripe patient 35896 | E453: INV/2026/03709 | F453: Customer payment INV/2026/03709 | G453: 110 | H453: customer_payment | J453: G00016 | K453: =INDEX('Match Groups'!$D$5:$D$1326,MATCH(J453,'Match Groups'!$A$5:$A$1326,0)) -> STRIPE-FEE
A454: JI-03708 | B454: OPS | C454: 46204 | D454: Physio Supplies Direct | E454: BILL/2026/0805 | F454: Vendor payment BILL/2026/0805 (BATCH/2026/0411) | G454: -660 | H454: supplier_payment | I454: BATCH/2026/0411 | J454: G00502 | K454: =INDEX('Match Groups'!$D$5:$D$1326,MATCH(J454,'Match Groups'!$A$5:$A$1326,0)) -> MATCH
A455: JI-03709 | B455: OPS | C455: 46204 | D455: Physio Supplies Direct | E455: BILL/2026/0808 | F455: Vendor payment BILL/2026/0808 (BATCH/2026/0411) | G455: -1222.1 | H455: supplier_payment | I455: BATCH/2026/0411 | J455: G00502 | K455: =INDEX('Match Groups'!$D$5:$D$1326,MATCH(J455,'Match Groups'!$A$5:$A$1326,0)) -> MATCH
A456: JI-03710 | B456: OPS | C456: 46204 | D456: Allied Med Consumables | E456: BILL/2026/0809 | F456: Vendor payment BILL/2026/0809 (BATCH/2026/0411) | G456: -242 | H456: supplier_payment | I456: BATCH/2026/0411 | J456: G00502 | K456: =INDEX('Match Groups'!$D$5:$D$1326,MATCH(J456,'Match Groups'!$A$5:$A$1326,0)) -> MATCH
A457: JI-03711 | B457: OPS | C457: 46204 | D457: Allied Med Consumables | E457: BILL/2026/0839 | F457: Vendor payment BILL/2026/0839 (BATCH/2026/0411) | G457: -1686.3 | H457: supplier_payment | I457: BATCH/2026/0411 | J457: G00502 | K457: =INDEX('Match Groups'!$D$5:$D$1326,MATCH(J457,'Match Groups'!$A$5:$A$1326,0)) -> MATCH
A458: JI-03712 | B458: OPS | C458: 46204 | D458: Clinicare Linen Service | E458: BILL/2026/0814 | F458: Vendor payment BILL/2026/0814 (BATCH/2026/0411) | G458: -672.1 | H458: supplier_payment | I458: BATCH/2026/0411 | J458: G00502 | K458: =INDEX('Match Groups'!$D$5:$D$1326,MATCH(J458,'Match Groups'!$A$5:$A$1326,0)) -> MATCH
A459: JI-03713 | B459: OPS | C459: 46204 | D459: Clinicare Linen Service | E459: BILL/2026/0830 | F459: Vendor payment BILL/2026/0830 (BATCH/2026/0411) | G459: -1210 | H459: supplier_payment | I459: BATCH/2026/0411 | J459: G00502 | K459: =INDEX('Match Groups'!$D$5:$D$1326,MATCH(J459,'Match Groups'!$A$5:$A$1326,0)) -> MATCH
A460: JI-03714 | B460: OPS | C460: 46204 | D460: Paperline Stationery Pty | E460: BILL/2026/0822 | F460: Vendor payment BILL/2026/0822 (BATCH/2026/0411) | G460: -531.3 | H460: supplier_payment | I460: BATCH/2026/0411 | J460: G00502 | K460: =INDEX('Match Groups'!$D$5:$D$1326,MATCH(J460,'Match Groups'!$A$5:$A$1326,0)) -> MATCH
A461: JI-03715 | B461: OPS | C461: 46204 | D461: Paperline Stationery Pty | E461: BILL/2026/0831 | F461: Vendor payment BILL/2026/0831 (BATCH/2026/0411) | G461: -3850 | H461: supplier_payment | I461: BATCH/2026/0411 | J461: G00502 | K461: =INDEX('Match Groups'!$D$5:$D$1326,MATCH(J461,'Match Groups'!$A$5:$A$1326,0)) -> MATCH
A462: JI-03716 | B462: OPS | C462: 46204 | D462: Rehab Equipment Hire | E462: BILL/2026/0833 | F462: Vendor payment BILL/2026/0833 (BATCH/2026/0411) | G462: -507.1 | H462: supplier_payment | I462: BATCH/2026/0411 | J462: G00502 | K462: =INDEX('Match Groups'!$D$5:$D$1326,MATCH(J462,'Match Groups'!$A$5:$A$1326,0)) -> MATCH
A463: JI-03717 | B463: OPS | C463: 46204 | D463: Southside Couriers | E463: BILL/2026/0835 | F463: Vendor payment BILL/2026/0835 (BATCH/2026/0411) | G463: -495 | H463: supplier_payment | I463: BATCH/2026/0411 | J463: G00502 | K463: =INDEX('Match Groups'!$D$5:$D$1326,MATCH(J463,'Match Groups'!$A$5:$A$1326,0)) -> MATCH
A464: JI-03718 | B464: OPS | C464: 46204 | D464: Brightline Signage | E464: BILL/2026/0803 | F464: Vendor payment BILL/2026/0803 (BATCH/2026/0411) | G464: -672.1 | H464: supplier_payment | I464: BATCH/2026/0411 | J464: G00502 | K464: =INDEX('Match Groups'!$D$5:$D$1326,MATCH(J464,'Match Groups'!$A$5:$A$1326,0)) -> MATCH
A465: JI-03719 | B465: OPS | C465: 46204 | D465: Brightline Signage | E465: BILL/2026/0812 | F465: Vendor payment BILL/2026/0812 (BATCH/2026/0411) | G465: -660 | H465: supplier_payment | I465: BATCH/2026/0411 | J465: G00502 | K465: =INDEX('Match Groups'!$D$5:$D$1326,MATCH(J465,'Match Groups'!$A$5:$A$1326,0)) -> MATCH
A466: JI-03720 | B466: OPS | C466: 46204 | D466: Brightline Signage | E466: BILL/2026/0817 | F466: Vendor payment BILL/2026/0817 (BATCH/2026/0411) | G466: -3850 | H466: supplier_payment | I466: BATCH/2026/0411 | J466: G00502 | K466: =INDEX('Match Groups'!$D$5:$D$1326,MATCH(J466,'Match Groups'!$A$5:$A$1326,0)) -> MATCH
A467: JI-03895 | B467: OPS | C467: 46204 | D467: Northcote Retail Holdings | E467: BILL/2026/0999 | F467: Vendor payment BILL/2026/0999 | G467: -9680 | H467: supplier_payment | J467: G01115 | K467: =INDEX('Match Groups'!$D$5:$D$1326,MATCH(J467,'Match Groups'!$A$5:$A$1326,0)) -> MATCH
A468: JI-03931 | B468: OPS | C468: 46204 | D468: Internal transfer | E468: TFR PR260702 | F468: Transfer to payroll clearing PR260702 | G468: -167671.63 | H468: transfer | J468: G00503 | K468: =INDEX('Match Groups'!$D$5:$D$1326,MATCH(J468,'Match Groups'!$A$5:$A$1326,0)) -> MATCH
A469: JI-00031 | B469: OPS | C469: 46205 | D469: Clearpath NDIS Plans | E469: INV/2026/01403 | F469: Customer payment INV/2026/01403 | G469: 252.19 | H469: customer_payment | J469: G00086 | K469: =INDEX('Match Groups'!$D$5:$D$1326,MATCH(J469,'Match Groups'!$A$5:$A$1326,0)) -> MATCH
A470: JI-00032 | B470: OPS | C470: 46205 | D470: Clearpath NDIS Plans | E470: INV/2026/01427 | F470: Customer payment INV/2026/01427 | G470: 252.19 | H470: customer_payment | J470: G00086 | K470: =INDEX('Match Groups'!$D$5:$D$1326,MATCH(J470,'Match Groups'!$A$5:$A$1326,0)) -> MATCH
A471: JI-00033 | B471: OPS | C471: 46205 | D471: Wattle Plan Services | E471: INV/2026/01404 | F471: Customer payment INV/2026/01404 | G471: 446.18 | H471: customer_payment | J471: G00087 | K471: =INDEX('Match Groups'!$D$5:$D$1326,MATCH(J471,'Match Groups'!$A$5:$A$1326,0)) -> MATCH
A472: JI-00034 | B472: OPS | C472: 46205 | D472: Wattle Plan Services | E472: INV/2026/01405 | F472: Customer payment INV/2026/01405 | G472: 96.99 | H472: customer_payment | J472: G00087 | K472: =INDEX('Match Groups'!$D$5:$D$1326,MATCH(J472,'Match Groups'!$A$5:$A$1326,0)) -> MATCH
A473: JI-00035 | B473: OPS | C473: 46205 | D473: Wattle Plan Services | E473: INV/2026/01428 | F473: Customer payment INV/2026/01428 | G473: 175.49 | H473: customer_payment | J473: G00087 | K473: =INDEX('Match Groups'!$D$5:$D$1326,MATCH(J473,'Match Groups'!$A$5:$A$1326,0)) -> MATCH
A474: JI-00036 | B474: OPS | C474: 46205 | D474: Wattle Plan Services | E474: INV/2026/01429 | F474: Customer payment INV/2026/01429 | G474: 96.99 | H474: customer_payment | J474: G00087 | K474: =INDEX('Match Groups'!$D$5:$D$1326,MATCH(J474,'Match Groups'!$A$5:$A$1326,0)) -> MATCH
A475: JI-00037 | B475: OPS | C475: 46205 | D475: Wattle Plan Services | E475: INV/2026/01455 | F475: Customer payment INV/2026/01455 | G475: 387.98 | H475: customer_payment | J475: G00087 | K475: =INDEX('Match Groups'!$D$5:$D$1326,MATCH(J475,'Match Groups'!$A$5:$A$1326,0)) -> MATCH
A476: JI-00038 | B476: OPS | C476: 46205 | D476: Wattle Plan Services | E476: INV/2026/01456 | F476: Customer payment INV/2026/01456 | G476: 145.49 | H476: customer_payment | J476: G00087 | K476: =INDEX('Match Groups'!$D$5:$D$1326,MATCH(J476,'Match Groups'!$A$5:$A$1326,0)) -> MATCH
A477: JI-00039 | B477: OPS | C477: 46205 | D477: Tallowwood Plans | E477: INV/2026/01471 | F477: Customer payment INV/2026/01471 | G477: 96.99 | H477: customer_payment | J477: G00090 | K477: =INDEX('Match Groups'!$D$5:$D$1326,MATCH(J477,'Match Groups'!$A$5:$A$1326,0)) -> MATCH
A478: JI-00040 | B478: OPS | C478: 46205 | D478: Tallowwood Plans | E478: INV/2026/01472 | F478: Customer payment INV/2026/01472 | G478: 272.49 | H478: customer_payment | J478: G00090 | K478: =INDEX('Match Groups'!$D$5:$D$1326,MATCH(J478,'Match Groups'!$A$5:$A$1326,0)) -> MATCH
... A801: JI-02004 | B801: OPS | C801: 46211 | D801: Stripe patient 92985 | E801: INV/2026/03851 | F801: Customer payment INV/2026/03851 | G801: 220 | H801: customer_payment | J801: G00021 | K801: =INDEX('Match Groups'!$D$5:$D$1326,MATCH(J801,'Match Groups'!$A$5:$A$1326,0)) -> STRIPE-FEE
A802: JI-03721 | B802: OPS | C802: 46211 | D802: Allied Med Consumables | E802: BILL/2026/0845 | F802: Vendor payment BILL/2026/0845 (BATCH/2026/0412) | G802: -672.1 | H802: supplier_payment | I802: BATCH/2026/0412 | J802: G00506 | K802: =INDEX('Match Groups'!$D$5:$D$1326,MATCH(J802,'Match Groups'!$A$5:$A$1326,0)) -> MATCH
A803: JI-03722 | B803: OPS | C803: 46211 | D803: Bayside Cleaning Co | E803: BILL/2026/0847 | F803: Vendor payment BILL/2026/0847 (BATCH/2026/0412) | G803: -278.3 | H803: supplier_payment | I803: BATCH/2026/0412 | J803: G00506 | K803: =INDEX('Match Groups'!$D$5:$D$1326,MATCH(J803,'Match Groups'!$A$5:$A$1326,0)) -> MATCH
A804: JI-03723 | B804: OPS | C804: 46211 | D804: Bayside Cleaning Co | E804: BILL/2026/0849 | F804: Vendor payment BILL/2026/0849 (BATCH/2026/0412) | G804: -1246.3 | H804: supplier_payment | I804: BATCH/2026/0412 | J804: G00506 | K804: =INDEX('Match Groups'!$D$5:$D$1326,MATCH(J804,'Match Groups'!$A$5:$A$1326,0)) -> MATCH
A805: JI-03724 | B805: OPS | C805: 46211 | D805: Bayside Cleaning Co | E805: BILL/2026/0850 | F805: Vendor payment BILL/2026/0850 (BATCH/2026/0412) | G805: -696.3 | H805: supplier_payment | I805: BATCH/2026/0412 | J805: G00506 | K805: =INDEX('Match Groups'!$D$5:$D$1326,MATCH(J805,'Match Groups'!$A$5:$A$1326,0)) -> MATCH
A806: JI-03725 | B806: OPS | C806: 46211 | D806: Southside Couriers | E806: BILL/2026/0846 | F806: Vendor payment BILL/2026/0846 (BATCH/2026/0412) | G806: -2456.3 | H806: supplier_payment | I806: BATCH/2026/0412 | J806: G00506 | K806: =INDEX('Match Groups'!$D$5:$D$1326,MATCH(J806,'Match Groups'!$A$5:$A$1326,0)) -> MATCH
A807: JI-03726 | B807: OPS | C807: 46211 | D807: Kinetic Gym Equipment | E807: BILL/2026/0848 | F807: Vendor payment BILL/2026/0848 (BATCH/2026/0412) | G807: -507.1 | H807: supplier_payment | I807: BATCH/2026/0412 | J807: G00506 | K807: =INDEX('Match Groups'!$D$5:$D$1326,MATCH(J807,'Match Groups'!$A$5:$A$1326,0)) -> MATCH
A808: JI-03727 | B808: OPS | C808: 46211 | D808: Brightline Signage | E808: BILL/2026/0841 | F808: Vendor payment BILL/2026/0841 (BATCH/2026/0412) | G808: -1662.1 | H808: supplier_payment | I808: BATCH/2026/0412 | J808: G00506 | K808: =INDEX('Match Groups'!$D$5:$D$1326,MATCH(J808,'Match Groups'!$A$5:$A$1326,0)) -> MATCH
A809: JI-03728 | B809: OPS | C809: 46211 | D809: Coolroom HVAC Services | E809: BILL/2026/0842 | F809: Vendor payment BILL/2026/0842 (BATCH/2026/0412) | G809: -5940 | H809: supplier_payment | I809: BATCH/2026/0412 | J809: G00506 | K809: =INDEX('Match Groups'!$D$5:$D$1326,MATCH(J809,'Match Groups'!$A$5:$A$1326,0)) -> MATCH
A810: JI-03729 | B810: OPS | C810: 46211 | D810: Northern Pest Control | E810: BILL/2026/0807 | F810: Vendor payment BILL/2026/0807 (BATCH/2026/0412) | G810: -2456.3 | H810: supplier_payment | I810: BATCH/2026/0412 | J810: G00506 | K810: =INDEX('Match Groups'!$D$5:$D$1326,MATCH(J810,'Match Groups'!$A$5:$A$1326,0)) -> MATCH
A811: JI-03730 | B811: OPS | C811: 46211 | D811: Northern Pest Control | E811: BILL/2026/0825 | F811: Vendor payment BILL/2026/0825 (BATCH/2026/0412) | G811: -385 | H811: supplier_payment | I811: BATCH/2026/0412 | J811: G00506 | K811: =INDEX('Match Groups'!$D$5:$D$1326,MATCH(J811,'Match Groups'!$A$5:$A$1326,0)) -> MATCH
A812: JI-03731 | B812: OPS | C812: 46211 | D812: Medilab Pathology | E812: BILL/2026/0813 | F812: Vendor payment BILL/2026/0813 (BATCH/2026/0412) | G812: -165 | H812: supplier_payment | I812: BATCH/2026/0412 | J812: G00506 | K812: =INDEX('Match Groups'!$D$5:$D$1326,MATCH(J812,'Match Groups'!$A$5:$A$1326,0)) -> MATCH
A813: JI-03732 | B813: OPS | C813: 46211 | D813: Locum Physio Agency | E813: BILL/2026/0815 | F813: Vendor payment BILL/2026/0815 (BATCH/2026/0412) | G813: -660 | H813: supplier_payment | I813: BATCH/2026/0412 | J813: G00506 | K813: =INDEX('Match Groups'!$D$5:$D$1326,MATCH(J813,'Match Groups'!$A$5:$A$1326,0)) -> MATCH
... A823: JI-03742 | B823: OPS | C823: 46211 | D823: Prime Print Services | E823: BILL/2026/0834 | F823: Vendor payment BILL/2026/0834 (BATCH/2026/0412) | G823: -5976.3 | H823: supplier_payment | I823: BATCH/2026/0412 | J823: G00506 | K823: =INDEX('Match Groups'!$D$5:$D$1326,MATCH(J823,'Match Groups'!$A$5:$A$1326,0)) -> MATCH
A824: JI-00193 | B824: OPS | C824: 46212 | D824: Bluegum Plan Management | E824: INV/2026/01498 | F824: Customer payment INV/2026/01498 | G824: 446.18 | H824: customer_payment | J824: G00122 | K824: =INDEX('Match Groups'!$D$5:$D$1326,MATCH(J824,'Match Groups'!$A$5:$A$1326,0)) -> MATCH
A825: JI-00194 | B825: OPS | C825: 46212 | D825: Bluegum Plan Management | E825: INV/2026/01499 | F825: Customer payment INV/2026/01499 | G825: 446.18 | H825: customer_payment | J825: G00122 | K825: =INDEX('Match Groups'!$D$5:$D$1326,MATCH(J825,'Match Groups'!$A$5:$A$1326,0)) -> MATCH
A826: JI-00195 | B826: OPS | C826: 46212 | D826: Clearpath NDIS Plans | E826: INV/2026/01847 | F826: Customer payment INV/2026/01847 | G826: 126.99 | H826: customer_payment | J826: G00123 | K826: =INDEX('Match Groups'!$D$5:$D$1326,MATCH(J826,'Match Groups'!$A$5:$A$1326,0)) -> SHORT
A827: JI-00196 | B827: OPS | C827: 46212 | D827: Clearpath NDIS Plans | E827: INV/2026/01848 | F827: Customer payment INV/2026/01848 | G827: 155.19 | H827: customer_payment | J827: G00123 | K827: =INDEX('Match Groups'!$D$5:$D$1326,MATCH(J827,'Match Groups'!$A$5:$A$1326,0)) -> SHORT
A828: JI-00197 | B828: OPS | C828: 46212 | D828: Clearpath NDIS Plans | E828: INV/2026/01876 | F828: Customer payment INV/2026/01876 | G828: 96.99 | H828: customer_payment | J828: G00123 | K828: =INDEX('Match Groups'!$D$5:$D$1326,MATCH(J828,'Match Groups'!$A$5:$A$1326,0)) -> SHORT
A829: JI-00200 | B829: OPS | C829: 46212 | D829: Southern Cross Plan Mgmt | E829: INV/2026/01467 | F829: Customer payment INV/2026/01467 | G829: 349.18 | H829: customer_payment | J829: G00125 | K829: =INDEX('Match Groups'!$D$5:$D$1326,MATCH(J829,'Match Groups'!$A$5:$A$1326,0)) -> MATCH
A830: JI-00201 | B830: OPS | C830: 46212 | D830: Southern Cross Plan Mgmt | E830: INV/2026/01487 | F830: Customer payment INV/2026/01487 | G830: 252.19 | H830: customer_payment | J830: G00125 | K830: =INDEX('Match Groups'!$D$5:$D$1326,MATCH(J830,'Match Groups'!$A$5:$A$1326,0)) -> MATCH
A831: JI-00202 | B831: OPS | C831: 46212 | D831: Lyrebird Plan Management | E831: INV/2026/01470 | F831: Customer payment INV/2026/01470 | G831: 193.99 | H831: customer_payment | J831: G00126 | K831: =INDEX('Match Groups'!$D$5:$D$1326,MATCH(J831,'Match Groups'!$A$5:$A$1326,0)) -> MATCH
A832: JI-00203 | B832: OPS | C832: 46212 | D832: Lyrebird Plan Management | E832: INV/2026/01489 | F832: Customer payment INV/2026/01489 | G832: 145.49 | H832: customer_payment | J832: G00126 | K832: =INDEX('Match Groups'!$D$5:$D$1326,MATCH(J832,'Match Groups'!$A$5:$A$1326,0)) -> MATCH
A833: JI-00204 | B833: OPS | C833: 46212 | D833: Lyrebird Plan Management | E833: INV/2026/01510 | F833: Customer payment INV/2026/01510 | G833: 193.99 | H833: customer_payment | J833: G00126 | K833: =INDEX('Match Groups'!$D$5:$D$1326,MATCH(J833,'Match Groups'!$A$5:$A$1326,0)) -> MATCH
A834: JI-00205 | B834: OPS | C834: 46212 | D834: Lyrebird Plan Management | E834: INV/2026/01573 | F834: Customer payment INV/2026/01573 | G834: 290.98 | H834: customer_payment | J834: G00126 | K834: =INDEX('Match Groups'!$D$5:$D$1326,MATCH(J834,'Match Groups'!$A$5:$A$1326,0)) -> MATCH
A835: JI-00206 | B835: OPS | C835: 46212 | D835: Lyrebird Plan Management | E835: INV/2026/01603 | F835: Customer payment INV/2026/01603 | G835: 300.69 | H835: customer_payment | J835: G00126 | K835: =INDEX('Match Groups'!$D$5:$D$1326,MATCH(J835,'Match Groups'!$A$5:$A$1326,0)) -> MATCH
... A1129: JI-02137 | B1129: OPS | C1129: 46218 | D1129: Stripe patient 17202 | E1129: INV/2026/03984 | F1129: Customer payment INV/2026/03984 | G1129: 120 | H1129: customer_payment | J1129: G00026 | K1129: =INDEX('Match Groups'!$D$5:$D$1326,MATCH(J1129,'Match Groups'!$A$5:$A$1326,0)) -> STRIPE-FEE
A1130: JI-03743 | B1130: OPS | C1130: 46218 | D1130: Allied Med Consumables | E1130: BILL/2026/0856 | F1130: Vendor payment BILL/2026/0856 (BATCH/2026/0413) | G1130: -3862.1 | H1130: supplier_payment | I1130: BATCH/2026/0413 | J1130: G00511 | K1130: =INDEX('Match Groups'!$D$5:$D$1326,MATCH(J1130,'Match Groups'!$A$5:$A$1326,0)) -> MATCH
A1131: JI-03744 | B1131: OPS | C1131: 46218 | D1131: Allied Med Consumables | E1131: BILL/2026/0860 | F1131: Vendor payment BILL/2026/0860 (BATCH/2026/0413) | G1131: -507.1 | H1131: supplier_payment | I1131: BATCH/2026/0413 | J1131: G00511 | K1131: =INDEX('Match Groups'!$D$5:$D$1326,MATCH(J1131,'Match Groups'!$A$5:$A$1326,0)) -> MATCH
A1132: JI-03745 | B1132: OPS | C1132: 46218 | D1132: Clinicare Linen Service | E1132: BILL/2026/0854 | F1132: Vendor payment BILL/2026/0854 (BATCH/2026/0413) | G1132: -3850 | H1132: supplier_payment | I1132: BATCH/2026/0413 | J1132: G00511 | K1132: =INDEX('Match Groups'!$D$5:$D$1326,MATCH(J1132,'Match Groups'!$A$5:$A$1326,0)) -> MATCH
A1133: JI-03746 | B1133: OPS | C1133: 46218 | D1133: Rehab Equipment Hire | E1133: BILL/2026/0853 | F1133: Vendor payment BILL/2026/0853 (BATCH/2026/0413) | G1133: -165 | H1133: supplier_payment | I1133: BATCH/2026/0413 | J1133: G00511 | K1133: =INDEX('Match Groups'!$D$5:$D$1326,MATCH(J1133,'Match Groups'!$A$5:$A$1326,0)) -> MATCH
A1134: JI-03747 | B1134: OPS | C1134: 46218 | D1134: Rehab Equipment Hire | E1134: BILL/2026/0858 | F1134: Vendor payment BILL/2026/0858 (BATCH/2026/0413) | G1134: -421.3 | H1134: supplier_payment | I1134: BATCH/2026/0413 | J1134: G00511 | K1134: =INDEX('Match Groups'!$D$5:$D$1326,MATCH(J1134,'Match Groups'!$A$5:$A$1326,0)) -> MATCH
A1135: JI-03748 | B1135: OPS | C1135: 46218 | D1135: Southside Couriers | E1135: BILL/2026/0857 | F1135: Vendor payment BILL/2026/0857 (BATCH/2026/0413) | G1135: -660 | H1135: supplier_payment | I1135: BATCH/2026/0413 | J1135: G00511 | K1135: =INDEX('Match Groups'!$D$5:$D$1326,MATCH(J1135,'Match Groups'!$A$5:$A$1326,0)) -> MATCH
A1136: JI-03749 | B1136: OPS | C1136: 46218 | D1136: Brightline Signage | E1136: BILL/2026/0861 | F1136: Vendor payment BILL/2026/0861 (BATCH/2026/0413) | G1136: -495 | H1136: supplier_payment | I1136: BATCH/2026/0413 | J1136: G00511 | K1136: =INDEX('Match Groups'!$D$5:$D$1326,MATCH(J1136,'Match Groups'!$A$5:$A$1326,0)) -> MATCH
A1137: JI-03750 | B1137: OPS | C1137: 46218 | D1137: Ergo Furniture Co | E1137: BILL/2026/0855 | F1137: Vendor payment BILL/2026/0855 (BATCH/2026/0413) | G1137: -1650 | H1137: supplier_payment | I1137: BATCH/2026/0413 | J1137: G00511 | K1137: =INDEX('Match Groups'!$D$5:$D$1326,MATCH(J1137,'Match Groups'!$A$5:$A$1326,0)) -> MATCH
A1138: JI-03751 | B1138: OPS | C1138: 46218 | D1138: Ergo Furniture Co | E1138: BILL/2026/0859 | F1138: Vendor payment BILL/2026/0859 (BATCH/2026/0413) | G1138: -1210 | H1138: supplier_payment | I1138: BATCH/2026/0413 | J1138: G00511 | K1138: =INDEX('Match Groups'!$D$5:$D$1326,MATCH(J1138,'Match Groups'!$A$5:$A$1326,0)) -> MATCH
A1139: JI-03752 | B1139: OPS | C1139: 46218 | D1139: Prime Print Services | E1139: BILL/2026/0852 | F1139: Vendor payment BILL/2026/0852 (BATCH/2026/0413) | G1139: -660 | H1139: supplier_payment | I1139: BATCH/2026/0413 | J1139: G00511 | K1139: =INDEX('Match Groups'!$D$5:$D$1326,MATCH(J1139,'Match Groups'!$A$5:$A$1326,0)) -> MATCH
A1140: JI-03753 | B1140: OPS | C1140: 46218 | D1140: Greenleaf Plants Hire | E1140: BILL/2026/0823 | F1140: Vendor payment BILL/2026/0823 (BATCH/2026/0413) | G1140: -916.3 | H1140: supplier_payment | I1140: BATCH/2026/0413 | J1140: G00511 | K1140: =INDEX('Match Groups'!$D$5:$D$1326,MATCH(J1140,'Match Groups'!$A$5:$A$1326,0)) -> MATCH
A1141: JI-03754 | B1141: OPS | C1141: 46218 | D1141: Secure Shred Australia | E1141: BILL/2026/0844 | F1141: Vendor payment BILL/2026/0844 (BATCH/2026/0413) | G1141: -1222.1 | H1141: supplier_payment | I1141: BATCH/2026/0413 | J1141: G00511 | K1141: =INDEX('Match Groups'!$D$5:$D$1326,MATCH(J1141,'Match Groups'!$A$5:$A$1326,0)) -> MATCH
... A1150: JI-03763 | B1150: OPS | C1150: 46218 | D1150: Harbour IT Support | E1150: BILL/2026/0837 | F1150: Vendor payment BILL/2026/0837 (BATCH/2026/0413) | G1150: -242 | H1150: supplier_payment | I1150: BATCH/2026/0413 | J1150: G00511 | K1150: =INDEX('Match Groups'!$D$5:$D$1326,MATCH(J1150,'Match Groups'!$A$5:$A$1326,0)) -> MATCH
A1151: JI-03899 | B1151: OPS | C1151: 46218 | D1151: Telwave Business Mobile | E1151: BILL/2026/1004 | F1151: Vendor payment BILL/2026/1004 | G1151: -1204.76 | H1151: supplier_payment | J1151: G01124 | K1151: =INDEX('Match Groups'!$D$5:$D$1326,MATCH(J1151,'Match Groups'!$A$5:$A$1326,0)) -> MATCH
A1152: JI-03935 | B1152: OPS | C1152: 46218 | D1152: Internal transfer | E1152: TFR PR260716 | F1152: Transfer to payroll clearing PR260716 | G1152: -203128.08 | H1152: transfer | J1152: G00512 | K1152: =INDEX('Match Groups'!$D$5:$D$1326,MATCH(J1152,'Match Groups'!$A$5:$A$1326,0)) -> MATCH
A1153: JI-00338 | B1153: OPS | C1153: 46219 | D1153: Clearpath NDIS Plans | E1153: INV/2026/01877 | F1153: Customer payment INV/2026/01877 | G1153: 96.99 | H1153: customer_payment | J1153: G00153 | K1153: =INDEX('Match Groups'!$D$5:$D$1326,MATCH(J1153,'Match Groups'!$A$5:$A$1326,0)) -> MATCH
A1154: JI-00339 | B1154: OPS | C1154: 46219 | D1154: Clearpath NDIS Plans | E1154: INV/2026/01878 | F1154: Customer payment INV/2026/01878 | G1154: 417.98 | H1154: customer_payment | J1154: G00153 | K1154: =INDEX('Match Groups'!$D$5:$D$1326,MATCH(J1154,'Match Groups'!$A$5:$A$1326,0)) -> MATCH
A1155: JI-00340 | B1155: OPS | C1155: 46219 | D1155: Clearpath NDIS Plans | E1155: INV/2026/01918 | F1155: Customer payment INV/2026/01918 | G1155: 446.18 | H1155: customer_payment | J1155: G00153 | K1155: =INDEX('Match Groups'!$D$5:$D$1326,MATCH(J1155,'Match Groups'!$A$5:$A$1326,0)) -> MATCH
A1156: JI-00341 | B1156: OPS | C1156: 46219 | D1156: Clearpath NDIS Plans | E1156: INV/2026/01945 | F1156: Customer payment INV/2026/01945 | G1156: 272.49 | H1156: customer_payment | J1156: G00153 | K1156: =INDEX('Match Groups'!$D$5:$D$1326,MATCH(J1156,'Match Groups'!$A$5:$A$1326,0)) -> MATCH
A1157: JI-00342 | B1157: OPS | C1157: 46219 | D1157: Clearpath NDIS Plans | E1157: INV/2026/01946 | F1157: Customer payment INV/2026/01946 | G1157: 349.18 | H1157: customer_payment | J1157: G00153 | K1157: =INDEX('Match Groups'!$D$5:$D$1326,MATCH(J1157,'Match Groups'!$A$5:$A$1326,0)) -> MATCH
A1158: JI-00343 | B1158: OPS | C1158: 46219 | D1158: Clearpath NDIS Plans | E1158: INV/2026/01947 | F1158: Customer payment INV/2026/01947 | G1158: 242.49 | H1158: customer_payment | J1158: G00153 | K1158: =INDEX('Match Groups'!$D$5:$D$1326,MATCH(J1158,'Match Groups'!$A$5:$A$1326,0)) -> MATCH
A1159: JI-00344 | B1159: OPS | C1159: 46219 | D1159: Banksia Plan Co | E1159: INV/2026/01850 | F1159: Customer payment INV/2026/01850 | G1159: 320.98 | H1159: customer_payment | J1159: G00154 | K1159: =INDEX('Match Groups'!$D$5:$D$1326,MATCH(J1159,'Match Groups'!$A$5:$A$1326,0)) -> MATCH
A1160: JI-00345 | B1160: OPS | C1160: 46219 | D1160: Banksia Plan Co | E1160: INV/2026/01851 | F1160: Customer payment INV/2026/01851 | G1160: 145.49 | H1160: customer_payment | J1160: G00154 | K1160: =INDEX('Match Groups'!$D$5:$D$1326,MATCH(J1160,'Match Groups'!$A$5:$A$1326,0)) -> MATCH
A1161: JI-00346 | B1161: OPS | C1161: 46219 | D1161: Banksia Plan Co | E1161: INV/2026/01898 | F1161: Customer payment INV/2026/01898 | G1161: 252.19 | H1161: customer_payment | J1161: G00154 | K1161: =INDEX('Match Groups'!$D$5:$D$1326,MATCH(J1161,'Match Groups'!$A$5:$A$1326,0)) -> MATCH
A1162: JI-00347 | B1162: OPS | C1162: 46219 | D1162: Banksia Plan Co | E1162: INV/2026/01899 | F1162: Customer payment INV/2026/01899 | G1162: 387.98 | H1162: customer_payment | J1162: G00154 | K1162: =INDEX('Match Groups'!$D$5:$D$1326,MATCH(J1162,'Match Groups'!$A$5:$A$1326,0)) -> MATCH
... A1479: JI-02271 | B1479: OPS | C1479: 46225 | D1479: Stripe patient 29174 | E1479: INV/2026/04118 | F1479: Customer payment INV/2026/04118 | G1479: 95 | H1479: customer_payment | J1479: G00031 | K1479: =INDEX('Match Groups'!$D$5:$D$1326,MATCH(J1479,'Match Groups'!$A$5:$A$1326,0)) -> STRIPE-FEE
A1480: JI-03764 | B1480: OPS | C1480: 46225 | D1480: Allied Med Consumables | E1480: BILL/2026/0872 | F1480: Vendor payment BILL/2026/0872 (BATCH/2026/0414) | G1480: -880 | H1480: supplier_payment | I1480: BATCH/2026/0414 | J1480: G00514 | K1480: =INDEX('Match Groups'!$D$5:$D$1326,MATCH(J1480,'Match Groups'!$A$5:$A$1326,0)) -> MATCH
A1481: JI-03765 | B1481: OPS | C1481: 46225 | D1481: Paperline Stationery Pty | E1481: BILL/2026/0863 | F1481: Vendor payment BILL/2026/0863 (BATCH/2026/0414) | G1481: -916.3 | H1481: supplier_payment | I1481: BATCH/2026/0414 | J1481: G00514 | K1481: =INDEX('Match Groups'!$D$5:$D$1326,MATCH(J1481,'Match Groups'!$A$5:$A$1326,0)) -> MATCH
A1482: JI-03766 | B1482: OPS | C1482: 46225 | D1482: Locum Physio Agency | E1482: BILL/2026/0869 | F1482: Vendor payment BILL/2026/0869 (BATCH/2026/0414) | G1482: -495 | H1482: supplier_payment | I1482: BATCH/2026/0414 | J1482: G00514 | K1482: =INDEX('Match Groups'!$D$5:$D$1326,MATCH(J1482,'Match Groups'!$A$5:$A$1326,0)) -> MATCH
A1483: JI-03767 | B1483: OPS | C1483: 46225 | D1483: Ergo Furniture Co | E1483: BILL/2026/0868 | F1483: Vendor payment BILL/2026/0868 (BATCH/2026/0414) | G1483: -2432.1 | H1483: supplier_payment | I1483: BATCH/2026/0414 | J1483: G00514 | K1483: =INDEX('Match Groups'!$D$5:$D$1326,MATCH(J1483,'Match Groups'!$A$5:$A$1326,0)) -> MATCH
A1484: JI-03768 | B1484: OPS | C1484: 46225 | D1484: Greenleaf Plants Hire | E1484: BILL/2026/0867 | F1484: Vendor payment BILL/2026/0867 (BATCH/2026/0414) | G1484: -165 | H1484: supplier_payment | I1484: BATCH/2026/0414 | J1484: G00514 | K1484: =INDEX('Match Groups'!$D$5:$D$1326,MATCH(J1484,'Match Groups'!$A$5:$A$1326,0)) -> MATCH
A1485: JI-03769 | B1485: OPS | C1485: 46225 | D1485: Secure Shred Australia | E1485: BILL/2026/0870 | F1485: Vendor payment BILL/2026/0870 (BATCH/2026/0414) | G1485: -531.3 | H1485: supplier_payment | I1485: BATCH/2026/0414 | J1485: G00514 | K1485: =INDEX('Match Groups'!$D$5:$D$1326,MATCH(J1485,'Match Groups'!$A$5:$A$1326,0)) -> MATCH
...

Sheet Match Groups
A1: Match groups (one row per group; month-end position by formula)
A2: Sample build: realistic data, built to show how I'd handle this work. Not client data.
A4: Group | B4: Account | C4: Rule | D4: Reason | E4: Partner | F4: Score | G4: Note | H4: Bank lines | I4: Odoo items | J4: Bank total | K4: Odoo total | L4: Difference | M4: Jul bank | N4: Jul Odoo | O4: Jul n bank | P4: Jul n Odoo | Q4: Jul position | R4: Jul difference | S4: Aug bank | T4: Aug Odoo | U4: Aug n bank | V4: Aug n Odoo | W4: Aug position | X4: Aug difference | Y4: Sep bank | Z4: Sep Odoo | AA4: Sep n bank | AB4: Sep n Odoo | AC4: Sep position | AD4: Sep difference
A5: G00001 | B5: OPS | C5: R01 | D5: DUPIMP | G5: Duplicate of a line in import OPS-20260814 | H5: =COUNTIFS('Bank Lines'!$G$5:$G$1640,A5,'Bank Lines'!$J$5:$J$1640,1) -> 0 | I5: =COUNTIFS('Odoo Items'!$J$5:$J$4331,A5) -> 0 | J5: =ROUND(SUMIFS('Bank Lines'!$E$5:$E$1640,'Bank Lines'!$G$5:$G$1640,A5,'Bank Lines'!$J$5:$J$1640,1),2) -> 0 | K5: =ROUND(SUMIFS('Odoo Items'!$G$5:$G$4331,'Odoo Items'!$J$5:$J$4331,A5),2) -> 0 | L5: =ROUND(J5-K5,2) -> 0 | M5: =ROUND(SUMIFS('Bank Lines'!$E$5:$E$1640,'Bank Lines'!$G$5:$G$1640,A5,'Bank Lines'!$J$5:$J$1640,1,'Bank Lines'!$C$5:$C$1640,"<="&Cover!$C$13),2) -> 0 | N5: =ROUND(SUMIFS('Odoo Items'!$G$5:$G$4331,'Odoo Items'!$J$5:$J$4331,A5,'Odoo Items'!$C$5:$C$4331,"<="&Cover!$C$13),2) -> 0 | O5: =COUNTIFS('Bank Lines'!$G$5:$G$1640,A5,'Bank Lines'!$J$5:$J$1640,1,'Bank Lines'!$C$5:$C$1640,"<="&Cover!$C$13) -> 0 | P5: =COUNTIFS('Odoo Items'!$J$5:$J$4331,A5,'Odoo Items'!$C$5:$C$4331,"<="&Cover!$C$13) -> 0 | Q5: =IF(AND(O5=0,P5=0),"",IF(O5=0,"ODOO-ONLY",IF(P5=0,"BANK-ONLY","BOTH"))) | R5: =IF(Q5="BOTH",ROUND(M5-N5,2),0) -> 0 | S5: =ROUND(SUMIFS('Bank Lines'!$E$5:$E$1640,'Bank Lines'!$G$5:$G$1640,A5,'Bank Lines'!$J$5:$J$1640,1,'Bank Lines'!$C$5:$C$1640,"<="&Cover!$C$14),2) -> 0 | T5: =ROUND(SUMIFS('Odoo Items'!$G$5:$G$4331,'Odoo Items'!$J$5:$J$4331,A5,'Odoo Items'!$C$5:$C$4331,"<="&Cover!$C$14),2) -> 0 | U5: =COUNTIFS('Bank Lines'!$G$5:$G$1640,A5,'Bank Lines'!$J$5:$J$1640,1,'Bank Lines'!$C$5:$C$1640,"<="&Cover!$C$14) -> 0 | V5: =COUNTIFS('Odoo Items'!$J$5:$J$4331,A5,'Odoo Items'!$C$5:$C$4331,"<="&Cover!$C$14) -> 0 | W5: =IF(AND(U5=0,V5=0),"",IF(U5=0,"ODOO-ONLY",IF(V5=0,"BANK-ONLY","BOTH"))) | X5: =IF(W5="BOTH",ROUND(S5-T5,2),0) -> 0 | Y5: =ROUND(SUMIFS('Bank Lines'!$E$5:$E$1640,'Bank Lines'!$G$5:$G$1640,A5,'Bank Lines'!$J$5:$J$1640,1,'Bank Lines'!$C$5:$C$1640,"<="&Cover!$C$15),2) -> 0 | Z5: =ROUND(SUMIFS('Odoo Items'!$G$5:$G$4331,'Odoo Items'!$J$5:$J$4331,A5,'Odoo Items'!$C$5:$C$4331,"<="&Cover!$C$15),2) -> 0 | AA5: =COUNTIFS('Bank Lines'!$G$5:$G$1640,A5,'Bank Lines'!$J$5:$J$1640,1,'Bank Lines'!$C$5:$C$1640,"<="&Cover!$C$15) -> 0 | AB5: =COUNTIFS('Odoo Items'!$J$5:$J$4331,A5,'Odoo Items'!$C$5:$C$4331,"<="&Cover!$C$15) -> 0 | AC5: =IF(AND(AA5=0,AB5=0),"",IF(AA5=0,"ODOO-ONLY",IF(AB5=0,"BANK-ONLY","BOTH"))) | AD5: =IF(AC5="BOTH",ROUND(Y5-Z5,2),0) -> 0
A6: G00002 | B6: OPS | C6: R01 | D6: DUPIMP | G6: Duplicate of a line in import OPS-20260814 | H6: =COUNTIFS('Bank Lines'!$G$5:$G$1640,A6,'Bank Lines'!$J$5:$J$1640,1) -> 0 | I6: =COUNTIFS('Odoo Items'!$J$5:$J$4331,A6) -> 0 | J6: =ROUND(SUMIFS('Bank Lines'!$E$5:$E$1640,'Bank Lines'!$G$5:$G$1640,A6,'Bank Lines'!$J$5:$J$1640,1),2) -> 0 | K6: =ROUND(SUMIFS('Odoo Items'!$G$5:$G$4331,'Odoo Items'!$J$5:$J$4331,A6),2) -> 0 | L6: =ROUND(J6-K6,2) -> 0 | M6: =ROUND(SUMIFS('Bank Lines'!$E$5:$E$1640,'Bank Lines'!$G$5:$G$1640,A6,'Bank Lines'!$J$5:$J$1640,1,'Bank Lines'!$C$5:$C$1640,"<="&Cover!$C$13),2) -> 0 | N6: =ROUND(SUMIFS('Odoo Items'!$G$5:$G$4331,'Odoo Items'!$J$5:$J$4331,A6,'Odoo Items'!$C$5:$C$4331,"<="&Cover!$C$13),2) -> 0 | O6: =COUNTIFS('Bank Lines'!$G$5:$G$1640,A6,'Bank Lines'!$J$5:$J$1640,1,'Bank Lines'!$C$5:$C$1640,"<="&Cover!$C$13) -> 0 | P6: =COUNTIFS('Odoo Items'!$J$5:$J$4331,A6,'Odoo Items'!$C$5:$C$4331,"<="&Cover!$C$13) -> 0 | Q6: =IF(AND(O6=0,P6=0),"",IF(O6=0,"ODOO-ONLY",IF(P6=0,"BANK-ONLY","BOTH"))) | R6: =IF(Q6="BOTH",ROUND(M6-N6,2),0) -> 0 | S6: =ROUND(SUMIFS('Bank Lines'!$E$5:$E$1640,'Bank Lines'!$G$5:$G$1640,A6,'Bank Lines'!$J$5:$J$1640,1,'Bank Lines'!$C$5:$C$1640,"<="&Cover!$C$14),2) -> 0 | T6: =ROUND(SUMIFS('Odoo Items'!$G$5:$G$4331,'Odoo Items'!$J$5:$J$4331,A6,'Odoo Items'!$C$5:$C$4331,"<="&Cover!$C$14),2) -> 0 | U6: =COUNTIFS('Bank Lines'!$G$5:$G$1640,A6,'Bank Lines'!$J$5:$J$1640,1,'Bank Lines'!$C$5:$C$1640,"<="&Cover!$C$14) -> 0 | V6: =COUNTIFS('Odoo Items'!$J$5:$J$4331,A6,'Odoo Items'!$C$5:$C$4331,"<="&Cover!$C$14) -> 0 | W6: =IF(AND(U6=0,V6=0),"",IF(U6=0,"ODOO-ONLY",IF(V6=0,"BANK-ONLY","BOTH"))) | X6: =IF(W6="BOTH",ROUND(S6-T6,2),0) -> 0 | Y6: =ROUND(SUMIFS('Bank Lines'!$E$5:$E$1640,'Bank Lines'!$G$5:$G$1640,A6,'Bank Lines'!$J$5:$J$1640,1,'Bank Lines'!$C$5:$C$1640,"<="&Cover!$C$15),2) -> 0 | Z6: =ROUND(SUMIFS('Odoo Items'!$G$5:$G$4331,'Odoo Items'!$J$5:$J$4331,A6,'Odoo Items'!$C$5:$C$4331,"<="&Cover!$C$15),2) -> 0 | AA6: =COUNTIFS('Bank Lines'!$G$5:$G$1640,A6,'Bank Lines'!$J$5:$J$1640,1,'Bank Lines'!$C$5:$C$1640,"<="&Cover!$C$15) -> 0 | AB6: =COUNTIFS('Odoo Items'!$J$5:$J$4331,A6,'Odoo Items'!$C$5:$C$4331,"<="&Cover!$C$15) -> 0 | AC6: =IF(AND(AA6=0,AB6=0),"",IF(AA6=0,"ODOO-ONLY",IF(AB6=0,"BANK-ONLY","BOTH"))) | AD6: =IF(AC6="BOTH",ROUND(Y6-Z6,2),0) -> 0
A7: G00003 | B7: OPS | C7: R01 | D7: DUPIMP | G7: Duplicate of a line in import OPS-20260814 | H7: =COUNTIFS('Bank Lines'!$G$5:$G$1640,A7,'Bank Lines'!$J$5:$J$1640,1) -> 0 | I7: =COUNTIFS('Odoo Items'!$J$5:$J$4331,A7) -> 0 | J7: =ROUND(SUMIFS('Bank Lines'!$E$5:$E$1640,'Bank Lines'!$G$5:$G$1640,A7,'Bank Lines'!$J$5:$J$1640,1),2) -> 0 | K7: =ROUND(SUMIFS('Odoo Items'!$G$5:$G$4331,'Odoo Items'!$J$5:$J$4331,A7),2) -> 0 | L7: =ROUND(J7-K7,2) -> 0 | M7: =ROUND(SUMIFS('Bank Lines'!$E$5:$E$1640,'Bank Lines'!$G$5:$G$1640,A7,'Bank Lines'!$J$5:$J$1640,1,'Bank Lines'!$C$5:$C$1640,"<="&Cover!$C$13),2) -> 0 | N7: =ROUND(SUMIFS('Odoo Items'!$G$5:$G$4331,'Odoo Items'!$J$5:$J$4331,A7,'Odoo Items'!$C$5:$C$4331,"<="&Cover!$C$13),2) -> 0 | O7: =COUNTIFS('Bank Lines'!$G$5:$G$1640,A7,'Bank Lines'!$J$5:$J$1640,1,'Bank Lines'!$C$5:$C$1640,"<="&Cover!$C$13) -> 0 | P7: =COUNTIFS('Odoo Items'!$J$5:$J$4331,A7,'Odoo Items'!$C$5:$C$4331,"<="&Cover!$C$13) -> 0 | Q7: =IF(AND(O7=0,P7=0),"",IF(O7=0,"ODOO-ONLY",IF(P7=0,"BANK-ONLY","BOTH"))) | R7: =IF(Q7="BOTH",ROUND(M7-N7,2),0) -> 0 | S7: =ROUND(SUMIFS('Bank Lines'!$E$5:$E$1640,'Bank Lines'!$G$5:$G$1640,A7,'Bank Lines'!$J$5:$J$1640,1,'Bank Lines'!$C$5:$C$1640,"<="&Cover!$C$14),2) -> 0 | T7: =ROUND(SUMIFS('Odoo Items'!$G$5:$G$4331,'Odoo Items'!$J$5:$J$4331,A7,'Odoo Items'!$C$5:$C$4331,"<="&Cover!$C$14),2) -> 0 | U7: =COUNTIFS('Bank Lines'!$G$5:$G$1640,A7,'Bank Lines'!$J$5:$J$1640,1,'Bank Lines'!$C$5:$C$1640,"<="&Cover!$C$14) -> 0 | V7: =COUNTIFS('Odoo Items'!$J$5:$J$4331,A7,'Odoo Items'!$C$5:$C$4331,"<="&Cover!$C$14) -> 0 | W7: =IF(AND(U7=0,V7=0),"",IF(U7=0,"ODOO-ONLY",IF(V7=0,"BANK-ONLY","BOTH"))) | X7: =IF(W7="BOTH",ROUND(S7-T7,2),0) -> 0 | Y7: =ROUND(SUMIFS('Bank Lines'!$E$5:$E$1640,'Bank Lines'!$G$5:$G$1640,A7,'Bank Lines'!$J$5:$J$1640,1,'Bank Lines'!$C$5:$C$1640,"<="&Cover!$C$15),2) -> 0 | Z7: =ROUND(SUMIFS('Odoo Items'!$G$5:$G$4331,'Odoo Items'!$J$5:$J$4331,A7,'Odoo Items'!$C$5:$C$4331,"<="&Cover!$C$15),2) -> 0 | AA7: =COUNTIFS('Bank Lines'!$G$5:$G$1640,A7,'Bank Lines'!$J$5:$J$1640,1,'Bank Lines'!$C$5:$C$1640,"<="&Cover!$C$15) -> 0 | AB7: =COUNTIFS('Odoo Items'!$J$5:$J$4331,A7,'Odoo Items'!$C$5:$C$4331,"<="&Cover!$C$15) -> 0 | AC7: =IF(AND(AA7=0,AB7=0),"",IF(AA7=0,"ODOO-ONLY",IF(AB7=0,"BANK-ONLY","BOTH"))) | AD7: =IF(AC7="BOTH",ROUND(Y7-Z7,2),0) -> 0
A8: G00004 | B8: OPS | C8: R01 | D8: DUPIMP | G8: Duplicate of a line in import OPS-20260814 | H8: =COUNTIFS('Bank Lines'!$G$5:$G$1640,A8,'Bank Lines'!$J$5:$J$1640,1) -> 0 | I8: =COUNTIFS('Odoo Items'!$J$5:$J$4331,A8) -> 0 | J8: =ROUND(SUMIFS('Bank Lines'!$E$5:$E$1640,'Bank Lines'!$G$5:$G$1640,A8,'Bank Lines'!$J$5:$J$1640,1),2) -> 0 | K8: =ROUND(SUMIFS('Odoo Items'!$G$5:$G$4331,'Odoo Items'!$J$5:$J$4331,A8),2) -> 0 | L8: =ROUND(J8-K8,2) -> 0 | M8: =ROUND(SUMIFS('Bank Lines'!$E$5:$E$1640,'Bank Lines'!$G$5:$G$1640,A8,'Bank Lines'!$J$5:$J$1640,1,'Bank Lines'!$C$5:$C$1640,"<="&Cover!$C$13),2) -> 0 | N8: =ROUND(SUMIFS('Odoo Items'!$G$5:$G$4331,'Odoo Items'!$J$5:$J$4331,A8,'Odoo Items'!$C$5:$C$4331,"<="&Cover!$C$13),2) -> 0 | O8: =COUNTIFS('Bank Lines'!$G$5:$G$1640,A8,'Bank Lines'!$J$5:$J$1640,1,'Bank Lines'!$C$5:$C$1640,"<="&Cover!$C$13) -> 0 | P8: =COUNTIFS('Odoo Items'!$J$5:$J$4331,A8,'Odoo Items'!$C$5:$C$4331,"<="&Cover!$C$13) -> 0 | Q8: =IF(AND(O8=0,P8=0),"",IF(O8=0,"ODOO-ONLY",IF(P8=0,"BANK-ONLY","BOTH"))) | R8: =IF(Q8="BOTH",ROUND(M8-N8,2),0) -> 0 | S8: =ROUND(SUMIFS('Bank Lines'!$E$5:$E$1640,'Bank Lines'!$G$5:$G$1640,A8,'Bank Lines'!$J$5:$J$1640,1,'Bank Lines'!$C$5:$C$1640,"<="&Cover!$C$14),2) -> 0 | T8: =ROUND(SUMIFS('Odoo Items'!$G$5:$G$4331,'Odoo Items'!$J$5:$J$4331,A8,'Odoo Items'!$C$5:$C$4331,"<="&Cover!$C$14),2) -> 0 | U8: =COUNTIFS('Bank Lines'!$G$5:$G$1640,A8,'Bank Lines'!$J$5:$J$1640,1,'Bank Lines'!$C$5:$C$1640,"<="&Cover!$C$14) -> 0 | V8: =COUNTIFS('Odoo Items'!$J$5:$J$4331,A8,'Odoo Items'!$C$5:$C$4331,"<="&Cover!$C$14) -> 0 | W8: =IF(AND(U8=0,V8=0),"",IF(U8=0,"ODOO-ONLY",IF(V8=0,"BANK-ONLY","BOTH"))) | X8: =IF(W8="BOTH",ROUND(S8-T8,2),0) -> 0 | Y8: =ROUND(SUMIFS('Bank Lines'!$E$5:$E$1640,'Bank Lines'!$G$5:$G$1640,A8,'Bank Lines'!$J$5:$J$1640,1,'Bank Lines'!$C$5:$C$1640,"<="&Cover!$C$15),2) -> 0 | Z8: =ROUND(SUMIFS('Odoo Items'!$G$5:$G$4331,'Odoo Items'!$J$5:$J$4331,A8,'Odoo Items'!$C$5:$C$4331,"<="&Cover!$C$15),2) -> 0 | AA8: =COUNTIFS('Bank Lines'!$G$5:$G$1640,A8,'Bank Lines'!$J$5:$J$1640,1,'Bank Lines'!$C$5:$C$1640,"<="&Cover!$C$15) -> 0 | AB8: =COUNTIFS('Odoo Items'!$J$5:$J$4331,A8,'Odoo Items'!$C$5:$C$4331,"<="&Cover!$C$15) -> 0 | AC8: =IF(AND(AA8=0,AB8=0),"",IF(AA8=0,"ODOO-ONLY",IF(AB8=0,"BANK-ONLY","BOTH"))) | AD8: =IF(AC8="BOTH",ROUND(Y8-Z8,2),0) -> 0
A9: G00005 | B9: OPS | C9: R01 | D9: DUPIMP | G9: Duplicate of a line in import OPS-20260814 | H9: =COUNTIFS('Bank Lines'!$G$5:$G$1640,A9,'Bank Lines'!$J$5:$J$1640,1) -> 0 | I9: =COUNTIFS('Odoo Items'!$J$5:$J$4331,A9) -> 0 | J9: =ROUND(SUMIFS('Bank Lines'!$E$5:$E$1640,'Bank Lines'!$G$5:$G$1640,A9,'Bank Lines'!$J$5:$J$1640,1),2) -> 0 | K9: =ROUND(SUMIFS('Odoo Items'!$G$5:$G$4331,'Odoo Items'!$J$5:$J$4331,A9),2) -> 0 | L9: =ROUND(J9-K9,2) -> 0 | M9: =ROUND(SUMIFS('Bank Lines'!$E$5:$E$1640,'Bank Lines'!$G$5:$G$1640,A9,'Bank Lines'!$J$5:$J$1640,1,'Bank Lines'!$C$5:$C$1640,"<="&Cover!$C$13),2) -> 0 | N9: =ROUND(SUMIFS('Odoo Items'!$G$5:$G$4331,'Odoo Items'!$J$5:$J$4331,A9,'Odoo Items'!$C$5:$C$4331,"<="&Cover!$C$13),2) -> 0 | O9: =COUNTIFS('Bank Lines'!$G$5:$G$1640,A9,'Bank Lines'!$J$5:$J$1640,1,'Bank Lines'!$C$5:$C$1640,"<="&Cover!$C$13) -> 0 | P9: =COUNTIFS('Odoo Items'!$J$5:$J$4331,A9,'Odoo Items'!$C$5:$C$4331,"<="&Cover!$C$13) -> 0 | Q9: =IF(AND(O9=0,P9=0),"",IF(O9=0,"ODOO-ONLY",IF(P9=0,"BANK-ONLY","BOTH"))) | R9: =IF(Q9="BOTH",ROUND(M9-N9,2),0) -> 0 | S9: =ROUND(SUMIFS('Bank Lines'!$E$5:$E$1640,'Bank Lines'!$G$5:$G$1640,A9,'Bank Lines'!$J$5:$J$1640,1,'Bank Lines'!$C$5:$C$1640,"<="&Cover!$C$14),2) -> 0 | T9: =ROUND(SUMIFS('Odoo Items'!$G$5:$G$4331,'Odoo Items'!$J$5:$J$4331,A9,'Odoo Items'!$C$5:$C$4331,"<="&Cover!$C$14),2) -> 0 | U9: =COUNTIFS('Bank Lines'!$G$5:$G$1640,A9,'Bank Lines'!$J$5:$J$1640,1,'Bank Lines'!$C$5:$C$1640,"<="&Cover!$C$14) -> 0 | V9: =COUNTIFS('Odoo Items'!$J$5:$J$4331,A9,'Odoo Items'!$C$5:$C$4331,"<="&Cover!$C$14) -> 0 | W9: =IF(AND(U9=0,V9=0),"",IF(U9=0,"ODOO-ONLY",IF(V9=0,"BANK-ONLY","BOTH"))) | X9: =IF(W9="BOTH",ROUND(S9-T9,2),0) -> 0 | Y9: =ROUND(SUMIFS('Bank Lines'!$E$5:$E$1640,'Bank Lines'!$G$5:$G$1640,A9,'Bank Lines'!$J$5:$J$1640,1,'Bank Lines'!$C$5:$C$1640,"<="&Cover!$C$15),2) -> 0 | Z9: =ROUND(SUMIFS('Odoo Items'!$G$5:$G$4331,'Odoo Items'!$J$5:$J$4331,A9,'Odoo Items'!$C$5:$C$4331,"<="&Cover!$C$15),2) -> 0 | AA9: =COUNTIFS('Bank Lines'!$G$5:$G$1640,A9,'Bank Lines'!$J$5:$J$1640,1,'Bank Lines'!$C$5:$C$1640,"<="&Cover!$C$15) -> 0 | AB9: =COUNTIFS('Odoo Items'!$J$5:$J$4331,A9,'Odoo Items'!$C$5:$C$4331,"<="&Cover!$C$15) -> 0 | AC9: =IF(AND(AA9=0,AB9=0),"",IF(AA9=0,"ODOO-ONLY",IF(AB9=0,"BANK-ONLY","BOTH"))) | AD9: =IF(AC9="BOTH",ROUND(Y9-Z9,2),0) -> 0
A10: G00006 | B10: OPS | C10: R01 | D10: DUPIMP | G10: Duplicate of a line in import OPS-20260814 | H10: =COUNTIFS('Bank Lines'!$G$5:$G$1640,A10,'Bank Lines'!$J$5:$J$1640,1) -> 0 | I10: =COUNTIFS('Odoo Items'!$J$5:$J$4331,A10) -> 0 | J10: =ROUND(SUMIFS('Bank Lines'!$E$5:$E$1640,'Bank Lines'!$G$5:$G$1640,A10,'Bank Lines'!$J$5:$J$1640,1),2) -> 0 | K10: =ROUND(SUMIFS('Odoo Items'!$G$5:$G$4331,'Odoo Items'!$J$5:$J$4331,A10),2) -> 0 | L10: =ROUND(J10-K10,2) -> 0 | M10: =ROUND(SUMIFS('Bank Lines'!$E$5:$E$1640,'Bank Lines'!$G$5:$G$1640,A10,'Bank Lines'!$J$5:$J$1640,1,'Bank Lines'!$C$5:$C$1640,"<="&Cover!$C$13),2) -> 0 | N10: =ROUND(SUMIFS('Odoo Items'!$G$5:$G$4331,'Odoo Items'!$J$5:$J$4331,A10,'Odoo Items'!$C$5:$C$4331,"<="&Cover!$C$13),2) -> 0 | O10: =COUNTIFS('Bank Lines'!$G$5:$G$1640,A10,'Bank Lines'!$J$5:$J$1640,1,'Bank Lines'!$C$5:$C$1640,"<="&Cover!$C$13) -> 0 | P10: =COUNTIFS('Odoo Items'!$J$5:$J$4331,A10,'Odoo Items'!$C$5:$C$4331,"<="&Cover!$C$13) -> 0 | Q10: =IF(AND(O10=0,P10=0),"",IF(O10=0,"ODOO-ONLY",IF(P10=0,"BANK-ONLY","BOTH"))) | R10: =IF(Q10="BOTH",ROUND(M10-N10,2),0) -> 0 | S10: =ROUND(SUMIFS('Bank Lines'!$E$5:$E$1640,'Bank Lines'!$G$5:$G$1640,A10,'Bank Lines'!$J$5:$J$1640,1,'Bank Lines'!$C$5:$C$1640,"<="&Cover!$C$14),2) -> 0 | T10: =ROUND(SUMIFS('Odoo Items'!$G$5:$G$4331,'Odoo Items'!$J$5:$J$4331,A10,'Odoo Items'!$C$5:$C$4331,"<="&Cover!$C$14),2) -> 0 | U10: =COUNTIFS('Bank Lines'!$G$5:$G$1640,A10,'Bank Lines'!$J$5:$J$1640,1,'Bank Lines'!$C$5:$C$1640,"<="&Cover!$C$14) -> 0 | V10: =COUNTIFS('Odoo Items'!$J$5:$J$4331,A10,'Odoo Items'!$C$5:$C$4331,"<="&Cover!$C$14) -> 0 | W10: =IF(AND(U10=0,V10=0),"",IF(U10=0,"ODOO-ONLY",IF(V10=0,"BANK-ONLY","BOTH"))) | X10: =IF(W10="BOTH",ROUND(S10-T10,2),0) -> 0 | Y10: =ROUND(SUMIFS('Bank Lines'!$E$5:$E$1640,'Bank Lines'!$G$5:$G$1640,A10,'Bank Lines'!$J$5:$J$1640,1,'Bank Lines'!$C$5:$C$1640,"<="&Cover!$C$15),2) -> 0 | Z10: =ROUND(SUMIFS('Odoo Items'!$G$5:$G$4331,'Odoo Items'!$J$5:$J$4331,A10,'Odoo Items'!$C$5:$C$4331,"<="&Cover!$C$15),2) -> 0 | AA10: =COUNTIFS('Bank Lines'!$G$5:$G$1640,A10,'Bank Lines'!$J$5:$J$1640,1,'Bank Lines'!$C$5:$C$1640,"<="&Cover!$C$15) -> 0 | AB10: =COUNTIFS('Odoo Items'!$J$5:$J$4331,A10,'Odoo Items'!$C$5:$C$4331,"<="&Cover!$C$15) -> 0 | AC10: =IF(AND(AA10=0,AB10=0),"",IF(AA10=0,"ODOO-ONLY",IF(AB10=0,"BANK-ONLY","BOTH"))) | AD10: =IF(AC10="BOTH",ROUND(Y10-Z10,2),0) -> 0
A11: G00007 | B11: OPS | C11: R01 | D11: DUPIMP | G11: Duplicate of a line in import OPS-20260814 | H11: =COUNTIFS('Bank Lines'!$G$5:$G$1640,A11,'Bank Lines'!$J$5:$J$1640,1) -> 0 | I11: =COUNTIFS('Odoo Items'!$J$5:$J$4331,A11) -> 0 | J11: =ROUND(SUMIFS('Bank Lines'!$E$5:$E$1640,'Bank Lines'!$G$5:$G$1640,A11,'Bank Lines'!$J$5:$J$1640,1),2) -> 0 | K11: =ROUND(SUMIFS('Odoo Items'!$G$5:$G$4331,'Odoo Items'!$J$5:$J$4331,A11),2) -> 0 | L11: =ROUND(J11-K11,2) -> 0 | M11: =ROUND(SUMIFS('Bank Lines'!$E$5:$E$1640,'Bank Lines'!$G$5:$G$1640,A11,'Bank Lines'!$J$5:$J$1640,1,'Bank Lines'!$C$5:$C$1640,"<="&Cover!$C$13),2) -> 0 | N11: =ROUND(SUMIFS('Odoo Items'!$G$5:$G$4331,'Odoo Items'!$J$5:$J$4331,A11,'Odoo Items'!$C$5:$C$4331,"<="&Cover!$C$13),2) -> 0 | O11: =COUNTIFS('Bank Lines'!$G$5:$G$1640,A11,'Bank Lines'!$J$5:$J$1640,1,'Bank Lines'!$C$5:$C$1640,"<="&Cover!$C$13) -> 0 | P11: =COUNTIFS('Odoo Items'!$J$5:$J$4331,A11,'Odoo Items'!$C$5:$C$4331,"<="&Cover!$C$13) -> 0 | Q11: =IF(AND(O11=0,P11=0),"",IF(O11=0,"ODOO-ONLY",IF(P11=0,"BANK-ONLY","BOTH"))) | R11: =IF(Q11="BOTH",ROUND(M11-N11,2),0) -> 0 | S11: =ROUND(SUMIFS('Bank Lines'!$E$5:$E$1640,'Bank Lines'!$G$5:$G$1640,A11,'Bank Lines'!$J$5:$J$1640,1,'Bank Lines'!$C$5:$C$1640,"<="&Cover!$C$14),2) -> 0 | T11: =ROUND(SUMIFS('Odoo Items'!$G$5:$G$4331,'Odoo Items'!$J$5:$J$4331,A11,'Odoo Items'!$C$5:$C$4331,"<="&Cover!$C$14),2) -> 0 | U11: =COUNTIFS('Bank Lines'!$G$5:$G$1640,A11,'Bank Lines'!$J$5:$J$1640,1,'Bank Lines'!$C$5:$C$1640,"<="&Cover!$C$14) -> 0 | V11: =COUNTIFS('Odoo Items'!$J$5:$J$4331,A11,'Odoo Items'!$C$5:$C$4331,"<="&Cover!$C$14) -> 0 | W11: =IF(AND(U11=0,V11=0),"",IF(U11=0,"ODOO-ONLY",IF(V11=0,"BANK-ONLY","BOTH"))) | X11: =IF(W11="BOTH",ROUND(S11-T11,2),0) -> 0 | Y11: =ROUND(SUMIFS('Bank Lines'!$E$5:$E$1640,'Bank Lines'!$G$5:$G$1640,A11,'Bank Lines'!$J$5:$J$1640,1,'Bank Lines'!$C$5:$C$1640,"<="&Cover!$C$15),2) -> 0 | Z11: =ROUND(SUMIFS('Odoo Items'!$G$5:$G$4331,'Odoo Items'!$J$5:$J$4331,A11,'Odoo Items'!$C$5:$C$4331,"<="&Cover!$C$15),2) -> 0 | AA11: =COUNTIFS('Bank Lines'!$G$5:$G$1640,A11,'Bank Lines'!$J$5:$J$1640,1,'Bank Lines'!$C$5:$C$1640,"<="&Cover!$C$15) -> 0 | AB11: =COUNTIFS('Odoo Items'!$J$5:$J$4331,A11,'Odoo Items'!$C$5:$C$4331,"<="&Cover!$C$15) -> 0 | AC11: =IF(AND(AA11=0,AB11=0),"",IF(AA11=0,"ODOO-ONLY",IF(AB11=0,"BANK-ONLY","BOTH"))) | AD11: =IF(AC11="BOTH",ROUND(Y11-Z11,2),0) -> 0
A12: G00008 | B12: OPS | C12: R01 | D12: DUPIMP | G12: Duplicate of a line in import OPS-20260814 | H12: =COUNTIFS('Bank Lines'!$G$5:$G$1640,A12,'Bank Lines'!$J$5:$J$1640,1) -> 0 | I12: =COUNTIFS('Odoo Items'!$J$5:$J$4331,A12) -> 0 | J12: =ROUND(SUMIFS('Bank Lines'!$E$5:$E$1640,'Bank Lines'!$G$5:$G$1640,A12,'Bank Lines'!$J$5:$J$1640,1),2) -> 0 | K12: =ROUND(SUMIFS('Odoo Items'!$G$5:$G$4331,'Odoo Items'!$J$5:$J$4331,A12),2) -> 0 | L12: =ROUND(J12-K12,2) -> 0 | M12: =ROUND(SUMIFS('Bank Lines'!$E$5:$E$1640,'Bank Lines'!$G$5:$G$1640,A12,'Bank Lines'!$J$5:$J$1640,1,'Bank Lines'!$C$5:$C$1640,"<="&Cover!$C$13),2) -> 0 | N12: =ROUND(SUMIFS('Odoo Items'!$G$5:$G$4331,'Odoo Items'!$J$5:$J$4331,A12,'Odoo Items'!$C$5:$C$4331,"<="&Cover!$C$13),2) -> 0 | O12: =COUNTIFS('Bank Lines'!$G$5:$G$1640,A12,'Bank Lines'!$J$5:$J$1640,1,'Bank Lines'!$C$5:$C$1640,"<="&Cover!$C$13) -> 0 | P12: =COUNTIFS('Odoo Items'!$J$5:$J$4331,A12,'Odoo Items'!$C$5:$C$4331,"<="&Cover!$C$13) -> 0 | Q12: =IF(AND(O12=0,P12=0),"",IF(O12=0,"ODOO-ONLY",IF(P12=0,"BANK-ONLY","BOTH"))) | R12: =IF(Q12="BOTH",ROUND(M12-N12,2),0) -> 0 | S12: =ROUND(SUMIFS('Bank Lines'!$E$5:$E$1640,'Bank Lines'!$G$5:$G$1640,A12,'Bank Lines'!$J$5:$J$1640,1,'Bank Lines'!$C$5:$C$1640,"<="&Cover!$C$14),2) -> 0 | T12: =ROUND(SUMIFS('Odoo Items'!$G$5:$G$4331,'Odoo Items'!$J$5:$J$4331,A12,'Odoo Items'!$C$5:$C$4331,"<="&Cover!$C$14),2) -> 0 | U12: =COUNTIFS('Bank Lines'!$G$5:$G$1640,A12,'Bank Lines'!$J$5:$J$1640,1,'Bank Lines'!$C$5:$C$1640,"<="&Cover!$C$14) -> 0 | V12: =COUNTIFS('Odoo Items'!$J$5:$J$4331,A12,'Odoo Items'!$C$5:$C$4331,"<="&Cover!$C$14) -> 0 | W12: =IF(AND(U12=0,V12=0),"",IF(U12=0,"ODOO-ONLY",IF(V12=0,"BANK-ONLY","BOTH"))) | X12: =IF(W12="BOTH",ROUND(S12-T12,2),0) -> 0 | Y12: =ROUND(SUMIFS('Bank Lines'!$E$5:$E$1640,'Bank Lines'!$G$5:$G$1640,A12,'Bank Lines'!$J$5:$J$1640,1,'Bank Lines'!$C$5:$C$1640,"<="&Cover!$C$15),2) -> 0 | Z12: =ROUND(SUMIFS('Odoo Items'!$G$5:$G$4331,'Odoo Items'!$J$5:$J$4331,A12,'Odoo Items'!$C$5:$C$4331,"<="&Cover!$C$15),2) -> 0 | AA12: =COUNTIFS('Bank Lines'!$G$5:$G$1640,A12,'Bank Lines'!$J$5:$J$1640,1,'Bank Lines'!$C$5:$C$1640,"<="&Cover!$C$15) -> 0 | AB12: =COUNTIFS('Odoo Items'!$J$5:$J$4331,A12,'Odoo Items'!$C$5:$C$4331,"<="&Cover!$C$15) -> 0 | AC12: =IF(AND(AA12=0,AB12=0),"",IF(AA12=0,"ODOO-ONLY",IF(AB12=0,"BANK-ONLY","BOTH"))) | AD12: =IF(AC12="BOTH",ROUND(Y12-Z12,2),0) -> 0
A13: G00009 | B13: OPS | C13: R01 | D13: DUPIMP | G13: Duplicate of a line in import OPS-20260814 | H13: =COUNTIFS('Bank Lines'!$G$5:$G$1640,A13,'Bank Lines'!$J$5:$J$1640,1) -> 0 | I13: =COUNTIFS('Odoo Items'!$J$5:$J$4331,A13) -> 0 | J13: =ROUND(SUMIFS('Bank Lines'!$E$5:$E$1640,'Bank Lines'!$G$5:$G$1640,A13,'Bank Lines'!$J$5:$J$1640,1),2) -> 0 | K13: =ROUND(SUMIFS('Odoo Items'!$G$5:$G$4331,'Odoo Items'!$J$5:$J$4331,A13),2) -> 0 | L13: =ROUND(J13-K13,2) -> 0 | M13: =ROUND(SUMIFS('Bank Lines'!$E$5:$E$1640,'Bank Lines'!$G$5:$G$1640,A13,'Bank Lines'!$J$5:$J$1640,1,'Bank Lines'!$C$5:$C$1640,"<="&Cover!$C$13),2) -> 0 | N13: =ROUND(SUMIFS('Odoo Items'!$G$5:$G$4331,'Odoo Items'!$J$5:$J$4331,A13,'Odoo Items'!$C$5:$C$4331,"<="&Cover!$C$13),2) -> 0 | O13: =COUNTIFS('Bank Lines'!$G$5:$G$1640,A13,'Bank Lines'!$J$5:$J$1640,1,'Bank Lines'!$C$5:$C$1640,"<="&Cover!$C$13) -> 0 | P13: =COUNTIFS('Odoo Items'!$J$5:$J$4331,A13,'Odoo Items'!$C$5:$C$4331,"<="&Cover!$C$13) -> 0 | Q13: =IF(AND(O13=0,P13=0),"",IF(O13=0,"ODOO-ONLY",IF(P13=0,"BANK-ONLY","BOTH"))) | R13: =IF(Q13="BOTH",ROUND(M13-N13,2),0) -> 0 | S13: =ROUND(SUMIFS('Bank Lines'!$E$5:$E$1640,'Bank Lines'!$G$5:$G$1640,A13,'Bank Lines'!$J$5:$J$1640,1,'Bank Lines'!$C$5:$C$1640,"<="&Cover!$C$14),2) -> 0 | T13: =ROUND(SUMIFS('Odoo Items'!$G$5:$G$4331,'Odoo Items'!$J$5:$J$4331,A13,'Odoo Items'!$C$5:$C$4331,"<="&Cover!$C$14),2) -> 0 | U13: =COUNTIFS('Bank Lines'!$G$5:$G$1640,A13,'Bank Lines'!$J$5:$J$1640,1,'Bank Lines'!$C$5:$C$1640,"<="&Cover!$C$14) -> 0 | V13: =COUNTIFS('Odoo Items'!$J$5:$J$4331,A13,'Odoo Items'!$C$5:$C$4331,"<="&Cover!$C$14) -> 0 | W13: =IF(AND(U13=0,V13=0),"",IF(U13=0,"ODOO-ONLY",IF(V13=0,"BANK-ONLY","BOTH"))) | X13: =IF(W13="BOTH",ROUND(S13-T13,2),0) -> 0 | Y13: =ROUND(SUMIFS('Bank Lines'!$E$5:$E$1640,'Bank Lines'!$G$5:$G$1640,A13,'Bank Lines'!$J$5:$J$1640,1,'Bank Lines'!$C$5:$C$1640,"<="&Cover!$C$15),2) -> 0 | Z13: =ROUND(SUMIFS('Odoo Items'!$G$5:$G$4331,'Odoo Items'!$J$5:$J$4331,A13,'Odoo Items'!$C$5:$C$4331,"<="&Cover!$C$15),2) -> 0 | AA13: =COUNTIFS('Bank Lines'!$G$5:$G$1640,A13,'Bank Lines'!$J$5:$J$1640,1,'Bank Lines'!$C$5:$C$1640,"<="&Cover!$C$15) -> 0 | AB13: =COUNTIFS('Odoo Items'!$J$5:$J$4331,A13,'Odoo Items'!$C$5:$C$4331,"<="&Cover!$C$15) -> 0 | AC13: =IF(AND(AA13=0,AB13=0),"",IF(AA13=0,"ODOO-ONLY",IF(AB13=0,"BANK-ONLY","BOTH"))) | AD13: =IF(AC13="BOTH",ROUND(Y13-Z13,2),0) -> 0
A14: G00010 | B14: OPS | C14: R01 | D14: DUPIMP | G14: Duplicate of a line in import OPS-20260814 | H14: =COUNTIFS('Bank Lines'!$G$5:$G$1640,A14,'Bank Lines'!$J$5:$J$1640,1) -> 0 | I14: =COUNTIFS('Odoo Items'!$J$5:$J$4331,A14) -> 0 | J14: =ROUND(SUMIFS('Bank Lines'!$E$5:$E$1640,'Bank Lines'!$G$5:$G$1640,A14,'Bank Lines'!$J$5:$J$1640,1),2) -> 0 | K14: =ROUND(SUMIFS('Odoo Items'!$G$5:$G$4331,'Odoo Items'!$J$5:$J$4331,A14),2) -> 0 | L14: =ROUND(J14-K14,2) -> 0 | M14: =ROUND(SUMIFS('Bank Lines'!$E$5:$E$1640,'Bank Lines'!$G$5:$G$1640,A14,'Bank Lines'!$J$5:$J$1640,1,'Bank Lines'!$C$5:$C$1640,"<="&Cover!$C$13),2) -> 0 | N14: =ROUND(SUMIFS('Odoo Items'!$G$5:$G$4331,'Odoo Items'!$J$5:$J$4331,A14,'Odoo Items'!$C$5:$C$4331,"<="&Cover!$C$13),2) -> 0 | O14: =COUNTIFS('Bank Lines'!$G$5:$G$1640,A14,'Bank Lines'!$J$5:$J$1640,1,'Bank Lines'!$C$5:$C$1640,"<="&Cover!$C$13) -> 0 | P14: =COUNTIFS('Odoo Items'!$J$5:$J$4331,A14,'Odoo Items'!$C$5:$C$4331,"<="&Cover!$C$13) -> 0 | Q14: =IF(AND(O14=0,P14=0),"",IF(O14=0,"ODOO-ONLY",IF(P14=0,"BANK-ONLY","BOTH"))) | R14: =IF(Q14="BOTH",ROUND(M14-N14,2),0) -> 0 | S14: =ROUND(SUMIFS('Bank Lines'!$E$5:$E$1640,'Bank Lines'!$G$5:$G$1640,A14,'Bank Lines'!$J$5:$J$1640,1,'Bank Lines'!$C$5:$C$1640,"<="&Cover!$C$14),2) -> 0 | T14: =ROUND(SUMIFS('Odoo Items'!$G$5:$G$4331,'Odoo Items'!$J$5:$J$4331,A14,'Odoo Items'!$C$5:$C$4331,"<="&Cover!$C$14),2) -> 0 | U14: =COUNTIFS('Bank Lines'!$G$5:$G$1640,A14,'Bank Lines'!$J$5:$J$1640,1,'Bank Lines'!$C$5:$C$1640,"<="&Cover!$C$14) -> 0 | V14: =COUNTIFS('Odoo Items'!$J$5:$J$4331,A14,'Odoo Items'!$C$5:$C$4331,"<="&Cover!$C$14) -> 0 | W14: =IF(AND(U14=0,V14=0),"",IF(U14=0,"ODOO-ONLY",IF(V14=0,"BANK-ONLY","BOTH"))) | X14: =IF(W14="BOTH",ROUND(S14-T14,2),0) -> 0 | Y14: =ROUND(SUMIFS('Bank Lines'!$E$5:$E$1640,'Bank Lines'!$G$5:$G$1640,A14,'Bank Lines'!$J$5:$J$1640,1,'Bank Lines'!$C$5:$C$1640,"<="&Cover!$C$15),2) -> 0 | Z14: =ROUND(SUMIFS('Odoo Items'!$G$5:$G$4331,'Odoo Items'!$J$5:$J$4331,A14,'Odoo Items'!$C$5:$C$4331,"<="&Cover!$C$15),2) -> 0 | AA14: =COUNTIFS('Bank Lines'!$G$5:$G$1640,A14,'Bank Lines'!$J$5:$J$1640,1,'Bank Lines'!$C$5:$C$1640,"<="&Cover!$C$15) -> 0 | AB14: =COUNTIFS('Odoo Items'!$J$5:$J$4331,A14,'Odoo Items'!$C$5:$C$4331,"<="&Cover!$C$15) -> 0 | AC14: =IF(AND(AA14=0,AB14=0),"",IF(AA14=0,"ODOO-ONLY",IF(AB14=0,"BANK-ONLY","BOTH"))) | AD14: =IF(AC14="BOTH",ROUND(Y14-Z14,2),0) -> 0
A15: G00011 | B15: OPS | C15: R01 | D15: DUPIMP | G15: Duplicate of a line in import OPS-20260814 | H15: =COUNTIFS('Bank Lines'!$G$5:$G$1640,A15,'Bank Lines'!$J$5:$J$1640,1) -> 0 | I15: =COUNTIFS('Odoo Items'!$J$5:$J$4331,A15) -> 0 | J15: =ROUND(SUMIFS('Bank Lines'!$E$5:$E$1640,'Bank Lines'!$G$5:$G$1640,A15,'Bank Lines'!$J$5:$J$1640,1),2) -> 0 | K15: =ROUND(SUMIFS('Odoo Items'!$G$5:$G$4331,'Odoo Items'!$J$5:$J$4331,A15),2) -> 0 | L15: =ROUND(J15-K15,2) -> 0 | M15: =ROUND(SUMIFS('Bank Lines'!$E$5:$E$1640,'Bank Lines'!$G$5:$G$1640,A15,'Bank Lines'!$J$5:$J$1640,1,'Bank Lines'!$C$5:$C$1640,"<="&Cover!$C$13),2) -> 0 | N15: =ROUND(SUMIFS('Odoo Items'!$G$5:$G$4331,'Odoo Items'!$J$5:$J$4331,A15,'Odoo Items'!$C$5:$C$4331,"<="&Cover!$C$13),2) -> 0 | O15: =COUNTIFS('Bank Lines'!$G$5:$G$1640,A15,'Bank Lines'!$J$5:$J$1640,1,'Bank Lines'!$C$5:$C$1640,"<="&Cover!$C$13) -> 0 | P15: =COUNTIFS('Odoo Items'!$J$5:$J$4331,A15,'Odoo Items'!$C$5:$C$4331,"<="&Cover!$C$13) -> 0 | Q15: =IF(AND(O15=0,P15=0),"",IF(O15=0,"ODOO-ONLY",IF(P15=0,"BANK-ONLY","BOTH"))) | R15: =IF(Q15="BOTH",ROUND(M15-N15,2),0) -> 0 | S15: =ROUND(SUMIFS('Bank Lines'!$E$5:$E$1640,'Bank Lines'!$G$5:$G$1640,A15,'Bank Lines'!$J$5:$J$1640,1,'Bank Lines'!$C$5:$C$1640,"<="&Cover!$C$14),2) -> 0 | T15: =ROUND(SUMIFS('Odoo Items'!$G$5:$G$4331,'Odoo Items'!$J$5:$J$4331,A15,'Odoo Items'!$C$5:$C$4331,"<="&Cover!$C$14),2) -> 0 | U15: =COUNTIFS('Bank Lines'!$G$5:$G$1640,A15,'Bank Lines'!$J$5:$J$1640,1,'Bank Lines'!$C$5:$C$1640,"<="&Cover!$C$14) -> 0 | V15: =COUNTIFS('Odoo Items'!$J$5:$J$4331,A15,'Odoo Items'!$C$5:$C$4331,"<="&Cover!$C$14) -> 0 | W15: =IF(AND(U15=0,V15=0),"",IF(U15=0,"ODOO-ONLY",IF(V15=0,"BANK-ONLY","BOTH"))) | X15: =IF(W15="BOTH",ROUND(S15-T15,2),0) -> 0 | Y15: =ROUND(SUMIFS('Bank Lines'!$E$5:$E$1640,'Bank Lines'!$G$5:$G$1640,A15,'Bank Lines'!$J$5:$J$1640,1,'Bank Lines'!$C$5:$C$1640,"<="&Cover!$C$15),2) -> 0 | Z15: =ROUND(SUMIFS('Odoo Items'!$G$5:$G$4331,'Odoo Items'!$J$5:$J$4331,A15,'Odoo Items'!$C$5:$C$4331,"<="&Cover!$C$15),2) -> 0 | AA15: =COUNTIFS('Bank Lines'!$G$5:$G$1640,A15,'Bank Lines'!$J$5:$J$1640,1,'Bank Lines'!$C$5:$C$1640,"<="&Cover!$C$15) -> 0 | AB15: =COUNTIFS('Odoo Items'!$J$5:$J$4331,A15,'Odoo Items'!$C$5:$C$4331,"<="&Cover!$C$15) -> 0 | AC15: =IF(AND(AA15=0,AB15=0),"",IF(AA15=0,"ODOO-ONLY",IF(AB15=0,"BANK-ONLY","BOTH"))) | AD15: =IF(AC15="BOTH",ROUND(Y15-Z15,2),0) -> 0
A16: G00012 | B16: OPS | C16: R01 | D16: DUPIMP | G16: Duplicate of a line in import OPS-20260814 | H16: =COUNTIFS('Bank Lines'!$G$5:$G$1640,A16,'Bank Lines'!$J$5:$J$1640,1) -> 0 | I16: =COUNTIFS('Odoo Items'!$J$5:$J$4331,A16) -> 0 | J16: =ROUND(SUMIFS('Bank Lines'!$E$5:$E$1640,'Bank Lines'!$G$5:$G$1640,A16,'Bank Lines'!$J$5:$J$1640,1),2) -> 0 | K16: =ROUND(SUMIFS('Odoo Items'!$G$5:$G$4331,'Odoo Items'!$J$5:$J$4331,A16),2) -> 0 | L16: =ROUND(J16-K16,2) -> 0 | M16: =ROUND(SUMIFS('Bank Lines'!$E$5:$E$1640,'Bank Lines'!$G$5:$G$1640,A16,'Bank Lines'!$J$5:$J$1640,1,'Bank Lines'!$C$5:$C$1640,"<="&Cover!$C$13),2) -> 0 | N16: =ROUND(SUMIFS('Odoo Items'!$G$5:$G$4331,'Odoo Items'!$J$5:$J$4331,A16,'Odoo Items'!$C$5:$C$4331,"<="&Cover!$C$13),2) -> 0 | O16: =COUNTIFS('Bank Lines'!$G$5:$G$1640,A16,'Bank Lines'!$J$5:$J$1640,1,'Bank Lines'!$C$5:$C$1640,"<="&Cover!$C$13) -> 0 | P16: =COUNTIFS('Odoo Items'!$J$5:$J$4331,A16,'Odoo Items'!$C$5:$C$4331,"<="&Cover!$C$13) -> 0 | Q16: =IF(AND(O16=0,P16=0),"",IF(O16=0,"ODOO-ONLY",IF(P16=0,"BANK-ONLY","BOTH"))) | R16: =IF(Q16="BOTH",ROUND(M16-N16,2),0) -> 0 | S16: =ROUND(SUMIFS('Bank Lines'!$E$5:$E$1640,'Bank Lines'!$G$5:$G$1640,A16,'Bank Lines'!$J$5:$J$1640,1,'Bank Lines'!$C$5:$C$1640,"<="&Cover!$C$14),2) -> 0 | T16: =ROUND(SUMIFS('Odoo Items'!$G$5:$G$4331,'Odoo Items'!$J$5:$J$4331,A16,'Odoo Items'!$C$5:$C$4331,"<="&Cover!$C$14),2) -> 0 | U16: =COUNTIFS('Bank Lines'!$G$5:$G$1640,A16,'Bank Lines'!$J$5:$J$1640,1,'Bank Lines'!$C$5:$C$1640,"<="&Cover!$C$14) -> 0 | V16: =COUNTIFS('Odoo Items'!$J$5:$J$4331,A16,'Odoo Items'!$C$5:$C$4331,"<="&Cover!$C$14) -> 0 | W16: =IF(AND(U16=0,V16=0),"",IF(U16=0,"ODOO-ONLY",IF(V16=0,"BANK-ONLY","BOTH"))) | X16: =IF(W16="BOTH",ROUND(S16-T16,2),0) -> 0 | Y16: =ROUND(SUMIFS('Bank Lines'!$E$5:$E$1640,'Bank Lines'!$G$5:$G$1640,A16,'Bank Lines'!$J$5:$J$1640,1,'Bank Lines'!$C$5:$C$1640,"<="&Cover!$C$15),2) -> 0 | Z16: =ROUND(SUMIFS('Odoo Items'!$G$5:$G$4331,'Odoo Items'!$J$5:$J$4331,A16,'Odoo Items'!$C$5:$C$4331,"<="&Cover!$C$15),2) -> 0 | AA16: =COUNTIFS('Bank Lines'!$G$5:$G$1640,A16,'Bank Lines'!$J$5:$J$1640,1,'Bank Lines'!$C$5:$C$1640,"<="&Cover!$C$15) -> 0 | AB16: =COUNTIFS('Odoo Items'!$J$5:$J$4331,A16,'Odoo Items'!$C$5:$C$4331,"<="&Cover!$C$15) -> 0 | AC16: =IF(AND(AA16=0,AB16=0),"",IF(AA16=0,"ODOO-ONLY",IF(AB16=0,"BANK-ONLY","BOTH"))) | AD16: =IF(AC16="BOTH",ROUND(Y16-Z16,2),0) -> 0
... A83: G00079 | B83: OPS | C83: R02 | D83: STRIPE-FEE | G83: 27 report lines; fees 70.51 | H83: =COUNTIFS('Bank Lines'!$G$5:$G$1640,A83,'Bank Lines'!$J$5:$J$1640,1) -> 1 | I83: =COUNTIFS('Odoo Items'!$J$5:$J$4331,A83) -> 27 | J83: =ROUND(SUMIFS('Bank Lines'!$E$5:$E$1640,'Bank Lines'!$G$5:$G$1640,A83,'Bank Lines'!$J$5:$J$1640,1),2) -> 3494.49 | K83: =ROUND(SUMIFS('Odoo Items'!$G$5:$G$4331,'Odoo Items'!$J$5:$J$4331,A83),2) -> 3565 | L83: =ROUND(J83-K83,2) -> -70.51 | M83: =ROUND(SUMIFS('Bank Lines'!$E$5:$E$1640,'Bank Lines'!$G$5:$G$1640,A83,'Bank Lines'!$J$5:$J$1640,1,'Bank Lines'!$C$5:$C$1640,"<="&Cover!$C$13),2) -> 0 | N83: =ROUND(SUMIFS('Odoo Items'!$G$5:$G$4331,'Odoo Items'!$J$5:$J$4331,A83,'Odoo Items'!$C$5:$C$4331,"<="&Cover!$C$13),2) -> 0 | O83: =COUNTIFS('Bank Lines'!$G$5:$G$1640,A83,'Bank Lines'!$J$5:$J$1640,1,'Bank Lines'!$C$5:$C$1640,"<="&Cover!$C$13) -> 0 | P83: =COUNTIFS('Odoo Items'!$J$5:$J$4331,A83,'Odoo Items'!$C$5:$C$4331,"<="&Cover!$C$13) -> 0 | Q83: =IF(AND(O83=0,P83=0),"",IF(O83=0,"ODOO-ONLY",IF(P83=0,"BANK-ONLY","BOTH"))) | R83: =IF(Q83="BOTH",ROUND(M83-N83,2),0) -> 0 | S83: =ROUND(SUMIFS('Bank Lines'!$E$5:$E$1640,'Bank Lines'!$G$5:$G$1640,A83,'Bank Lines'!$J$5:$J$1640,1,'Bank Lines'!$C$5:$C$1640,"<="&Cover!$C$14),2) -> 0 | T83: =ROUND(SUMIFS('Odoo Items'!$G$5:$G$4331,'Odoo Items'!$J$5:$J$4331,A83,'Odoo Items'!$C$5:$C$4331,"<="&Cover!$C$14),2) -> 0 | U83: =COUNTIFS('Bank Lines'!$G$5:$G$1640,A83,'Bank Lines'!$J$5:$J$1640,1,'Bank Lines'!$C$5:$C$1640,"<="&Cover!$C$14) -> 0 | V83: =COUNTIFS('Odoo Items'!$J$5:$J$4331,A83,'Odoo Items'!$C$5:$C$4331,"<="&Cover!$C$14) -> 0 | W83: =IF(AND(U83=0,V83=0),"",IF(U83=0,"ODOO-ONLY",IF(V83=0,"BANK-ONLY","BOTH"))) | X83: =IF(W83="BOTH",ROUND(S83-T83,2),0) -> 0 | Y83: =ROUND(SUMIFS('Bank Lines'!$E$5:$E$1640,'Bank Lines'!$G$5:$G$1640,A83,'Bank Lines'!$J$5:$J$1640,1,'Bank Lines'!$C$5:$C$1640,"<="&Cover!$C$15),2) -> 3494.49 | Z83: =ROUND(SUMIFS('Odoo Items'!$G$5:$G$4331,'Odoo Items'!$J$5:$J$4331,A83,'Odoo Items'!$C$5:$C$4331,"<="&Cover!$C$15),2) -> 3565 | AA83: =COUNTIFS('Bank Lines'!$G$5:$G$1640,A83,'Bank Lines'!$J$5:$J$1640,1,'Bank Lines'!$C$5:$C$1640,"<="&Cover!$C$15) -> 1 | AB83: =COUNTIFS('Odoo Items'!$J$5:$J$4331,A83,'Odoo Items'!$C$5:$C$4331,"<="&Cover!$C$15) -> 27 | AC83: =IF(AND(AA83=0,AB83=0),"",IF(AA83=0,"ODOO-ONLY",IF(AB83=0,"BANK-ONLY","BOTH"))) -> BOTH | AD83: =IF(AC83="BOTH",ROUND(Y83-Z83,2),0) -> -70.51
A84: G00080 | B84: OPS | C84: R03 | D84: SHORT | E84: Riverbend Plan Partners | F84: 1 | G84: Registered at invoice value; remittance shows short payment on INV/2026/01426 | H84: =COUNTIFS('Bank Lines'!$G$5:$G$1640,A84,'Bank Lines'!$J$5:$J$1640,1) -> 1 | I84: =COUNTIFS('Odoo Items'!$J$5:$J$4331,A84) -> 4 | J84: =ROUND(SUMIFS('Bank Lines'!$E$5:$E$1640,'Bank Lines'!$G$5:$G$1640,A84,'Bank Lines'!$J$5:$J$1640,1),2) -> 1140.59 | K84: =ROUND(SUMIFS('Odoo Items'!$G$5:$G$4331,'Odoo Items'!$J$5:$J$4331,A84),2) -> 1155.14 | L84: =ROUND(J84-K84,2) -> -14.55 | M84: =ROUND(SUMIFS('Bank Lines'!$E$5:$E$1640,'Bank Lines'!$G$5:$G$1640,A84,'Bank Lines'!$J$5:$J$1640,1,'Bank Lines'!$C$5:$C$1640,"<="&Cover!$C$13),2) -> 1140.59 | N84: =ROUND(SUMIFS('Odoo Items'!$G$5:$G$4331,'Odoo Items'!$J$5:$J$4331,A84,'Odoo Items'!$C$5:$C$4331,"<="&Cover!$C$13),2) -> 1155.14 | O84: =COUNTIFS('Bank Lines'!$G$5:$G$1640,A84,'Bank Lines'!$J$5:$J$1640,1,'Bank Lines'!$C$5:$C$1640,"<="&Cover!$C$13) -> 1 | P84: =COUNTIFS('Odoo Items'!$J$5:$J$4331,A84,'Odoo Items'!$C$5:$C$4331,"<="&Cover!$C$13) -> 4 | Q84: =IF(AND(O84=0,P84=0),"",IF(O84=0,"ODOO-ONLY",IF(P84=0,"BANK-ONLY","BOTH"))) -> BOTH | R84: =IF(Q84="BOTH",ROUND(M84-N84,2),0) -> -14.55 | S84: =ROUND(SUMIFS('Bank Lines'!$E$5:$E$1640,'Bank Lines'!$G$5:$G$1640,A84,'Bank Lines'!$J$5:$J$1640,1,'Bank Lines'!$C$5:$C$1640,"<="&Cover!$C$14),2) -> 1140.59 | T84: =ROUND(SUMIFS('Odoo Items'!$G$5:$G$4331,'Odoo Items'!$J$5:$J$4331,A84,'Odoo Items'!$C$5:$C$4331,"<="&Cover!$C$14),2) -> 1155.14 | U84: =COUNTIFS('Bank Lines'!$G$5:$G$1640,A84,'Bank Lines'!$J$5:$J$1640,1,'Bank Lines'!$C$5:$C$1640,"<="&Cover!$C$14) -> 1 | V84: =COUNTIFS('Odoo Items'!$J$5:$J$4331,A84,'Odoo Items'!$C$5:$C$4331,"<="&Cover!$C$14) -> 4 | W84: =IF(AND(U84=0,V84=0),"",IF(U84=0,"ODOO-ONLY",IF(V84=0,"BANK-ONLY","BOTH"))) -> BOTH | X84: =IF(W84="BOTH",ROUND(S84-T84,2),0) -> -14.55 | Y84: =ROUND(SUMIFS('Bank Lines'!$E$5:$E$1640,'Bank Lines'!$G$5:$G$1640,A84,'Bank Lines'!$J$5:$J$1640,1,'Bank Lines'!$C$5:$C$1640,"<="&Cover!$C$15),2) -> 1140.59 | Z84: =ROUND(SUMIFS('Odoo Items'!$G$5:$G$4331,'Odoo Items'!$J$5:$J$4331,A84,'Odoo Items'!$C$5:$C$4331,"<="&Cover!$C$15),2) -> 1155.14 | AA84: =COUNTIFS('Bank Lines'!$G$5:$G$1640,A84,'Bank Lines'!$J$5:$J$1640,1,'Bank Lines'!$C$5:$C$1640,"<="&Cover!$C$15) -> 1 | AB84: =COUNTIFS('Odoo Items'!$J$5:$J$4331,A84,'Odoo Items'!$C$5:$C$4331,"<="&Cover!$C$15) -> 4 | AC84: =IF(AND(AA84=0,AB84=0),"",IF(AA84=0,"ODOO-ONLY",IF(AB84=0,"BANK-ONLY","BOTH"))) -> BOTH | AD84: =IF(AC84="BOTH",ROUND(Y84-Z84,2),0) -> -14.55
A85: G00081 | B85: OPS | C85: R03 | D85: MATCH | E85: Banksia Plan Co | F85: 1 | G85: 6 invoices | H85: =COUNTIFS('Bank Lines'!$G$5:$G$1640,A85,'Bank Lines'!$J$5:$J$1640,1) -> 1 | I85: =COUNTIFS('Odoo Items'!$J$5:$J$4331,A85) -> 6 | J85: =ROUND(SUMIFS('Bank Lines'!$E$5:$E$1640,'Bank Lines'!$G$5:$G$1640,A85,'Bank Lines'!$J$5:$J$1640,1),2) -> 1445.23 | K85: =ROUND(SUMIFS('Odoo Items'!$G$5:$G$4331,'Odoo Items'!$J$5:$J$4331,A85),2) -> 1445.23 | L85: =ROUND(J85-K85,2) -> 0 | M85: =ROUND(SUMIFS('Bank Lines'!$E$5:$E$1640,'Bank Lines'!$G$5:$G$1640,A85,'Bank Lines'!$J$5:$J$1640,1,'Bank Lines'!$C$5:$C$1640,"<="&Cover!$C$13),2) -> 1445.23 | N85: =ROUND(SUMIFS('Odoo Items'!$G$5:$G$4331,'Odoo Items'!$J$5:$J$4331,A85,'Odoo Items'!$C$5:$C$4331,"<="&Cover!$C$13),2) -> 1445.23 | O85: =COUNTIFS('Bank Lines'!$G$5:$G$1640,A85,'Bank Lines'!$J$5:$J$1640,1,'Bank Lines'!$C$5:$C$1640,"<="&Cover!$C$13) -> 1 | P85: =COUNTIFS('Odoo Items'!$J$5:$J$4331,A85,'Odoo Items'!$C$5:$C$4331,"<="&Cover!$C$13) -> 6 | Q85: =IF(AND(O85=0,P85=0),"",IF(O85=0,"ODOO-ONLY",IF(P85=0,"BANK-ONLY","BOTH"))) -> BOTH | R85: =IF(Q85="BOTH",ROUND(M85-N85,2),0) -> 0 | S85: =ROUND(SUMIFS('Bank Lines'!$E$5:$E$1640,'Bank Lines'!$G$5:$G$1640,A85,'Bank Lines'!$J$5:$J$1640,1,'Bank Lines'!$C$5:$C$1640,"<="&Cover!$C$14),2) -> 1445.23 | T85: =ROUND(SUMIFS('Odoo Items'!$G$5:$G$4331,'Odoo Items'!$J$5:$J$4331,A85,'Odoo Items'!$C$5:$C$4331,"<="&Cover!$C$14),2) -> 1445.23 | U85: =COUNTIFS('Bank Lines'!$G$5:$G$1640,A85,'Bank Lines'!$J$5:$J$1640,1,'Bank Lines'!$C$5:$C$1640,"<="&Cover!$C$14) -> 1 | V85: =COUNTIFS('Odoo Items'!$J$5:$J$4331,A85,'Odoo Items'!$C$5:$C$4331,"<="&Cover!$C$14) -> 6 | W85: =IF(AND(U85=0,V85=0),"",IF(U85=0,"ODOO-ONLY",IF(V85=0,"BANK-ONLY","BOTH"))) -> BOTH | X85: =IF(W85="BOTH",ROUND(S85-T85,2),0) -> 0 | Y85: =ROUND(SUMIFS('Bank Lines'!$E$5:$E$1640,'Bank Lines'!$G$5:$G$1640,A85,'Bank Lines'!$J$5:$J$1640,1,'Bank Lines'!$C$5:$C$1640,"<="&Cover!$C$15),2) -> 1445.23 | Z85: =ROUND(SUMIFS('Odoo Items'!$G$5:$G$4331,'Odoo Items'!$J$5:$J$4331,A85,'Odoo Items'!$C$5:$C$4331,"<="&Cover!$C$15),2) -> 1445.23 | AA85: =COUNTIFS('Bank Lines'!$G$5:$G$1640,A85,'Bank Lines'!$J$5:$J$1640,1,'Bank Lines'!$C$5:$C$1640,"<="&Cover!$C$15) -> 1 | AB85: =COUNTIFS('Odoo Items'!$J$5:$J$4331,A85,'Odoo Items'!$C$5:$C$4331,"<="&Cover!$C$15) -> 6 | AC85: =IF(AND(AA85=0,AB85=0),"",IF(AA85=0,"ODOO-ONLY",IF(AB85=0,"BANK-ONLY","BOTH"))) -> BOTH | AD85: =IF(AC85="BOTH",ROUND(Y85-Z85,2),0) -> 0
A86: G00082 | B86: OPS | C86: R03 | D86: MATCH | E86: Ironbark Plan Management | F86: 1 | G86: 12 invoices | H86: =COUNTIFS('Bank Lines'!$G$5:$G$1640,A86,'Bank Lines'!$J$5:$J$1640,1) -> 1 | I86: =COUNTIFS('Odoo Items'!$J$5:$J$4331,A86) -> 12 | J86: =ROUND(SUMIFS('Bank Lines'!$E$5:$E$1640,'Bank Lines'!$G$5:$G$1640,A86,'Bank Lines'!$J$5:$J$1640,1),2) -> 2892.24 | K86: =ROUND(SUMIFS('Odoo Items'!$G$5:$G$4331,'Odoo Items'!$J$5:$J$4331,A86),2) -> 2892.24 | L86: =ROUND(J86-K86,2) -> 0 | M86: =ROUND(SUMIFS('Bank Lines'!$E$5:$E$1640,'Bank Lines'!$G$5:$G$1640,A86,'Bank Lines'!$J$5:$J$1640,1,'Bank Lines'!$C$5:$C$1640,"<="&Cover!$C$13),2) -> 2892.24 | N86: =ROUND(SUMIFS('Odoo Items'!$G$5:$G$4331,'Odoo Items'!$J$5:$J$4331,A86,'Odoo Items'!$C$5:$C$4331,"<="&Cover!$C$13),2) -> 2892.24 | O86: =COUNTIFS('Bank Lines'!$G$5:$G$1640,A86,'Bank Lines'!$J$5:$J$1640,1,'Bank Lines'!$C$5:$C$1640,"<="&Cover!$C$13) -> 1 | P86: =COUNTIFS('Odoo Items'!$J$5:$J$4331,A86,'Odoo Items'!$C$5:$C$4331,"<="&Cover!$C$13) -> 12 | Q86: =IF(AND(O86=0,P86=0),"",IF(O86=0,"ODOO-ONLY",IF(P86=0,"BANK-ONLY","BOTH"))) -> BOTH | R86: =IF(Q86="BOTH",ROUND(M86-N86,2),0) -> 0 | S86: =ROUND(SUMIFS('Bank Lines'!$E$5:$E$1640,'Bank Lines'!$G$5:$G$1640,A86,'Bank Lines'!$J$5:$J$1640,1,'Bank Lines'!$C$5:$C$1640,"<="&Cover!$C$14),2) -> 2892.24 | T86: =ROUND(SUMIFS('Odoo Items'!$G$5:$G$4331,'Odoo Items'!$J$5:$J$4331,A86,'Odoo Items'!$C$5:$C$4331,"<="&Cover!$C$14),2) -> 2892.24 | U86: =COUNTIFS('Bank Lines'!$G$5:$G$1640,A86,'Bank Lines'!$J$5:$J$1640,1,'Bank Lines'!$C$5:$C$1640,"<="&Cover!$C$14) -> 1 | V86: =COUNTIFS('Odoo Items'!$J$5:$J$4331,A86,'Odoo Items'!$C$5:$C$4331,"<="&Cover!$C$14) -> 12 | W86: =IF(AND(U86=0,V86=0),"",IF(U86=0,"ODOO-ONLY",IF(V86=0,"BANK-ONLY","BOTH"))) -> BOTH | X86: =IF(W86="BOTH",ROUND(S86-T86,2),0) -> 0 | Y86: =ROUND(SUMIFS('Bank Lines'!$E$5:$E$1640,'Bank Lines'!$G$5:$G$1640,A86,'Bank Lines'!$J$5:$J$1640,1,'Bank Lines'!$C$5:$C$1640,"<="&Cover!$C$15),2) -> 2892.24 | Z86: =ROUND(SUMIFS('Odoo Items'!$G$5:$G$4331,'Odoo Items'!$J$5:$J$4331,A86,'Odoo Items'!$C$5:$C$4331,"<="&Cover!$C$15),2) -> 2892.24 | AA86: =COUNTIFS('Bank Lines'!$G$5:$G$1640,A86,'Bank Lines'!$J$5:$J$1640,1,'Bank Lines'!$C$5:$C$1640,"<="&Cover!$C$15) -> 1 | AB86: =COUNTIFS('Odoo Items'!$J$5:$J$4331,A86,'Odoo Items'!$C$5:$C$4331,"<="&Cover!$C$15) -> 12 | AC86: =IF(AND(AA86=0,AB86=0),"",IF(AA86=0,"ODOO-ONLY",IF(AB86=0,"BANK-ONLY","BOTH"))) -> BOTH | AD86: =IF(AC86="BOTH",ROUND(Y86-Z86,2),0) -> 0
